Workbook

Sheet Orçamento Sintético
D1: PROPONENTE: FUNDO MUNICIPAL DE SAÚDE DE ITAPIRATINS-TO | E1: Bancos | G1: B.D.I. | I1: Encargos Sociais
D2: OBRA:CONTRATAÇÃO DE EMPRESA PARA AMPLIAÇÃO DA UBS DE ITAPIRATINS - TO | E2: SINAPI - 04/2026 - Tocantins | G2: 25 | I2: Não Desonerado: Horista: 110,74% Mensalista: 68,05%
A3: PLANILHA ORÇAMENTÁRIA | L3: MEDIÇÃO PRÉVIA | N3: MEDIÇÃO PRÉVIA | P3: MEDIÇÃO PRÉVIA | R3: MEDIÇÃO PRÉVIA | T3: MEDIÇÃO PRÉVIA | V3: MEDIÇÃO PRÉVIA
A4: Item | B4: Código | C4: Banco | D4: Descrição | E4: Und | F4: Quant. | G4: Valor Unit | H4: Valor Unit com BDI | I4: Total | J4: Peso (%) | L4: qtde | M4: valor com bdi | N4: qtde | O4: valor com bdi | P4: qtde | Q4: valor com bdi | R4: qtde | S4: valor com bdi | T4: qtde | U4: valor com bdi | V4: qtde | W4: valor com bdi
A5: 1 | D5: AMPLIAÇÃO DA UBS DE ITAPIRATINS | I5: =SUM(I6+I8+I10+I12+I21+I25+I33+I37+I42+I48+I53+I56+I58+I67+I74+I95+I115+I127) -> 119599.47 | J5: 1 | L5: 1ª MEDIÇÃO | N5: 2ª MEDIÇÃO | P5: 3ª MEDIÇÃO | R5: 4ª MEDIÇÃO | T5: 5ª MEDIÇÃO | V5: 6ª MEDIÇÃO
A6: 1.1 | D6: ADMINISTRAÇÃO LOCAL DA OBRA | I6: =SUM(I7) -> 5500 | J6: =I6/I5 -> 0.045986826
A7: 1.1.1 | B7: CPU-01.1 | C7: Próprio | D7: ADMINISTRAÇÃO LOCAL | E7: und | F7: 1 | G7: =110000*0.04 -> 4400 | H7: =G7*1.25 -> 5500 | I7: =F7*H7 -> 5500 | J7: =I7/I5 -> 0.045986826 | L7: 0.14 | M7: =TRUNC(L7*$H7,2) -> 770 | O7: =TRUNC(N7*$H7,2) -> 0 | Q7: =TRUNC(P7*$H7,2) -> 0 | S7: =TRUNC(R7*$H7,2) -> 0 | U7: =TRUNC(T7*$H7,2) -> 0 | W7: =TRUNC(V7*$H7,2) -> 0
A8: 1.2 | D8: SERVIÇOS PRELIMINARES | I8: =SUM(I9:I9) -> 1245.75 | J8: =I8/I5 -> 0.010416016
A9: 1.2.0.1. | B9: 103689 | C9: SINAPI | D9: FORNECIMENTO E INSTALAÇÃO DE PLACA DE OBRA COM CHAPA GALVANIZADA E ESTRUTURA DE MADEIRA. AF_03/2022_PS | E9: m² | F9: =2*1 -> 2 | G9: 498.3 | H9: =G9*1.25 -> 622.875 | I9: =F9*H9 -> 1245.75 | J9: =I9/I5 -> 0.010416016 | L9: 6.48 | M9: =TRUNC(L9*$H9,2) -> 4036.23 | O9: =TRUNC(N9*$H9,2) -> 0 | Q9: =TRUNC(P9*$H9,2) -> 0 | S9: =TRUNC(R9*$H9,2) -> 0 | U9: =TRUNC(T9*$H9,2) -> 0 | W9: =TRUNC(V9*$H9,2) -> 0
A10: 1.3 | D10: FUNDAÇÃO | F10: =X10/Y10*Z10 -> 0 | H10: =G10*1.25 -> 0 | I10: =SUM(I11) -> 2280.775 | J10: =I10/AA10 -> 0.0032322276 | Y10: 25 | Z10: 5 | AA10: 705635.65 | AB10: =50/55 -> 0.90909091
A11: 1.3.0.1. | B11: 101175 | C11: SINAPI | D11: ESTACA BROCA DE CONCRETO, DIÂMETRO DE 30CM, ESCAVAÇÃO MANUAL COM TRADO CONCHA, COM ARMADURA DE ARRANQUE. AF_05/2020 | E11: M | F11: =7*2 -> 14 | G11: 130.33 | H11: =G11*1.25 -> 162.9125 | I11: =F11*H11 -> 2280.775 | J11: =I11/AA11 -> 0.0032322276 | L11: 650 | M11: =TRUNC(L11*$H11,2) -> 105893.12 | O11: =TRUNC(N11*$H11,2) -> 0 | Q11: =TRUNC(P11*$H11,2) -> 0 | S11: =TRUNC(R11*$H11,2) -> 0 | U11: =TRUNC(T11*$H11,2) -> 0 | W11: =TRUNC(V11*$H11,2) -> 0 | X11: 650 | Y11: 25 | Z11: 5 | AA11: 705635.65 | AB11: =50/55 -> 0.90909091
A12: 1.4 | D12: BALDRAMES | F12: =X12/Y12*Z12 -> 0 | H12: =G12*1.25 -> 0 | I12: =SUM(I13:I20) -> 7660.9721 | J12: =I12/AA12 -> 0.010856838 | Y12: 25 | Z12: 5 | AA12: 705635.65 | AB12: =50/55 -> 0.90909091
A13: 1.4.0.1. | B13: 96527 | C13: SINAPI | D13: ESCAVAÇÃO MANUAL PARA VIGA BALDRAME OU SAPATA CORRIDA (INCLUINDO ESCAVAÇÃO PARA COLOCAÇÃO DE FÔRMAS). AF_01/2024 | E13: m³ | F13: =8.65+4.54*2*0.3*0.25 -> 9.331 | G13: 111.12 | H13: =G13*1.25 -> 138.9 | I13: =F13*H13 -> 1296.0759 | J13: =I13/AA13 -> 0.0018367495 | L13: 42.25 | M13: =TRUNC(L13*$H13,2) -> 5868.52 | O13: =TRUNC(N13*$H13,2) -> 0 | Q13: =TRUNC(P13*$H13,2) -> 0 | S13: =TRUNC(R13*$H13,2) -> 0 | U13: =TRUNC(T13*$H13,2) -> 0 | W13: =TRUNC(V13*$H13,2) -> 0 | X13: 42.25 | Y13: 25 | Z13: 5 | AA13: 705635.65 | AB13: =50/55 -> 0.90909091
A14: 1.4.0.2. | B14: 96619 | C14: SINAPI | D14: LASTRO DE CONCRETO MAGRO, APLICADO EM BLOCOS DE COROAMENTO OU SAPATAS, ESPESSURA DE 5 CM. AF_01/2024 | E14: m² | F14: =8.65+4.54*2*0.3 -> 11.374 | G14: 48.02 | H14: =G14*1.25 -> 60.025 | I14: =F14*H14 -> 682.72435 | J14: =I14/AA14 -> 0.00096753098 | L14: 422.25 | M14: =TRUNC(L14*$H14,2) -> 25345.55 | O14: =TRUNC(N14*$H14,2) -> 0 | Q14: =TRUNC(P14*$H14,2) -> 0 | S14: =TRUNC(R14*$H14,2) -> 0 | U14: =TRUNC(T14*$H14,2) -> 0 | W14: =TRUNC(V14*$H14,2) -> 0 | X14: 422.25 | Y14: 25 | Z14: 5 | AA14: 705635.65 | AB14: =50/55 -> 0.90909091
A15: 1.4.0.3. | B15: 103334 | C15: SINAPI | D15: ALVENARIA DE VEDAÇÃO DE BLOCOS CERÂMICOS FURADOS NA HORIZONTAL DE 14X9X19 CM (ESPESSURA 14 CM, BLOCO DEITADO) E ARGAMASSA DE ASSENTAMENTO COM PREPARO EM BETONEIRA. AF_12/2021 | E15: m² | F15: =8.65+4.54*2*0.15*0.25 -> 8.9905 | G15: 162.57 | H15: =G15*1.25 -> 203.2125 | I15: =F15*H15 -> 1826.982 | J15: =I15/AA15 -> 0.0025891294 | L15: 508.75 | M15: =TRUNC(L15*$H15,2) -> 103384.35 | O15: =TRUNC(N15*$H15,2) -> 0 | Q15: =TRUNC(P15*$H15,2) -> 0 | S15: =TRUNC(R15*$H15,2) -> 0 | U15: =TRUNC(T15*$H15,2) -> 0 | W15: =TRUNC(V15*$H15,2) -> 0 | X15: 508.75 | Y15: 25 | Z15: 5 | AA15: 705635.65 | AB15: =50/55 -> 0.90909091
A16: 1.4.0.4. | B16: 96536 | C16: SINAPI | D16: FABRICAÇÃO, MONTAGEM E DESMONTAGEM DE FÔRMA PARA VIGA BALDRAME, EM MADEIRA SERRADA, E=25 MM, 4 UTILIZAÇÕES. AF_01/2024 | E16: m² | F16: =8.65+4.54*2*0.25*2 -> 13.19 | G16: 75.6 | H16: =G16*1.25 -> 94.5 | I16: =F16*H16 -> 1246.455 | J16: =I16/AA16 -> 0.0017664286 | L16: 609.75 | M16: =TRUNC(L16*$H16,2) -> 57621.37 | O16: =TRUNC(N16*$H16,2) -> 0 | Q16: =TRUNC(P16*$H16,2) -> 0 | S16: =TRUNC(R16*$H16,2) -> 0 | U16: =TRUNC(T16*$H16,2) -> 0 | W16: =TRUNC(V16*$H16,2) -> 0 | X16: 609.75 | Y16: 25 | Z16: 5 | AA16: 705635.65 | AB16: =50/55 -> 0.90909091
A17: 1.4.0.5. | B17: 104919 | C17: SINAPI | D17: ARMAÇÃO DE SAPATA ISOLADA, VIGA BALDRAME E SAPATA CORRIDA UTILIZANDO AÇO CA-50 DE 10 MM -MONTAGEM. AF_01/2024 | E17: KG | F17: =26.38*4.05*0.617 -> 65.919663 | G17: 11.92 | H17: =G17*1.25 -> 14.9 | I17: =F17*H17 -> 982.20298 | J17: =I17/AA17 -> 0.0013919407 | L17: 1887 | M17: =TRUNC(L17*$H17,2) -> 28116.3 | O17: =TRUNC(N17*$H17,2) -> 0 | Q17: =TRUNC(P17*$H17,2) -> 0 | S17: =TRUNC(R17*$H17,2) -> 0 | U17: =TRUNC(T17*$H17,2) -> 0 | W17: =TRUNC(V17*$H17,2) -> 0 | X17: 1887 | Y17: 25 | Z17: 5 | AA17: 705635.65 | AB17: =50/55 -> 0.90909091
A18: 1.4.0.6. | B18: 104917 | C18: SINAPI | D18: ARMAÇÃO DE SAPATA ISOLADA, VIGA BALDRAME E SAPATA CORRIDA UTILIZANDO AÇO CA-50 DE 6,3 MM - MONTAGEM. AF_01/2024 | E18: KG | F18: =26.38*2.05*0.245 -> 13.249355 | G18: 14.76 | H18: =G18*1.25 -> 18.45 | I18: =F18*H18 -> 244.4506 | J18: =I18/AA18 -> 0.00034642609 | L18: 298.25 | M18: =TRUNC(L18*$H18,2) -> 5502.71 | O18: =TRUNC(N18*$H18,2) -> 0 | Q18: =TRUNC(P18*$H18,2) -> 0 | S18: =TRUNC(R18*$H18,2) -> 0 | U18: =TRUNC(T18*$H18,2) -> 0 | W18: =TRUNC(V18*$H18,2) -> 0 | X18: 298.25 | Y18: 25 | Z18: 5 | AA18: 705635.65 | AB18: =50/55 -> 0.90909091
A19: 1.4.0.7. | B19: 104916 | C19: SINAPI | D19: ARMAÇÃO DE SAPATA ISOLADA, VIGA BALDRAME E SAPATA CORRIDA UTILIZANDO AÇO CA-60 DE 5 MM - MONTAGEM. AF_01/2024 | E19: KG | F19: =26.38/0.15*0.8*0.154 -> 21.666773 | G19: 16.26 | H19: =G19*1.25 -> 20.325 | I19: =F19*H19 -> 440.37717 | J19: =I19/AA19 -> 0.00062408577 | L19: 831.5 | M19: =TRUNC(L19*$H19,2) -> 16900.23 | O19: =TRUNC(N19*$H19,2) -> 0 | Q19: =TRUNC(P19*$H19,2) -> 0 | S19: =TRUNC(R19*$H19,2) -> 0 | U19: =TRUNC(T19*$H19,2) -> 0 | W19: =TRUNC(V19*$H19,2) -> 0 | X19: 831.5 | Y19: 25 | Z19: 5 | AA19: 705635.65 | AB19: =50/55 -> 0.90909091
A20: 1.4.0.8. | B20: CM51 | C20: Próprio | D20: CONCRETAGEM DE VIGA BALDRAME, FCK 20 MPA, COM USO DE JERICA - LANÇAMENTO, ADENSAMENTO E ACABAMENTO. AF_01/2024 | E20: M³ | F20: =26.38*0.15*0.25 -> 0.98925 | G20: 761.55 | H20: =G20*1.25 -> 951.9375 | I20: =F20*H20 -> 941.70417 | J20: =I20/AA20 -> 0.0013345473 | L20: 42.75 | M20: =TRUNC(L20*$H20,2) -> 40695.32 | O20: =TRUNC(N20*$H20,2) -> 0 | Q20: =TRUNC(P20*$H20,2) -> 0 | S20: =TRUNC(R20*$H20,2) -> 0 | U20: =TRUNC(T20*$H20,2) -> 0 | W20: =TRUNC(V20*$H20,2) -> 0 | X20: 42.75 | Y20: 25 | Z20: 5 | AA20: 705635.65 | AB20: =50/55 -> 0.90909091
A21: 1.5 | D21: IMPERMEABILIZAÇÃO | F21: =X21/Y21*Z21*AB21 -> 0 | H21: =G21*1.25 -> 0 | I21: =SUM(I22:I24) -> 1656.1694 | J21: =I21/AA21 -> 0.0023470602 | Y21: 25 | Z21: 5 | AA21: 705635.65 | AB21: =50/55 -> 0.90909091
A22: 1.5.0.1. | B22: 87878 | C22: SINAPI | D22: CHAPISCO APLICADO EM ALVENARIAS E ESTRUTURAS DE CONCRETO INTERNAS, COM COLHER DE PEDREIRO. ARGAMASSA TRAÇO 1:3 COM PREPARO MANUAL. AF_10/2022 | E22: m² | F22: =26.38*0.25*2 -> 13.19 | G22: 5.58 | H22: =G22*1.25 -> 6.975 | I22: =F22*H22 -> 92.00025 | J22: =I22/AA22 -> 0.00013037925 | M22: =TRUNC(L22*$H22,2) -> 0 | N22: 785.75 | O22: =TRUNC(N22*$H22,2) -> 5480.6 | Q22: =TRUNC(P22*$H22,2) -> 0 | S22: =TRUNC(R22*$H22,2) -> 0 | U22: =TRUNC(T22*$H22,2) -> 0 | W22: =TRUNC(V22*$H22,2) -> 0 | X22: 785.75 | Y22: 25 | Z22: 5 | AA22: 705635.65 | AB22: =50/55 -> 0.90909091
A23: 1.5.0.2. | B23: 98562 | C23: SINAPI | D23: IMPERMEABILIZAÇÃO DE SUPERFÍCIE COM ARGAMASSA DE CIMENTO E AREIA, COM ADITIVO IMPERMEABILIZANTE, E = 1,5CM. AF_09/2023 | E23: m² | F23: =F22 -> 13.19 | G23: 55.47 | H23: =G23*1.25 -> 69.3375 | I23: =F23*H23 -> 914.56163 | J23: =I23/AA23 -> 0.0012960819 | M23: =TRUNC(L23*$H23,2) -> 0 | N23: 785.75 | O23: =TRUNC(N23*$H23,2) -> 54481.94 | Q23: =TRUNC(P23*$H23,2) -> 0 | S23: =TRUNC(R23*$H23,2) -> 0 | U23: =TRUNC(T23*$H23,2) -> 0 | W23: =TRUNC(V23*$H23,2) -> 0 | X23: 785.75 | Y23: 25 | Z23: 5 | AA23: 705635.65 | AB23: =50/55 -> 0.90909091
A24: 1.5.0.3. | B24: 98557 | C24: SINAPI | D24: IMPERMEABILIZAÇÃO DE SUPERFÍCIE COM EMULSÃO ASFÁLTICA, 2 DEMÃOS. AF_09/2023 | E24: m² | F24: =F22 -> 13.19 | G24: 39.4 | H24: =G24*1.25 -> 49.25 | I24: =F24*H24 -> 649.6075 | J24: =I24/AA24 -> 0.00092059904 | L24: 785.75 | M24: =TRUNC(L24*$H24,2) -> 38698.18 | O24: =TRUNC(N24*$H24,2) -> 0 | Q24: =TRUNC(P24*$H24,2) -> 0 | S24: =TRUNC(R24*$H24,2) -> 0 | U24: =TRUNC(T24*$H24,2) -> 0 | W24: =TRUNC(V24*$H24,2) -> 0 | X24: 785.75 | Y24: 25 | Z24: 5 | AA24: 705635.65 | AB24: =50/55 -> 0.90909091
A25: 1.6 | D25: PILARES, VIGAS E LAJES | F25: =X25/Y25*Z25 -> 0 | H25: =G25*1.25 -> 0 | I25: =SUM(I26:I32) -> 12739.807 | J25: =I25/AA25 -> 0.01805437 | Y25: 25 | Z25: 5 | AA25: 705635.65 | AB25: =50/55 -> 0.90909091
A26: 1.6.0.1. | B26: 92427 | C26: SINAPI | D26: MONTAGEM E DESMONTAGEM DE FÔRMA DE PILARES RETANGULARES E ESTRUTURAS SIMILARES, PÉ-DIREITO SIMPLES, EM CHAPA DE MADEIRA COMPENSADA RESINADA, 8 UTILIZAÇÕES. AF_09/2020 | E26: m² | F26: =5*0.3*2*3+3.3*0.3*3+3.2*0.3*2*5+2.7*0.3*2*1 -> 23.19 | G26: 71.95 | H26: =G26*1.25 -> 89.9375 | I26: =F26*H26 -> 2085.6506 | J26: =I26/AA26 -> 0.0029557047 | M26: =TRUNC(L26*$H26,2) -> 0 | N26: 507.75 | O26: =TRUNC(N26*$H26,2) -> 45665.76 | Q26: =TRUNC(P26*$H26,2) -> 0 | S26: =TRUNC(R26*$H26,2) -> 0 | U26: =TRUNC(T26*$H26,2) -> 0 | W26: =TRUNC(V26*$H26,2) -> 0 | X26: 507.75 | Y26: 25 | Z26: 5 | AA26: 705635.65 | AB26: =50/55 -> 0.90909091
A27: 1.6.0.2. | B27: CM52 | C27: Próprio | D27: MONTAGEM E DESMONTAGEM DE FÔRMA DE VIGA, SEM ESCORAMENTO, PÉ-DIREITO SIMPLES, EM CHAPA DE MADEIRA RESINADA, 8 UTILIZAÇÕES | E27: M² | F27: =(8.65+4.54*2+13.4+5.79)*0.25*2+(13.4+5.79+4.54*2)*0.2*2 -> 29.768 | G27: 65.57 | H27: =G27*1.25 -> 81.9625 | I27: =F27*H27 -> 2439.8597 | J27: =I27/AA27 -> 0.0034576764 | M27: =TRUNC(L27*$H27,2) -> 0 | N27: 581.75 | O27: =TRUNC(N27*$H27,2) -> 47681.68 | Q27: =TRUNC(P27*$H27,2) -> 0 | S27: =TRUNC(R27*$H27,2) -> 0 | U27: =TRUNC(T27*$H27,2) -> 0 | W27: =TRUNC(V27*$H27,2) -> 0 | X27: 581.75 | Y27: 25 | Z27: 5 | AA27: 705635.65 | AB27: =50/55 -> 0.90909091
A28: 1.6.0.3. | B28: 92463 | C28: SINAPI | D28: MONTAGEM E DESMONTAGEM DE FÔRMA DE VIGA, ESCORAMENTO COM GARFO DE MADEIRA, PÉ-DIREITO SIMPLES, EM CHAPA DE MADEIRA RESINADA, 8 UTILIZAÇÕES. AF_09/2020 | E28: m² | F28: =4.54*0.25*2 -> 2.27 | G28: 132.93 | H28: =G28*1.25 -> 166.1625 | I28: =F28*H28 -> 377.18888 | J28: =I28/AA28 -> 0.00053453772 | M28: =TRUNC(L28*$H28,2) -> 0 | N28: 128.25 | O28: =TRUNC(N28*$H28,2) -> 21310.34 | Q28: =TRUNC(P28*$H28,2) -> 0 | S28: =TRUNC(R28*$H28,2) -> 0 | U28: =TRUNC(T28*$H28,2) -> 0 | W28: =TRUNC(V28*$H28,2) -> 0 | X28: 128.25 | Y28: 25 | Z28: 5 | AA28: 705635.65 | AB28: =50/55 -> 0.90909091
A29: 1.6.0.4. | B29: 92759 | C29: SINAPI | D29: ARMAÇÃO DE PILAR OU VIGA DE ESTRUTURA CONVENCIONAL DE CONCRETO ARMADO UTILIZANDO AÇO CA-60 DE 5,0 MM - MONTAGEM. AF_06/2022 | E29: KG | F29: =((8.65+4.54*2+13.4+5.79)/0.15*0.78*0.154)+((13.4+5.79+4.54*2)/0.15*0.7*0.154)+((4.54)/0.15*0.78*0.154)+(43.6/0.15*1*0.154) -> 98.280541 | G29: 13.38 | H29: =G29*1.25 -> 16.725 | I29: =F29*H29 -> 1643.7421 | J29: =I29/AA29 -> 0.0023294487 | M29: =TRUNC(L29*$H29,2) -> 0 | N29: 1688.75 | O29: =TRUNC(N29*$H29,2) -> 28244.34 | Q29: =TRUNC(P29*$H29,2) -> 0 | S29: =TRUNC(R29*$H29,2) -> 0 | U29: =TRUNC(T29*$H29,2) -> 0 | W29: =TRUNC(V29*$H29,2) -> 0 | X29: 1688.75 | Y29: 25 | Z29: 5 | AA29: 705635.65 | AB29: =50/55 -> 0.90909091
A30: 1.6.0.7. | B30: 92762 | C30: SINAPI | D30: ARMAÇÃO DE PILAR OU VIGA DE ESTRUTURA CONVENCIONAL DE CONCRETO ARMADO UTILIZANDO AÇO CA-50 DE 10,0 MM - MONTAGEM. AF_06/2022 | E30: KG | F30: =43.6*4.05*0.617 -> 108.94986 | G30: 10.03 | H30: =G30*1.25 -> 12.5375 | I30: =F30*H30 -> 1365.9589 | J30: =I30/AA30 -> 0.0019357849 | M30: =TRUNC(L30*$H30,2) -> 0 | N30: 2432.25 | O30: =TRUNC(N30*$H30,2) -> 30494.33 | Q30: =TRUNC(P30*$H30,2) -> 0 | S30: =TRUNC(R30*$H30,2) -> 0 | U30: =TRUNC(T30*$H30,2) -> 0 | W30: =TRUNC(V30*$H30,2) -> 0 | X30: 2432.25 | Y30: 25 | Z30: 5 | AA30: 705635.65 | AB30: =50/55 -> 0.90909091
A31: 1.6.0.9. | B31: CM53 | C31: Próprio | D31: CONCRETAGEM DE PILARES, FCK = 20 MPA, COM USO DE BALDES - LANÇAMENTO, ADENSAMENTO E ACABAMENTO. AF_02/2022 | E31: M³ | F31: =43.6*0.15*0.3 -> 1.962 | G31: 985.52 | H31: =G31*1.25 -> 1231.9 | I31: =F31*H31 -> 2416.9878 | J31: =I31/AA31 -> 0.0034252632 | M31: =TRUNC(L31*$H31,2) -> 0 | N31: 35.5 | O31: =TRUNC(N31*$H31,2) -> 43732.45 | Q31: =TRUNC(P31*$H31,2) -> 0 | S31: =TRUNC(R31*$H31,2) -> 0 | U31: =TRUNC(T31*$H31,2) -> 0 | W31: =TRUNC(V31*$H31,2) -> 0 | X31: 35.5 | Y31: 25 | Z31: 5 | AA31: 705635.65 | AB31: =50/55 -> 0.90909091
A32: 1.6.0.10. | B32: CM59 | C32: Próprio | D32: CONCRETAGEM DE VIGAS E LAJES, FCK=20 MPA, PARA QUALQUER TIPO DE LAJE COM BALDES EM EDIFICAÇÃO TÉRREA - LANÇAMENTO, ADENSAMENTO E ACABAMENTO. AF_02/2022 | E32: M³ | F32: =(4.54+8.65+4.54*2+13.4+5.79)*0.12*0.25+(13.4+5.79+4.54*2)*0.12*0.2 -> 1.92228 | G32: 1003.15 | H32: =G32*1.25 -> 1253.9375 | I32: =F32*H32 -> 2410.419 | J32: =I32/AA32 -> 0.0034159541 | M32: =TRUNC(L32*$H32,2) -> 0 | N32: 35 | O32: =TRUNC(N32*$H32,2) -> 43887.81 | Q32: =TRUNC(P32*$H32,2) -> 0 | S32: =TRUNC(R32*$H32,2) -> 0 | U32: =TRUNC(T32*$H32,2) -> 0 | W32: =TRUNC(V32*$H32,2) -> 0 | X32: 35 | Y32: 25 | Z32: 5 | AA32: 705635.65 | AB32: =50/55 -> 0.90909091
A33: 1.7 | D33: ALVENARIA/FECHAMENTOS | F33: =X33/Y33*Z33 -> 0 | H33: =G33*1.25 -> 0 | I33: =SUM(I34:I36) -> 15515.895 | J33: =I33/AA33 -> 0.021988536 | Y33: 25 | Z33: 5 | AA33: 705635.65 | AB33: =50/55 -> 0.90909091
A34: 1.7.0.1. | B34: 103328 | C34: SINAPI | D34: ALVENARIA DE VEDAÇÃO DE BLOCOS CERÂMICOS FURADOS NA HORIZONTAL DE 9X19X19 CM (ESPESSURA 9 CM) E ARGAMASSA DE ASSENTAMENTO COM PREPARO EM BETONEIRA. AF_12/2021 | E34: m² | F34: =(8.65+3.84)*3.3+(4.54+5)+(4.54*2.47)+(13.4+5.79)*2.2+4.54*1.8 -> 112.3608 | G34: 105.67 | H34: =G34*1.25 -> 132.0875 | I34: =F34*H34 -> 14841.457 | J34: =I34/AA34 -> 0.021032749 | M34: =TRUNC(L34*$H34,2) -> 0 | N34: 3060.25 | O34: =TRUNC(N34*$H34,2) -> 404220.77 | Q34: =TRUNC(P34*$H34,2) -> 0 | S34: =TRUNC(R34*$H34,2) -> 0 | U34: =TRUNC(T34*$H34,2) -> 0 | W34: =TRUNC(V34*$H34,2) -> 0 | X34: 3060.25 | Y34: 25 | Z34: 5 | AA34: 705635.65 | AB34: =50/55 -> 0.90909091
A35: 1.7.0.2. | B35: 105024 | C35: SINAPI | D35: VERGA MOLDADA IN LOCO EM CONCRETO, ESPESSURA DE *10* CM. AF_03/2024 | E35: M | F35: =2*1.2+1.5*2+1.5 -> 6.9 | G35: 56.1 | H35: =G35*1.25 -> 70.125 | I35: =F35*H35 -> 483.8625 | J35: =I35/AA35 -> 0.00068571153 | M35: =TRUNC(L35*$H35,2) -> 0 | N35: 357.5 | O35: =TRUNC(N35*$H35,2) -> 25069.68 | Q35: =TRUNC(P35*$H35,2) -> 0 | S35: =TRUNC(R35*$H35,2) -> 0 | U35: =TRUNC(T35*$H35,2) -> 0 | W35: =TRUNC(V35*$H35,2) -> 0 | X35: 357.5 | Y35: 25 | Z35: 5 | AA35: 705635.65 | AB35: =50/55 -> 0.90909091
A36: 1.7.0.3. | B36: 105030 | C36: SINAPI | D36: CONTRAVERGA MOLDADA IN LOCO EM CONCRETO, ESPESSURA DE *10* CM. AF_03/2024 | E36: M | F36: =1.5+2 -> 3.5 | G36: 43.56 | H36: =G36*1.25 -> 54.45 | I36: =F36*H36 -> 190.575 | J36: =I36/AA36 -> 0.00027007564 | M36: =TRUNC(L36*$H36,2) -> 0 | N36: 207.5 | O36: =TRUNC(N36*$H36,2) -> 11298.37 | Q36: =TRUNC(P36*$H36,2) -> 0 | S36: =TRUNC(R36*$H36,2) -> 0 | U36: =TRUNC(T36*$H36,2) -> 0 | W36: =TRUNC(V36*$H36,2) -> 0 | X36: 207.5 | Y36: 25 | Z36: 5 | AA36: 705635.65 | AB36: =50/55 -> 0.90909091
A37: 1.8 | D37: ESQUADRIAS METÁLICAS | F37: =X37/Y37*Z37 -> 0 | H37: =G37*1.25 -> 0 | I37: =SUM(I38:I41) -> 7958.291 | J37: =I37/AA37 -> 0.011278187 | Y37: 25 | Z37: 5 | AA37: 705635.65 | AB37: =50/55 -> 0.90909091
A38: 1.8.0.1. | B38: CM60 | C38: Próprio | D38: ESQUADRIAS DE VIDRO TEMPERADO FUMÊ, DE CORRER, ESP. 8MM, INCLUSIVE ACESSÓRIOS DE FIXAÇÃO | E38: M² | F38: =1.5*1+1*0.8 -> 2.3 | G38: 792.31 | H38: =G38*1.25 -> 990.3875 | I38: =F38*H38 -> 2277.8912 | J38: =I38/AA38 -> 0.0032281408 | M38: =TRUNC(L38*$H38,2) -> 0 | O38: =TRUNC(N38*$H38,2) -> 0 | Q38: =TRUNC(P38*$H38,2) -> 0 | S38: =TRUNC(R38*$H38,2) -> 0 | U38: =TRUNC(T38*$H38,2) -> 0 | W38: =TRUNC(V38*$H38,2) -> 0 | X38: 148.5 | Y38: 25 | Z38: 5 | AA38: 705635.65 | AB38: =50/55 -> 0.90909091
A39: 1.8.0.2. | B39: 100701 | C39: SINAPI | D39: PORTA DE FERRO, DE ABRIR, TIPO GRADE COM CHAPA, COM GUARNIÇÕES. AF_12/2019 | E39: m² | F39: =0.8*2.1*2+1*2.1 -> 5.46 | G39: 686.88 | H39: =G39*1.25 -> 858.6 | I39: =F39*H39 -> 4687.956 | J39: =I39/AA39 -> 0.0066435929 | M39: =TRUNC(L39*$H39,2) -> 0 | O39: =TRUNC(N39*$H39,2) -> 0 | Q39: =TRUNC(P39*$H39,2) -> 0 | S39: =TRUNC(R39*$H39,2) -> 0 | U39: =TRUNC(T39*$H39,2) -> 0 | W39: =TRUNC(V39*$H39,2) -> 0 | X39: 210 | Y39: 25 | Z39: 5 | AA39: 705635.65 | AB39: =50/55 -> 0.90909091
A40: 1.8.0.4. | B40: 3080 | C40: SINAPI | D40: FECHADURA ESPELHO PARA PORTA EXTERNA, EM ACO INOX (MAQUINA, TESTA E CONTRA-TESTA) E EM ZAMAC (MACANETA, LINGUETA E TRINCOS) COM ACABAMENTO CROMADO, MAQUINA DE 40 MM, INCLUINDO CHAVE TIPO CILINDRO | E40: CJ | F40: 3 | G40: 74.48 | H40: =G40*1.25 -> 93.1 | I40: =F40*H40 -> 279.3 | J40: =I40/AA40 -> 0.00039581334 | M40: =TRUNC(L40*$H40,2) -> 0 | O40: =TRUNC(N40*$H40,2) -> 0 | Q40: =TRUNC(P40*$H40,2) -> 0 | S40: =TRUNC(R40*$H40,2) -> 0 | U40: =TRUNC(T40*$H40,2) -> 0 | W40: =TRUNC(V40*$H40,2) -> 0 | X40: 100 | Y40: 25 | Z40: 5 | AA40: 705635.65 | AB40: =50/55 -> 0.90909091
A41: 1.8.0.5. | B41: 98695 | C41: SINAPI | D41: SOLEIRA EM MÁRMORE, LARGURA 15 CM, ESPESSURA 2,0 CM. AF_09/2020 | E41: M | F41: =0.8*2+1+1.5 -> 4.1 | G41: 139.15 | H41: =G41*1.25 -> 173.9375 | I41: =F41*H41 -> 713.14375 | J41: =I41/AA41 -> 0.0010106402 | M41: =TRUNC(L41*$H41,2) -> 0 | O41: =TRUNC(N41*$H41,2) -> 0 | Q41: =TRUNC(P41*$H41,2) -> 0 | S41: =TRUNC(R41*$H41,2) -> 0 | U41: =TRUNC(T41*$H41,2) -> 0 | W41: =TRUNC(V41*$H41,2) -> 0 | X41: 157.5 | Y41: 25 | Z41: 5 | AA41: 705635.65 | AB41: =50/55 -> 0.90909091
A42: 1.9 | D42: COBERTURA | F42: =X42/Y42*Z42 -> 0 | H42: =G42*1.25 -> 0 | I42: =SUM(I43:I47) -> 14176.32 | J42: =I42/AA42 -> 0.020090141 | Y42: 25 | Z42: 5 | AA42: 705635.65 | AB42: =50/55 -> 0.90909091
A43: 1.9.0.1. | B43: 92575 | C43: SINAPI | D43: TRAMA DE AÇO COMPOSTA POR RIPAS E CAIBROS PARA TELHADOS DE ATÉ 2 ÁGUAS PARA TELHA CERÂMICA CAPA-CANAL, INCLUSO TRANSPORTE VERTICAL. AF_07/2019 | E43: m² | F43: =22.64 -> 22.64 | G43: 63.65 | H43: =G43*1.25 -> 79.5625 | I43: =F43*H43 -> 1801.295 | J43: =I43/AA43 -> 0.0025527268 | M43: =TRUNC(L43*$H43,2) -> 0 | O43: =TRUNC(N43*$H43,2) -> 0 | P43: 1877 | Q43: =TRUNC(P43*$H43,2) -> 149338.81 | S43: =TRUNC(R43*$H43,2) -> 0 | U43: =TRUNC(T43*$H43,2) -> 0 | W43: =TRUNC(V43*$H43,2) -> 0 | X43: 1877 | Y43: 25 | Z43: 5 | AA43: 705635.65 | AB43: =50/55 -> 0.90909091
A44: 1.9.0.1. | B44: 92580 | C44: SINAPI | D44: TRAMA DE AÇO COMPOSTA POR TERÇAS PARA TELHADOS DE ATÉ 2 ÁGUAS PARA TELHA ONDULADA DE FIBROCIMENTO, METÁLICA, PLÁSTICA OU TERMOACÚSTICA, INCLUSO TRANSPORTE VERTICAL, EXCLUSIVE PINTURA. AF_10/2025_PS | E44: m² | F44: =38.83 -> 38.83 | G44: 48.28 | H44: =G44*1.25 -> 60.35 | I44: =F44*H44 -> 2343.3905 | J44: =I44/AA44 -> 0.0033209639 | M44: =TRUNC(L44*$H44,2) -> 0 | O44: =TRUNC(N44*$H44,2) -> 0 | P44: 1877 | Q44: =TRUNC(P44*$H44,2) -> 113276.95 | S44: =TRUNC(R44*$H44,2) -> 0 | U44: =TRUNC(T44*$H44,2) -> 0 | W44: =TRUNC(V44*$H44,2) -> 0 | X44: 1877 | Y44: 25 | Z44: 5 | AA44: 705635.65 | AB44: =50/55 -> 0.90909091
A45: 1.9.0.2. | B45: 94447 | C45: SINAPI | D45: TELHAMENTO COM TELHA CERÂMICA CAPA-CANAL, TIPO PAULISTA, COM ATÉ 2 ÁGUAS, INCLUSO TRANSPORTE VERTICAL. AF_07/2019 | E45: m² | F45: =22.64 -> 22.64 | G45: 61.73 | H45: =G45*1.25 -> 77.1625 | I45: =F45*H45 -> 1746.959 | J45: =I45/AA45 -> 0.0024757238 | M45: =TRUNC(L45*$H45,2) -> 0 | O45: =TRUNC(N45*$H45,2) -> 0 | P45: 1877 | Q45: =TRUNC(P45*$H45,2) -> 144834.01 | S45: =TRUNC(R45*$H45,2) -> 0 | U45: =TRUNC(T45*$H45,2) -> 0 | W45: =TRUNC(V45*$H45,2) -> 0 | X45: 1877 | Y45: 25 | Z45: 5 | AA45: 705635.65 | AB45: =50/55 -> 0.90909091
A46: 1.9.0.2. | B46: 94218 | C46: SINAPI | D46: TELHAMENTO COM TELHA ESTRUTURAL DE FIBROCIMENTO E= 8 MM, COM ATÉ 2 ÁGUAS, INCLUSO IÇAMENTO. AF_07/2019_PS | E46: m² | F46: 38.83 | G46: 158.99 | H46: =G46*1.25 -> 198.7375 | I46: =F46*H46 -> 7716.9771 | J46: =I46/AA46 -> 0.010936206 | M46: =TRUNC(L46*$H46,2) -> 0 | O46: =TRUNC(N46*$H46,2) -> 0 | P46: 1877 | Q46: =TRUNC(P46*$H46,2) -> 373030.28 | S46: =TRUNC(R46*$H46,2) -> 0 | U46: =TRUNC(T46*$H46,2) -> 0 | W46: =TRUNC(V46*$H46,2) -> 0 | X46: 1877 | Y46: 25 | Z46: 5 | AA46: 705635.65 | AB46: =50/55 -> 0.90909091
A47: 1.9.0.3. | B47: 100719 | C47: SINAPI | D47: PINTURA COM TINTA ALQUÍDICA DE FUNDO (TIPO ZARCÃO) PULVERIZADA SOBRE PERFIL METÁLICO EXECUTADO EM FÁBRICA (POR DEMÃO). AF_01/2020_PE | E47: m² | F47: =F43*2 -> 45.28 | G47: 10.03 | H47: =G47*1.25 -> 12.5375 | I47: =F47*H47 -> 567.698 | J47: =I47/AA47 -> 0.00080452001 | M47: =TRUNC(L47*$H47,2) -> 0 | O47: =TRUNC(N47*$H47,2) -> 0 | P47: 1830 | Q47: =TRUNC(P47*$H47,2) -> 22943.62 | S47: =TRUNC(R47*$H47,2) -> 0 | U47: =TRUNC(T47*$H47,2) -> 0 | W47: =TRUNC(V47*$H47,2) -> 0 | X47: 1830 | Y47: 25 | Z47: 5 | AA47: 705635.65 | AB47: =50/55 -> 0.90909091
A48: 1.10 | D48: REVESTIMENTOS INTERNOS | F48: =X48/Y48*Z48 -> 0 | H48: =G48*1.25 -> 0 | I48: =SUM(I49:I52) -> 8686.0737 | J48: =I48/AA48 -> 0.012309573 | Y48: 25 | Z48: 5 | AA48: 705635.65 | AB48: =50/55 -> 0.90909091
A49: 1.10.0.1. | B49: 87879 | C49: SINAPI | D49: CHAPISCO APLICADO EM ALVENARIAS E ESTRUTURAS DE CONCRETO INTERNAS, COM COLHER DE PEDREIRO. ARGAMASSA TRAÇO 1:3 COM PREPARO EM BETONEIRA 400L. AF_10/2022 | E49: m² | F49: =4.69*2.7+13.4*3.2+4.45*5*2+3.84*3.3*2+8.65*3.3+3.84*3.2 -> 166.22 | G49: 5.01 | H49: =G49*1.25 -> 6.2625 | I49: =F49*H49 -> 1040.9527 | J49: =I49/AA49 -> 0.0014751986 | M49: =TRUNC(L49*$H49,2) -> 0 | O49: =TRUNC(N49*$H49,2) -> 0 | P49: 3016.25 | Q49: =TRUNC(P49*$H49,2) -> 18889.26 | S49: =TRUNC(R49*$H49,2) -> 0 | U49: =TRUNC(T49*$H49,2) -> 0 | W49: =TRUNC(V49*$H49,2) -> 0 | X49: 3016.25 | Y49: 25 | Z49: 5 | AA49: 705635.65 | AB49: =50/55 -> 0.90909091
A50: 1.10.0.3. | B50: 87549 | C50: SINAPI | D50: EMBOÇO, EM ARGAMASSA TRAÇO 1:2:8, PREPARO MECÂNICO, APLICADO MANUALMENTE EM PAREDES INTERNAS DE AMBIENTES COM ÁREA ENTRE 5M² E 10M², E = 10MM, COM TALISCAS. AF_03/2024 | E50: m² | F50: =(4.45+4.54)*2.3 -> 20.677 | G50: 28.19 | H50: =G50*1.25 -> 35.2375 | I50: =F50*H50 -> 728.60579 | J50: =I50/AA50 -> 0.0010325524 | M50: =TRUNC(L50*$H50,2) -> 0 | O50: =TRUNC(N50*$H50,2) -> 0 | P50: 585 | Q50: =TRUNC(P50*$H50,2) -> 20613.93 | S50: =TRUNC(R50*$H50,2) -> 0 | U50: =TRUNC(T50*$H50,2) -> 0 | W50: =TRUNC(V50*$H50,2) -> 0 | X50: 585 | Y50: 25 | Z50: 5 | AA50: 705635.65 | AB50: =50/55 -> 0.90909091
A51: 1.10.0.4. | B51: 104958 | C51: SINAPI | D51: MASSA ÚNICA, EM ARGAMASSA TRAÇO 1:2:8 PREPARO MECÂNICO, APLICADA MANUALMENTE EM PAREDES INTERNAS DE AMBIENTES COM ÁREA MAIOR QUE 10M², E = 10MM, COM TALISCAS. AF_03/2024 | E51: m² | F51: =F49-((4.45+4.54)*2.3) -> 145.543 | G51: 26.17 | H51: =G51*1.25 -> 32.7125 | I51: =F51*H51 -> 4761.0754 | J51: =I51/AA51 -> 0.0067472149 | M51: =TRUNC(L51*$H51,2) -> 0 | O51: =TRUNC(N51*$H51,2) -> 0 | P51: 2431.25 | Q51: =TRUNC(P51*$H51,2) -> 79532.26 | S51: =TRUNC(R51*$H51,2) -> 0 | U51: =TRUNC(T51*$H51,2) -> 0 | W51: =TRUNC(V51*$H51,2) -> 0 | X51: 2431.25 | Y51: 25 | Z51: 5 | AA51: 705635.65 | AB51: =50/55 -> 0.90909091
A52: 1.10.0.6. | B52: 87267 | C52: SINAPI | D52: REVESTIMENTO CERÂMICO PARA PAREDES INTERNAS COM PLACAS TIPO ESMALTADA DE DIMENSÕES 20X20 CM APLICADAS A MEIA ALTURA DAS PAREDES. AF_02/2023_PE | E52: m² | F52: =(4.45+4.54+1.95)*2.3 -> 25.162 | G52: 68.53 | H52: =G52*1.25 -> 85.6625 | I52: =F52*H52 -> 2155.4398 | J52: =I52/AA52 -> 0.0030546073 | M52: =TRUNC(L52*$H52,2) -> 0 | O52: =TRUNC(N52*$H52,2) -> 0 | P52: 336 | Q52: =TRUNC(P52*$H52,2) -> 28782.6 | S52: =TRUNC(R52*$H52,2) -> 0 | U52: =TRUNC(T52*$H52,2) -> 0 | W52: =TRUNC(V52*$H52,2) -> 0 | X52: 336 | Y52: 25 | Z52: 5 | AA52: 705635.65 | AB52: =50/55 -> 0.90909091
A53: 1.11 | D53: REVESTIMENTOS EXTERNOS | F53: =X53/Y53*Z53 -> 0 | H53: =G53*1.25 -> 0 | I53: =SUM(I54:I55) -> 8284.7946 | J53: =I53/AA53 -> 0.011740896 | Y53: 25 | Z53: 5 | AA53: 705635.65 | AB53: =50/55 -> 0.90909091
A54: 1.11.0.1. | B54: 87905 | C54: SINAPI | D54: CHAPISCO APLICADO EM ALVENARIA (COM PRESENÇA DE VÃOS) E ESTRUTURAS DE CONCRETO DE FACHADA, COM COLHER DE PEDREIRO. ARGAMASSA TRAÇO 1:3 COM PREPARO EM BETONEIRA 400L. AF_10/2022 | E54: m² | F54: =4.69*2.7+13.4*3.2+5.79*3.2+1.65*3.2+4.54*1.8*2 -> 95.695 | G54: 8.78 | H54: =G54*1.25 -> 10.975 | I54: =F54*H54 -> 1050.2526 | J54: =I54/AA54 -> 0.0014883781 | M54: =TRUNC(L54*$H54,2) -> 0 | O54: =TRUNC(N54*$H54,2) -> 0 | P54: 2151.75 | Q54: =TRUNC(P54*$H54,2) -> 23615.45 | S54: =TRUNC(R54*$H54,2) -> 0 | U54: =TRUNC(T54*$H54,2) -> 0 | W54: =TRUNC(V54*$H54,2) -> 0 | X54: 2151.75 | Y54: 25 | Z54: 5 | AA54: 705635.65 | AB54: =50/55 -> 0.90909091
A55: 1.11.0.2. | B55: 87775 | C55: SINAPI | D55: EMBOÇO OU MASSA ÚNICA EM ARGAMASSA TRAÇO 1:2:8, PREPARO MECÂNICO COM BETONEIRA 400 L, APLICADA MANUALMENTE EM PANOS DE FACHADA COM PRESENÇA DE VÃOS, ESPESSURA DE 25 MM. AF_08/2022 | E55: m² | F55: =F54 -> 95.695 | G55: 60.48 | H55: =G55*1.25 -> 75.6 | I55: =F55*H55 -> 7234.542 | J55: =I55/AA55 -> 0.010252518 | M55: =TRUNC(L55*$H55,2) -> 0 | O55: =TRUNC(N55*$H55,2) -> 0 | P55: 2151.75 | Q55: =TRUNC(P55*$H55,2) -> 162672.3 | S55: =TRUNC(R55*$H55,2) -> 0 | U55: =TRUNC(T55*$H55,2) -> 0 | W55: =TRUNC(V55*$H55,2) -> 0 | X55: 2151.75 | Y55: 25 | Z55: 5 | AA55: 705635.65 | AB55: =50/55 -> 0.90909091
A56: 1.12 | D56: FORROS | F56: =X56/Y56*Z56*AB56 -> 0 | H56: =G56*1.25 -> 0 | I56: =SUM(I57) -> 4465.7955 | J56: =I56/AA56 -> 0.0063287555 | Y56: 25 | Z56: 5 | AA56: 705635.65 | AB56: =50/55 -> 0.90909091
A57: 1.12.0.1. | B57: 96111 | C57: SINAPI | D57: FORRO EM RÉGUAS DE PVC, FRISADO, PARA AMBIENTES RESIDENCIAIS, INCLUSIVE ESTRUTURA UNIDIRECIONAL DE FIXAÇÃO. AF_08/2023_PS | E57: m² | F57: =22.64+38.83 -> 61.47 | G57: 58.12 | H57: =G57*1.25 -> 72.65 | I57: =F57*H57 -> 4465.7955 | J57: =I57/AA57 -> 0.0063287555 | M57: =TRUNC(L57*$H57,2) -> 0 | O57: =TRUNC(N57*$H57,2) -> 0 | Q57: =TRUNC(P57*$H57,2) -> 0 | S57: =TRUNC(R57*$H57,2) -> 0 | U57: =TRUNC(T57*$H57,2) -> 0 | W57: =TRUNC(V57*$H57,2) -> 0 | X57: 924.25 | Y57: 25 | Z57: 5 | AA57: 705635.65 | AB57: =50/55 -> 0.90909091
A58: 1.13 | D58: PINTURA | F58: =X58/Y58*Z58 -> 0 | I58: =SUM(I59+I62+I65) -> 5986.8968 | J58: =I58/AA58 -> 0.0084844024 | Y58: 25 | Z58: 5 | AA58: 705635.65 | AB58: =50/55 -> 0.90909091
A59: 1.13.1 | D59: PINTURAS INTERNAS | F59: =X59/Y59*Z59 -> 0 | I59: =SUM(I60:I61) -> 2870.8357 | J59: =I59/AA59 -> 0.0040684391 | Y59: 25 | Z59: 5 | AA59: 705635.65 | AB59: =50/55 -> 0.90909091
A60: 1.13.1.1. | B60: 88485 | C60: SINAPI | D60: FUNDO SELADOR ACRÍLICO, APLICAÇÃO MANUAL EM PAREDE, UMA DEMÃO. AF_04/2023 | E60: m² | F60: =F51 -> 145.543 | G60: 4.74 | H60: =G60*1.25 -> 5.925 | I60: =F60*H60 -> 862.34228 | J60: =I60/AA60 -> 0.0012220787 | M60: =TRUNC(L60*$H60,2) -> 0 | O60: =TRUNC(N60*$H60,2) -> 0 | Q60: =TRUNC(P60*$H60,2) -> 0 | S60: =TRUNC(R60*$H60,2) -> 0 | U60: =TRUNC(T60*$H60,2) -> 0 | W60: =TRUNC(V60*$H60,2) -> 0 | X60: 2431.25 | Y60: 25 | Z60: 5 | AA60: 705635.65 | AB60: =50/55 -> 0.90909091
A61: 1.13.1.3. | B61: 104641 | C61: SINAPI | D61: PINTURA LÁTEX ACRÍLICA ECONÔMICA, APLICAÇÃO MANUAL EM PAREDES, DUAS DEMÃOS. AF_04/2023 | E61: m² | F61: =F60 -> 145.543 | G61: 11.04 | H61: =G61*1.25 -> 13.8 | I61: =F61*H61 -> 2008.4934 | J61: =I61/AA61 -> 0.0028463604 | M61: =TRUNC(L61*$H61,2) -> 0 | O61: =TRUNC(N61*$H61,2) -> 0 | Q61: =TRUNC(P61*$H61,2) -> 0 | S61: =TRUNC(R61*$H61,2) -> 0 | U61: =TRUNC(T61*$H61,2) -> 0 | W61: =TRUNC(V61*$H61,2) -> 0 | X61: 2431.25 | Y61: 25 | Z61: 5 | AA61: 705635.65 | AB61: =50/55 -> 0.90909091
A62: 1.13.2 | D62: PINTURAS EXTERNAS | F62: =X62/Y62*Z62 -> 0 | H62: =G62*1.25 -> 0 | I62: =SUM(I63:I64) -> 2565.6931 | J62: =I62/AA62 -> 0.0036360027 | Y62: 25 | Z62: 5 | AA62: 705635.65 | AB62: =50/55 -> 0.90909091
A63: 1.13.2.1. | B63: 88415 | C63: SINAPI | D63: APLICAÇÃO MANUAL DE FUNDO SELADOR ACRÍLICO EM PAREDES EXTERNAS DE CASAS. AF_03/2024 | E63: m² | F63: =F55+4.54*1.8*2 -> 112.039 | G63: 5.63 | H63: =G63*1.25 -> 7.0375 | I63: =F63*H63 -> 788.47446 | J63: =I63/AA63 -> 0.001117396 | M63: =TRUNC(L63*$H63,2) -> 0 | O63: =TRUNC(N63*$H63,2) -> 0 | Q63: =TRUNC(P63*$H63,2) -> 0 | S63: =TRUNC(R63*$H63,2) -> 0 | U63: =TRUNC(T63*$H63,2) -> 0 | W63: =TRUNC(V63*$H63,2) -> 0 | X63: 2151.75 | Y63: 25 | Z63: 5 | AA63: 705635.65 | AB63: =50/55 -> 0.90909091
A64: 1.13.2.2. | B64: 104642 | C64: SINAPI | D64: PINTURA LÁTEX ACRÍLICA STANDARD, APLICAÇÃO MANUAL EM PAREDES, DUAS DEMÃOS. AF_04/2023 | E64: m² | F64: =F63 -> 112.039 | G64: 12.69 | H64: =G64*1.25 -> 15.8625 | I64: =F64*H64 -> 1777.2186 | J64: =I64/AA64 -> 0.0025186066 | M64: =TRUNC(L64*$H64,2) -> 0 | O64: =TRUNC(N64*$H64,2) -> 0 | Q64: =TRUNC(P64*$H64,2) -> 0 | S64: =TRUNC(R64*$H64,2) -> 0 | U64: =TRUNC(T64*$H64,2) -> 0 | W64: =TRUNC(V64*$H64,2) -> 0 | X64: 2151.75 | Y64: 25 | Z64: 5 | AA64: 705635.65 | AB64: =50/55 -> 0.90909091
A65: 1.13.3 | D65: PINTURA ESQUADRIAS | F65: =X65/Y65*Z65*AB65 -> 0 | H65: =G65*1.25 -> 0 | I65: =SUM(I66:I66) -> 550.368 | J65: =I65/AA65 -> 0.00077996059 | Y65: 25 | Z65: 5 | AA65: 705635.65 | AB65: =50/55 -> 0.90909091
A66: 1.13.3.1. | B66: 100721 | C66: SINAPI | D66: PINTURA COM TINTA ALQUÍDICA DE FUNDO (TIPO ZARCÃO) PULVERIZADA SOBRE SUPERFÍCIES METÁLICAS (EXCETO PERFIL) EXECUTADO EM OBRA (POR DEMÃO). AF_01/2020_PE | E66: m² | F66: =F39*3 -> 16.38 | G66: 26.88 | H66: =G66*1.25 -> 33.6 | I66: =F66*H66 -> 550.368 | J66: =I66/AA66 -> 0.00077996059 | M66: =TRUNC(L66*$H66,2) -> 0 | O66: =TRUNC(N66*$H66,2) -> 0 | Q66: =TRUNC(P66*$H66,2) -> 0 | S66: =TRUNC(R66*$H66,2) -> 0 | U66: =TRUNC(T66*$H66,2) -> 0 | W66: =TRUNC(V66*$H66,2) -> 0 | X66: 420 | Y66: 25 | Z66: 5 | AA66: 705635.65 | AB66: =50/55 -> 0.90909091
A67: 1.14 | D67: PISO | F67: =X67/Y67*Z67 -> 0 | H67: =G67*1.25 -> 0 | I67: =SUM(I68:I73) -> 10060.505 | J67: =I67/AA67 -> 0.014257365 | Y67: 25 | Z67: 5 | AA67: 705635.65 | AB67: =50/55 -> 0.90909091
A68: 1.14.0.1. | B68: 97084 | C68: SINAPI | D68: COMPACTAÇÃO MECÂNICA DE SOLO PARA EXECUÇÃO DE RADIER, PISO DE CONCRETO OU LAJE SOBRE SOLO, COM COMPACTADOR DE SOLOS TIPO PLACA VIBRATÓRIA. AF_09/2021 | E68: m² | F68: 69.67 | G68: 0.75 | H68: =G68*1.25 -> 0.9375 | I68: =F68*H68 -> 65.315625 | J68: =I68/AA68 -> 9.2562819e-05 | M68: =TRUNC(L68*$H68,2) -> 0 | O68: =TRUNC(N68*$H68,2) -> 0 | Q68: =TRUNC(P68*$H68,2) -> 0 | S68: =TRUNC(R68*$H68,2) -> 0 | U68: =TRUNC(T68*$H68,2) -> 0 | W68: =TRUNC(V68*$H68,2) -> 0 | X68: 609.25 | Y68: 25 | Z68: 5 | AA68: 705635.65 | AB68: =50/55 -> 0.90909091
A69: 1.14.0.2. | B69: 97087 | C69: SINAPI | D69: CAMADA SEPARADORA PARA EXECUÇÃO DE RADIER, PISO DE CONCRETO OU LAJE SOBRE SOLO, EM LONA PLÁSTICA. AF_09/2021 | E69: m² | F69: =F57 -> 61.47 | G69: 2.81 | H69: =G69*1.25 -> 3.5125 | I69: =F69*H69 -> 215.91338 | J69: =I69/AA69 -> 0.00030598422 | M69: =TRUNC(L69*$H69,2) -> 0 | O69: =TRUNC(N69*$H69,2) -> 0 | Q69: =TRUNC(P69*$H69,2) -> 0 | S69: =TRUNC(R69*$H69,2) -> 0 | U69: =TRUNC(T69*$H69,2) -> 0 | W69: =TRUNC(V69*$H69,2) -> 0 | X69: 1217.5 | Y69: 25 | Z69: 5 | AA69: 705635.65 | AB69: =50/55 -> 0.90909091
A70: 1.14.0.3. | B70: 95241 | C70: SINAPI | D70: LASTRO DE CONCRETO MAGRO, APLICADO EM PISOS, LAJES SOBRE SOLO OU RADIERS, ESPESSURA DE 5 CM. AF_01/2024 | E70: m² | F70: =F69 -> 61.47 | G70: 44.84 | H70: =G70*1.25 -> 56.05 | I70: =F70*H70 -> 3445.3935 | J70: =I70/AA70 -> 0.0048826806 | M70: =TRUNC(L70*$H70,2) -> 0 | O70: =TRUNC(N70*$H70,2) -> 0 | Q70: =TRUNC(P70*$H70,2) -> 0 | S70: =TRUNC(R70*$H70,2) -> 0 | U70: =TRUNC(T70*$H70,2) -> 0 | W70: =TRUNC(V70*$H70,2) -> 0 | X70: 1217.5 | Y70: 25 | Z70: 5 | AA70: 705635.65 | AB70: =50/55 -> 0.90909091
A71: 1.14.0.6. | B71: 87248 | C71: SINAPI | D71: REVESTIMENTO CERÂMICO PARA PISO COM PLACAS TIPO ESMALTADA DE DIMENSÕES 35X35 CM APLICADA EM AMBIENTES DE ÁREA MAIOR QUE 10 M2. AF_02/2023_PE | E71: m² | F71: =F69 -> 61.47 | G71: 56.77 | H71: =G71*1.25 -> 70.9625 | I71: =F71*H71 -> 4362.0649 | J71: =I71/AA71 -> 0.0061817524 | M71: =TRUNC(L71*$H71,2) -> 0 | O71: =TRUNC(N71*$H71,2) -> 0 | Q71: =TRUNC(P71*$H71,2) -> 0 | S71: =TRUNC(R71*$H71,2) -> 0 | U71: =TRUNC(T71*$H71,2) -> 0 | W71: =TRUNC(V71*$H71,2) -> 0 | X71: 452.25 | Y71: 25 | Z71: 5 | AA71: 705635.65 | AB71: =50/55 -> 0.90909091
A72: 1.14.0.7. | B72: 94990 | C72: SINAPI | D72: EXECUÇÃO DE PASSEIO (CALÇADA) OU PISO DE CONCRETO COM CONCRETO MOLDADO IN LOCO, FEITO EM OBRA, ACABAMENTO CONVENCIONAL, NÃO ARMADO. AF_08/2022 | E72: m³ | F72: =14.27*0.07+4.69*0.6*0.07 -> 1.19588 | G72: 958.15 | H72: =G72*1.25 -> 1197.6875 | I72: =F72*H72 -> 1432.2905 | J72: =I72/AA72 -> 0.0020297876 | M72: =TRUNC(L72*$H72,2) -> 0 | O72: =TRUNC(N72*$H72,2) -> 0 | Q72: =TRUNC(P72*$H72,2) -> 0 | S72: =TRUNC(R72*$H72,2) -> 0 | U72: =TRUNC(T72*$H72,2) -> 0 | W72: =TRUNC(V72*$H72,2) -> 0 | X72: 24.5 | Y72: 25 | Z72: 5 | AA72: 705635.65 | AB72: =50/55 -> 0.90909091
A73: 1.14.0.8. | B73: 88648 | C73: SINAPI | D73: RODAPÉ CERÂMICO DE 7CM DE ALTURA COM PLACAS TIPO ESMALTADA DE DIMENSÕES 35X35CM. AF_02/2023 | E73: M | F73: =13.4+3.84*4+8.65+4.54+4.45+1.95+1.2*2+2.34 -> 53.09 | G73: 8.13 | H73: =G73*1.25 -> 10.1625 | I73: =F73*H73 -> 539.52713 | J73: =I73/AA73 -> 0.00076459732 | M73: =TRUNC(L73*$H73,2) -> 0 | O73: =TRUNC(N73*$H73,2) -> 0 | Q73: =TRUNC(P73*$H73,2) -> 0 | S73: =TRUNC(R73*$H73,2) -> 0 | U73: =TRUNC(T73*$H73,2) -> 0 | W73: =TRUNC(V73*$H73,2) -> 0 | X73: 893.75 | Y73: 25 | Z73: 5 | AA73: 705635.65 | AB73: =50/55 -> 0.90909091
A74: 1.15 | D74: ELÉTRICAS / TELEFÔNICAS | F74: =X74/Y74*Z74 -> 0 | H74: =G74*1.25 -> 0 | I74: =SUM(I75:I94) -> 6641.6888 | J74: =I74/AA74 -> 0.0094123486 | Y74: 25 | Z74: 5 | AA74: 705635.65 | AB74: =50/55 -> 0.90909091
A75: 1.15.0.1. | B75: 93653 | C75: SINAPI | D75: DISJUNTOR MONOPOLAR TIPO DIN, CORRENTE NOMINAL DE 10A - FORNECIMENTO E INSTALAÇÃO. AF_10/2020 | E75: UN | F75: 2 | G75: 11.96 | H75: =G75*1.25 -> 14.95 | I75: =F75*H75 -> 29.9 | J75: =I75/AA75 -> 4.2373143e-05 | M75: =TRUNC(L75*$H75,2) -> 0 | O75: =TRUNC(N75*$H75,2) -> 0 | Q75: =TRUNC(P75*$H75,2) -> 0 | S75: =TRUNC(R75*$H75,2) -> 0 | U75: =TRUNC(T75*$H75,2) -> 0 | W75: =TRUNC(V75*$H75,2) -> 0 | X75: 100 | Y75: 25 | Z75: 5 | AA75: 705635.65 | AB75: =50/55 -> 0.90909091
A76: 1.15.0.2. | B76: 93654 | C76: SINAPI | D76: DISJUNTOR MONOPOLAR TIPO DIN, CORRENTE NOMINAL DE 16A - FORNECIMENTO E INSTALAÇÃO. AF_10/2020 | E76: UN | F76: =X76/Y76*Z76 -> 5 | G76: 11.96 | H76: =G76*1.25 -> 14.95 | I76: =F76*H76 -> 74.75 | J76: =I76/AA76 -> 0.00010593286 | M76: =TRUNC(L76*$H76,2) -> 0 | O76: =TRUNC(N76*$H76,2) -> 0 | Q76: =TRUNC(P76*$H76,2) -> 0 | S76: =TRUNC(R76*$H76,2) -> 0 | U76: =TRUNC(T76*$H76,2) -> 0 | W76: =TRUNC(V76*$H76,2) -> 0 | X76: 25 | Y76: 25 | Z76: 5 | AA76: 705635.65 | AB76: =50/55 -> 0.90909091
A77: 1.15.0.3. | B77: 93656 | C77: SINAPI | D77: DISJUNTOR MONOPOLAR TIPO DIN, CORRENTE NOMINAL DE 25A - FORNECIMENTO E INSTALAÇÃO. AF_10/2020 | E77: UN | F77: 2 | G77: 14.12 | H77: =G77*1.25 -> 17.65 | I77: =F77*H77 -> 35.3 | J77: =I77/AA77 -> 5.0025817e-05 | M77: =TRUNC(L77*$H77,2) -> 0 | O77: =TRUNC(N77*$H77,2) -> 0 | Q77: =TRUNC(P77*$H77,2) -> 0 | S77: =TRUNC(R77*$H77,2) -> 0 | U77: =TRUNC(T77*$H77,2) -> 0 | W77: =TRUNC(V77*$H77,2) -> 0 | X77: 25 | Y77: 25 | Z77: 5 | AA77: 705635.65 | AB77: =50/55 -> 0.90909091
A78: 1.15.0.4. | B78: 93659 | C78: SINAPI | D78: DISJUNTOR MONOPOLAR TIPO DIN, CORRENTE NOMINAL DE 50A - FORNECIMENTO E INSTALAÇÃO. AF_10/2020 | E78: UN | F78: 1 | G78: 26.07 | H78: =G78*1.25 -> 32.5875 | I78: =F78*H78 -> 32.5875 | J78: =I78/AA78 -> 4.6181765e-05 | M78: =TRUNC(L78*$H78,2) -> 0 | O78: =TRUNC(N78*$H78,2) -> 0 | Q78: =TRUNC(P78*$H78,2) -> 0 | S78: =TRUNC(R78*$H78,2) -> 0 | U78: =TRUNC(T78*$H78,2) -> 0 | W78: =TRUNC(V78*$H78,2) -> 0 | X78: 25 | Y78: 25 | Z78: 5 | AA78: 705635.65 | AB78: =50/55 -> 0.90909091
A79: 1.15.0.6. | B79: 101873 | C79: SINAPI | D79: QUADRO DE DISTRIBUIÇÃO DE LUZ EM PVC PARA 12 DISJUNTORES - FORNECIMENTO E INSTALAÇÃO. AF_10/2020 | E79: UN | F79: 1 | G79: 101.03 | H79: =G79*1.25 -> 126.2875 | I79: =F79*H79 -> 126.2875 | J79: =I79/AA79 -> 0.00017896984 | M79: =TRUNC(L79*$H79,2) -> 0 | O79: =TRUNC(N79*$H79,2) -> 0 | Q79: =TRUNC(P79*$H79,2) -> 0 | S79: =TRUNC(R79*$H79,2) -> 0 | U79: =TRUNC(T79*$H79,2) -> 0 | W79: =TRUNC(V79*$H79,2) -> 0 | X79: 25 | Y79: 25 | Z79: 5 | AA79: 705635.65 | AB79: =50/55 -> 0.90909091
A80: 1.15.0.8. | B80: 97610 | C80: SINAPI | D80: LÂMPADA COMPACTA DE LED 10 W, BASE E27 - FORNECIMENTO E INSTALAÇÃO. AF_09/2024 | E80: UN | F80: 7 | G80: 14.67 | H80: =G80*1.25 -> 18.3375 | I80: =F80*H80 -> 128.3625 | J80: =I80/AA80 -> 0.00018191045 | M80: =TRUNC(L80*$H80,2) -> 0 | O80: =TRUNC(N80*$H80,2) -> 0 | Q80: =TRUNC(P80*$H80,2) -> 0 | S80: =TRUNC(R80*$H80,2) -> 0 | U80: =TRUNC(T80*$H80,2) -> 0 | W80: =TRUNC(V80*$H80,2) -> 0 | X80: 175 | Y80: 25 | Z80: 5 | AA80: 705635.65 | AB80: =50/55 -> 0.90909091
A81: 1.15.0.9. | B81: 91953 | C81: SINAPI | D81: INTERRUPTOR SIMPLES (1 MÓDULO), 10A/250V, INCLUINDO SUPORTE E PLACA - FORNECIMENTO E INSTALAÇÃO. AF_03/2023 | E81: UN | F81: 4 | G81: 32.68 | H81: =G81*1.25 -> 40.85 | I81: =F81*H81 -> 163.4 | J81: =I81/AA81 -> 0.00023156426 | M81: =TRUNC(L81*$H81,2) -> 0 | O81: =TRUNC(N81*$H81,2) -> 0 | Q81: =TRUNC(P81*$H81,2) -> 0 | S81: =TRUNC(R81*$H81,2) -> 0 | U81: =TRUNC(T81*$H81,2) -> 0 | W81: =TRUNC(V81*$H81,2) -> 0 | X81: 125 | Y81: 25 | Z81: 5 | AA81: 705635.65 | AB81: =50/55 -> 0.90909091
A82: 1.15.0.11. | B82: 92000 | C82: SINAPI | D82: TOMADA BAIXA DE EMBUTIR (1 MÓDULO), 2P+T 10 A, INCLUINDO SUPORTE E PLACA - FORNECIMENTO E INSTALAÇÃO. AF_03/2023 | E82: UN | F82: 4 | G82: 34.17 | H82: =G82*1.25 -> 42.7125 | I82: =F82*H82 -> 170.85 | J82: =I82/AA82 -> 0.00024212212 | M82: =TRUNC(L82*$H82,2) -> 0 | O82: =TRUNC(N82*$H82,2) -> 0 | Q82: =TRUNC(P82*$H82,2) -> 0 | S82: =TRUNC(R82*$H82,2) -> 0 | U82: =TRUNC(T82*$H82,2) -> 0 | W82: =TRUNC(V82*$H82,2) -> 0 | X82: 250 | Y82: 25 | Z82: 5 | AA82: 705635.65 | AB82: =50/55 -> 0.90909091
A83: 1.15.0.12. | B83: 91996 | C83: SINAPI | D83: TOMADA MÉDIA DE EMBUTIR (1 MÓDULO), 2P+T 10 A, INCLUINDO SUPORTE E PLACA - FORNECIMENTO E INSTALAÇÃO. AF_03/2023 | E83: UN | F83: 4 | G83: 38.81 | H83: =G83*1.25 -> 48.5125 | I83: =F83*H83 -> 194.05 | J83: =I83/AA83 -> 0.00027500028 | M83: =TRUNC(L83*$H83,2) -> 0 | O83: =TRUNC(N83*$H83,2) -> 0 | Q83: =TRUNC(P83*$H83,2) -> 0 | S83: =TRUNC(R83*$H83,2) -> 0 | U83: =TRUNC(T83*$H83,2) -> 0 | W83: =TRUNC(V83*$H83,2) -> 0 | X83: 150 | Y83: 25 | Z83: 5 | AA83: 705635.65 | AB83: =50/55 -> 0.90909091
A84: 1.15.0.13. | B84: 91993 | C84: SINAPI | D84: TOMADA ALTA DE EMBUTIR (1 MÓDULO), 2P+T 20 A, INCLUINDO SUPORTE E PLACA - FORNECIMENTO E INSTALAÇÃO. AF_03/2023 | E84: UN | F84: 2 | G84: 52.84 | H84: =G84*1.25 -> 66.05 | I84: =F84*H84 -> 132.1 | J84: =I84/AA84 -> 0.00018720709 | M84: =TRUNC(L84*$H84,2) -> 0 | O84: =TRUNC(N84*$H84,2) -> 0 | Q84: =TRUNC(P84*$H84,2) -> 0 | S84: =TRUNC(R84*$H84,2) -> 0 | U84: =TRUNC(T84*$H84,2) -> 0 | W84: =TRUNC(V84*$H84,2) -> 0 | X84: 25 | Y84: 25 | Z84: 5 | AA84: 705635.65 | AB84: =50/55 -> 0.90909091
A85: 1.15.0.17. | B85: 91941 | C85: SINAPI | D85: CAIXA RETANGULAR 4" X 2" BAIXA (0,30 M DO PISO), PVC, INSTALADA EM PAREDE - FORNECIMENTO E INSTALAÇÃO. AF_03/2023 | E85: UN | F85: =F82 -> 4 | G85: 12.82 | H85: =G85*1.25 -> 16.025 | I85: =F85*H85 -> 64.1 | J85: =I85/AA85 -> 9.0840082e-05 | M85: =TRUNC(L85*$H85,2) -> 0 | O85: =TRUNC(N85*$H85,2) -> 0 | Q85: =TRUNC(P85*$H85,2) -> 0 | S85: =TRUNC(R85*$H85,2) -> 0 | U85: =TRUNC(T85*$H85,2) -> 0 | W85: =TRUNC(V85*$H85,2) -> 0 | X85: 300 | Y85: 25 | Z85: 5 | AA85: 705635.65 | AB85: =50/55 -> 0.90909091
A86: 1.15.0.18. | B86: 91940 | C86: SINAPI | D86: CAIXA RETANGULAR 4" X 2" MÉDIA (1,30 M DO PISO), PVC, INSTALADA EM PAREDE - FORNECIMENTO E INSTALAÇÃO. AF_03/2023 | E86: UN | F86: =F83+F81 -> 8 | G86: 20.68 | H86: =G86*1.25 -> 25.85 | I86: =F86*H86 -> 206.8 | J86: =I86/AA86 -> 0.00029306909 | M86: =TRUNC(L86*$H86,2) -> 0 | O86: =TRUNC(N86*$H86,2) -> 0 | Q86: =TRUNC(P86*$H86,2) -> 0 | S86: =TRUNC(R86*$H86,2) -> 0 | U86: =TRUNC(T86*$H86,2) -> 0 | W86: =TRUNC(V86*$H86,2) -> 0 | X86: 325 | Y86: 25 | Z86: 5 | AA86: 705635.65 | AB86: =50/55 -> 0.90909091
A87: 1.15.0.19. | B87: 91939 | C87: SINAPI | D87: CAIXA RETANGULAR 4" X 2" ALTA (2,00 M DO PISO), PVC, INSTALADA EM PAREDE - FORNECIMENTO E INSTALAÇÃO. AF_03/2023 | E87: UN | F87: =F84 -> 2 | G87: 36.7 | H87: =G87*1.25 -> 45.875 | I87: =F87*H87 -> 91.75 | J87: =I87/AA87 -> 0.00013002461 | M87: =TRUNC(L87*$H87,2) -> 0 | O87: =TRUNC(N87*$H87,2) -> 0 | Q87: =TRUNC(P87*$H87,2) -> 0 | S87: =TRUNC(R87*$H87,2) -> 0 | U87: =TRUNC(T87*$H87,2) -> 0 | W87: =TRUNC(V87*$H87,2) -> 0 | X87: 50 | Y87: 25 | Z87: 5 | AA87: 705635.65 | AB87: =50/55 -> 0.90909091
A88: 1.15.0.21. | B88: 91924 | C88: SINAPI | D88: CABO DE COBRE FLEXÍVEL ISOLADO, 1,5 MM², ANTI-CHAMA 450/750 V, PARA CIRCUITOS TERMINAIS - FORNECIMENTO E INSTALAÇÃO. AF_03/2023 | E88: M | F88: =X88/Y88 -> 97.9 | G88: 3.7 | H88: =G88*1.25 -> 4.625 | I88: =F88*H88 -> 452.7875 | J88: =I88/AA88 -> 0.00064167322 | M88: =TRUNC(L88*$H88,2) -> 0 | O88: =TRUNC(N88*$H88,2) -> 0 | Q88: =TRUNC(P88*$H88,2) -> 0 | S88: =TRUNC(R88*$H88,2) -> 0 | U88: =TRUNC(T88*$H88,2) -> 0 | W88: =TRUNC(V88*$H88,2) -> 0 | X88: 2447.5 | Y88: 25 | Z88: 1 | AA88: 705635.65 | AB88: =50/55 -> 0.90909091
A89: 1.15.0.22. | B89: 91926 | C89: SINAPI | D89: CABO DE COBRE FLEXÍVEL ISOLADO, 2,5 MM², ANTI-CHAMA 450/750 V, PARA CIRCUITOS TERMINAIS - FORNECIMENTO E INSTALAÇÃO. AF_03/2023 | E89: M | F89: =X89/Y89 -> 258.8 | G89: 5.38 | H89: =G89*1.25 -> 6.725 | I89: =F89*H89 -> 1740.43 | J89: =I89/AA89 -> 0.0024664712 | M89: =TRUNC(L89*$H89,2) -> 0 | O89: =TRUNC(N89*$H89,2) -> 0 | Q89: =TRUNC(P89*$H89,2) -> 0 | S89: =TRUNC(R89*$H89,2) -> 0 | U89: =TRUNC(T89*$H89,2) -> 0 | W89: =TRUNC(V89*$H89,2) -> 0 | X89: 6470 | Y89: 25 | Z89: 5 | AA89: 705635.65 | AB89: =50/55 -> 0.90909091
A90: 1.15.0.23. | B90: 91928 | C90: SINAPI | D90: CABO DE COBRE FLEXÍVEL ISOLADO, 4 MM², ANTI-CHAMA 450/750 V, PARA CIRCUITOS TERMINAIS - FORNECIMENTO E INSTALAÇÃO. AF_03/2023 | E90: M | F90: =X90/Y90 -> 24.8 | G90: 8.33 | H90: =G90*1.25 -> 10.4125 | I90: =F90*H90 -> 258.23 | J90: =I90/AA90 -> 0.00036595373 | M90: =TRUNC(L90*$H90,2) -> 0 | O90: =TRUNC(N90*$H90,2) -> 0 | Q90: =TRUNC(P90*$H90,2) -> 0 | S90: =TRUNC(R90*$H90,2) -> 0 | U90: =TRUNC(T90*$H90,2) -> 0 | W90: =TRUNC(V90*$H90,2) -> 0 | X90: 620 | Y90: 25 | Z90: 5 | AA90: 705635.65 | AB90: =50/55 -> 0.90909091
A91: 1.15.0.25. | B91: 101560 | C91: SINAPI | D91: CABO DE COBRE FLEXÍVEL ISOLADO, 10 MM², ANTI-CHAMA 0,6/1,0 KV, PARA DISTRIBUIÇÃO - FORNECIMENTO E INSTALAÇÃO. AF_10/2020 | E91: M | F91: =X91/Y91 -> 8.3 | G91: 12.94 | H91: =G91*1.25 -> 16.175 | I91: =F91*H91 -> 134.2525 | J91: =I91/AA91 -> 0.00019025754 | M91: =TRUNC(L91*$H91,2) -> 0 | O91: =TRUNC(N91*$H91,2) -> 0 | Q91: =TRUNC(P91*$H91,2) -> 0 | S91: =TRUNC(R91*$H91,2) -> 0 | U91: =TRUNC(T91*$H91,2) -> 0 | W91: =TRUNC(V91*$H91,2) -> 0 | X91: 207.5 | Y91: 25 | Z91: 5 | AA91: 705635.65 | AB91: =50/55 -> 0.90909091
A92: 1.15.0.26. | B92: 91834 | C92: SINAPI | D92: ELETRODUTO FLEXÍVEL CORRUGADO, PVC, DN 25 MM (3/4"), PARA CIRCUITOS TERMINAIS, INSTALADO EM FORRO - FORNECIMENTO E INSTALAÇÃO. AF_03/2023 | E92: M | F92: =X92/Y92 -> 44.7 | G92: 19.52 | H92: =G92*1.25 -> 24.4 | I92: =F92*H92 -> 1090.68 | J92: =I92/AA92 -> 0.0015456702 | M92: =TRUNC(L92*$H92,2) -> 0 | O92: =TRUNC(N92*$H92,2) -> 0 | Q92: =TRUNC(P92*$H92,2) -> 0 | S92: =TRUNC(R92*$H92,2) -> 0 | U92: =TRUNC(T92*$H92,2) -> 0 | W92: =TRUNC(V92*$H92,2) -> 0 | X92: 1117.5 | Y92: 25 | Z92: 5 | AA92: 705635.65 | AB92: =50/55 -> 0.90909091
A93: 1.15.0.27. | B93: 91854 | C93: SINAPI | D93: ELETRODUTO FLEXÍVEL CORRUGADO, PVC, DN 25 MM (3/4"), PARA CIRCUITOS TERMINAIS, INSTALADO EM PAREDE - FORNECIMENTO E INSTALAÇÃO. AF_03/2023 | E93: M | F93: =X93/Y93 -> 58.3 | G93: 10.96 | H93: =G93*1.25 -> 13.7 | I93: =F93*H93 -> 798.71 | J93: =I93/AA93 -> 0.0011319014 | M93: =TRUNC(L93*$H93,2) -> 0 | O93: =TRUNC(N93*$H93,2) -> 0 | Q93: =TRUNC(P93*$H93,2) -> 0 | S93: =TRUNC(R93*$H93,2) -> 0 | U93: =TRUNC(T93*$H93,2) -> 0 | W93: =TRUNC(V93*$H93,2) -> 0 | X93: 1457.5 | Y93: 25 | Z93: 5 | AA93: 705635.65 | AB93: =50/55 -> 0.90909091
A94: 1.15.0.29. | B94: 90447 | C94: SINAPI | D94: RASGO LINEAR MANUAL EM ALVENARIA, PARA ELETRODUTOS, DIÂMETROS MENORES OU IGUAIS A 40 MM. AF_09/2023 | E94: M | F94: =X94/Y94 -> 58.3 | G94: 9.83 | H94: =G94*1.25 -> 12.2875 | I94: =F94*H94 -> 716.36125 | J94: =I94/AA94 -> 0.0010151999 | M94: =TRUNC(L94*$H94,2) -> 0 | O94: =TRUNC(N94*$H94,2) -> 0 | Q94: =TRUNC(P94*$H94,2) -> 0 | S94: =TRUNC(R94*$H94,2) -> 0 | U94: =TRUNC(T94*$H94,2) -> 0 | W94: =TRUNC(V94*$H94,2) -> 0 | X94: 1457.5 | Y94: 25 | Z94: 1 | AA94: 705635.65 | AB94: =50/55 -> 0.90909091
A95: 1.16 | D95: HIDRÁULICAS / GÁS / INCÊNCIO | F95: =X95/Y95*Z95 -> 0 | H95: =G95*1.25 -> 0 | I95: =SUM(I96:I114) -> 2325.355 | J95: =I95/AA95 -> 0.0032954046 | Y95: 25 | Z95: 5 | AA95: 705635.65 | AB95: =50/55 -> 0.90909091
A96: 1.16.0.1. | B96: 90373 | C96: SINAPI | D96: JOELHO 90 GRAUS COM BUCHA DE LATÃO, PVC, SOLDÁVEL, DN 25MM, X 1/2 INSTALADO EM RAMAL OU SUB-RAMAL DE ÁGUA - FORNECIMENTO E INSTALAÇÃO. AF_06/2022 | E96: UN | F96: =X96/Y96 -> 7 | G96: 14.46 | H96: =G96*1.25 -> 18.075 | I96: =F96*H96 -> 126.525 | J96: =I96/AA96 -> 0.00017930642 | M96: =TRUNC(L96*$H96,2) -> 0 | O96: =TRUNC(N96*$H96,2) -> 0 | Q96: =TRUNC(P96*$H96,2) -> 0 | S96: =TRUNC(R96*$H96,2) -> 0 | U96: =TRUNC(T96*$H96,2) -> 0 | W96: =TRUNC(V96*$H96,2) -> 0 | X96: 175 | Y96: 25 | Z96: 5 | AA96: 705635.65 | AB96: =50/55 -> 0.90909091
A97: 1.16.0.2. | B97: 89408 | C97: SINAPI | D97: JOELHO 90 GRAUS, PVC, SOLDÁVEL, DN 25MM, INSTALADO EM RAMAL DE DISTRIBUIÇÃO DE ÁGUA - FORNECIMENTO E INSTALAÇÃO. AF_06/2022 | E97: UN | F97: =X97/Y97 -> 8 | G97: 9.79 | H97: =G97*1.25 -> 12.2375 | I97: =F97*H97 -> 97.9 | J97: =I97/AA97 -> 0.00013874016 | M97: =TRUNC(L97*$H97,2) -> 0 | O97: =TRUNC(N97*$H97,2) -> 0 | Q97: =TRUNC(P97*$H97,2) -> 0 | S97: =TRUNC(R97*$H97,2) -> 0 | U97: =TRUNC(T97*$H97,2) -> 0 | W97: =TRUNC(V97*$H97,2) -> 0 | X97: 200 | Y97: 25 | Z97: 5 | AA97: 705635.65 | AB97: =50/55 -> 0.90909091
A98: 1.16.0.3. | B98: 89395 | C98: SINAPI | D98: TE, PVC, SOLDÁVEL, DN 25MM, INSTALADO EM RAMAL OU SUB-RAMAL DE ÁGUA - FORNECIMENTO E INSTALAÇÃO. AF_06/2022 | E98: UN | F98: =X98/Y98 -> 3 | G98: 14.74 | H98: =G98*1.25 -> 18.425 | I98: =F98*H98 -> 55.275 | J98: =I98/AA98 -> 7.8333627e-05 | M98: =TRUNC(L98*$H98,2) -> 0 | O98: =TRUNC(N98*$H98,2) -> 0 | Q98: =TRUNC(P98*$H98,2) -> 0 | S98: =TRUNC(R98*$H98,2) -> 0 | U98: =TRUNC(T98*$H98,2) -> 0 | W98: =TRUNC(V98*$H98,2) -> 0 | X98: 75 | Y98: 25 | Z98: 5 | AA98: 705635.65 | AB98: =50/55 -> 0.90909091
A99: 1.16.0.4. | B99: 89383 | C99: SINAPI | D99: ADAPTADOR CURTO COM BOLSA E ROSCA PARA REGISTRO, PVC, SOLDÁVEL, DN 25MM X 3/4, INSTALADO EM RAMAL OU SUB-RAMAL DE ÁGUA - FORNECIMENTO E INSTALAÇÃO. AF_06/2022 | E99: UN | F99: =X99/Y99 -> 8 | G99: 7.4 | H99: =G99*1.25 -> 9.25 | I99: =F99*H99 -> 74 | J99: =I99/AA99 -> 0.00010486998 | M99: =TRUNC(L99*$H99,2) -> 0 | O99: =TRUNC(N99*$H99,2) -> 0 | Q99: =TRUNC(P99*$H99,2) -> 0 | S99: =TRUNC(R99*$H99,2) -> 0 | U99: =TRUNC(T99*$H99,2) -> 0 | W99: =TRUNC(V99*$H99,2) -> 0 | X99: 200 | Y99: 25 | Z99: 5 | AA99: 705635.65 | AB99: =50/55 -> 0.90909091
A100: 1.16.0.5. | B100: CM62 | C100: Próprio | D100: FORNECIMENTO E INSTALAÇÃO DE PRESSURIZADOR ACOPLADO AO CHUVEIRO (TENSÃO: 127V - PRESSÃO MINIMA: 0,7MCA / PRESSÃO MÁXIMA: 2,5MCA - ENTRADA 1/2" / SAÍDA 1/2") | E100: UN | F100: =X100/Y100 -> 1 | G100: 291.99 | H100: =G100*1.25 -> 364.9875 | I100: =F100*H100 -> 364.9875 | J100: =I100/AA100 -> 0.0005172464 | M100: =TRUNC(L100*$H100,2) -> 0 | O100: =TRUNC(N100*$H100,2) -> 0 | Q100: =TRUNC(P100*$H100,2) -> 0 | S100: =TRUNC(R100*$H100,2) -> 0 | U100: =TRUNC(T100*$H100,2) -> 0 | W100: =TRUNC(V100*$H100,2) -> 0 | X100: 25 | Y100: 25 | Z100: 5 | AA100: 705635.65 | AB100: =50/55 -> 0.90909091
...

Sheet MEMÓRIA CÁLCULO
D1: PROPONENTE: FUNDO MUNICIPAL DE SAÚDE DE ITAPIRATINS-TO | E1: Bancos | G1: B.D.I. | I1: Encargos Sociais
D2: OBRA:CONTRATAÇÃO DE EMPRESA PARA AMPLIAÇÃO DA UBS DE ITAPIRATINS - TO | E2: SINAPI - 04/2026 - Tocantins | G2: 25 | I2: Não Desonerado: Horista: 110,74% Mensalista: 68,05%
A3: MEMÓRIA DE CÁLCULO | L3: MEDIÇÃO PRÉVIA | N3: MEDIÇÃO PRÉVIA | P3: MEDIÇÃO PRÉVIA | R3: MEDIÇÃO PRÉVIA | T3: MEDIÇÃO PRÉVIA | V3: MEDIÇÃO PRÉVIA
A4: Item | B4: Código | C4: Banco | D4: Descrição | E4: Und | F4: CÁLCULO | G4: Valor Unit | H4: Valor Unit com BDI | I4: Total | J4: Peso (%) | L4: qtde | M4: valor com bdi | N4: qtde | O4: valor com bdi | P4: qtde | Q4: valor com bdi | R4: qtde | S4: valor com bdi | T4: qtde | U4: valor com bdi | V4: qtde | W4: valor com bdi | X4: QUANT.
A5: 1 | D5: AMPLIAÇÃO DA UBS DE ITAPIRATINS | I5: =SUM(I6+I8+I10+I12+I21+I25+I33+I37+I42+I48+I53+I56+I58+I67+I74+I95+I115+I127) -> #VALUE! | J5: 1 | L5: 1ª MEDIÇÃO | N5: 2ª MEDIÇÃO | P5: 3ª MEDIÇÃO | R5: 4ª MEDIÇÃO | T5: 5ª MEDIÇÃO | V5: 6ª MEDIÇÃO
A6: 1.1 | D6: ADMINISTRAÇÃO LOCAL DA OBRA | I6: =SUM(I7) -> #VALUE! | J6: =I6/I5 -> #VALUE!
A7: 1.1.1 | B7: CPU-01.1 | C7: Próprio | D7: ADMINISTRAÇÃO LOCAL | E7: und | F7: 1 UNI | G7: =110000*0.04 -> 4400 | H7: =G7*1.25 -> 5500 | I7: =F7*H7 -> #VALUE! | J7: =I7/I5 -> #VALUE! | L7: 0.14 | M7: =TRUNC(L7*$H7,2) -> 770 | O7: =TRUNC(N7*$H7,2) -> 0 | Q7: =TRUNC(P7*$H7,2) -> 0 | S7: =TRUNC(R7*$H7,2) -> 0 | U7: =TRUNC(T7*$H7,2) -> 0 | W7: =TRUNC(V7*$H7,2) -> 0 | X7: 1
A8: 1.2 | D8: SERVIÇOS PRELIMINARES | I8: =SUM(I9:I9) -> #VALUE! | J8: =I8/I5 -> #VALUE!
A9: 1.2.0.1. | B9: 103689 | C9: SINAPI | D9: FORNECIMENTO E INSTALAÇÃO DE PLACA DE OBRA COM CHAPA GALVANIZADA E ESTRUTURA DE MADEIRA. AF_03/2022_PS | E9: m² | F9: 2*1 | G9: 498.3 | H9: =G9*1.25 -> 622.875 | I9: =F9*H9 -> #VALUE! | J9: =I9/I5 -> #VALUE! | L9: 6.48 | M9: =TRUNC(L9*$H9,2) -> 4036.23 | O9: =TRUNC(N9*$H9,2) -> 0 | Q9: =TRUNC(P9*$H9,2) -> 0 | S9: =TRUNC(R9*$H9,2) -> 0 | U9: =TRUNC(T9*$H9,2) -> 0 | W9: =TRUNC(V9*$H9,2) -> 0 | X9: =2*1 -> 2
A10: 1.3 | D10: FUNDAÇÃO | F10: =Y10/Z10*AA10 -> 0 | H10: =G10*1.25 -> 0 | I10: =SUM(I11) -> #VALUE! | J10: =I10/AB10 -> #VALUE! | Z10: 25 | AA10: 5 | AB10: 705635.65 | AC10: =50/55 -> 0.90909091
A11: 1.3.0.1. | B11: 101175 | C11: SINAPI | D11: ESTACA BROCA DE CONCRETO, DIÂMETRO DE 30CM, ESCAVAÇÃO MANUAL COM TRADO CONCHA, COM ARMADURA DE ARRANQUE. AF_05/2020 | E11: M | F11: 7 ESTACAS X2m DE PROFUNDIADE | G11: 130.33 | H11: =G11*1.25 -> 162.9125 | I11: =F11*H11 -> #VALUE! | J11: =I11/AB11 -> #VALUE! | L11: 650 | M11: =TRUNC(L11*$H11,2) -> 105893.12 | O11: =TRUNC(N11*$H11,2) -> 0 | Q11: =TRUNC(P11*$H11,2) -> 0 | S11: =TRUNC(R11*$H11,2) -> 0 | U11: =TRUNC(T11*$H11,2) -> 0 | W11: =TRUNC(V11*$H11,2) -> 0 | X11: =7*2 -> 14 | Y11: 650 | Z11: 25 | AA11: 5 | AB11: 705635.65 | AC11: =50/55 -> 0.90909091
A12: 1.4 | D12: BALDRAMES | F12: =Y12/Z12*AA12 -> 0 | H12: =G12*1.25 -> 0 | I12: =SUM(I13:I20) -> #VALUE! | J12: =I12/AB12 -> #VALUE! | Z12: 25 | AA12: 5 | AB12: 705635.65 | AC12: =50/55 -> 0.90909091
A13: 1.4.0.1. | B13: 96527 | C13: SINAPI | D13: ESCAVAÇÃO MANUAL PARA VIGA BALDRAME OU SAPATA CORRIDA (INCLUINDO ESCAVAÇÃO PARA COLOCAÇÃO DE FÔRMAS). AF_01/2024 | E13: m³ | F13: 8,65+4,54*2*0,3*0,25 | G13: 111.12 | H13: =G13*1.25 -> 138.9 | I13: =F13*H13 -> #VALUE! | J13: =I13/AB13 -> #VALUE! | L13: 42.25 | M13: =TRUNC(L13*$H13,2) -> 5868.52 | O13: =TRUNC(N13*$H13,2) -> 0 | Q13: =TRUNC(P13*$H13,2) -> 0 | S13: =TRUNC(R13*$H13,2) -> 0 | U13: =TRUNC(T13*$H13,2) -> 0 | W13: =TRUNC(V13*$H13,2) -> 0 | X13: =8.65+4.54*2*0.3*0.25 -> 9.331 | Y13: 42.25 | Z13: 25 | AA13: 5 | AB13: 705635.65 | AC13: =50/55 -> 0.90909091
A14: 1.4.0.2. | B14: 96619 | C14: SINAPI | D14: LASTRO DE CONCRETO MAGRO, APLICADO EM BLOCOS DE COROAMENTO OU SAPATAS, ESPESSURA DE 5 CM. AF_01/2024 | E14: m² | F14: 8,65+4,54*2*0,3 | G14: 48.02 | H14: =G14*1.25 -> 60.025 | I14: =F14*H14 -> #VALUE! | J14: =I14/AB14 -> #VALUE! | L14: 422.25 | M14: =TRUNC(L14*$H14,2) -> 25345.55 | O14: =TRUNC(N14*$H14,2) -> 0 | Q14: =TRUNC(P14*$H14,2) -> 0 | S14: =TRUNC(R14*$H14,2) -> 0 | U14: =TRUNC(T14*$H14,2) -> 0 | W14: =TRUNC(V14*$H14,2) -> 0 | X14: =8.65+4.54*2*0.3 -> 11.374 | Y14: 422.25 | Z14: 25 | AA14: 5 | AB14: 705635.65 | AC14: =50/55 -> 0.90909091
A15: 1.4.0.3. | B15: 103334 | C15: SINAPI | D15: ALVENARIA DE VEDAÇÃO DE BLOCOS CERÂMICOS FURADOS NA HORIZONTAL DE 14X9X19 CM (ESPESSURA 14 CM, BLOCO DEITADO) E ARGAMASSA DE ASSENTAMENTO COM PREPARO EM BETONEIRA. AF_12/2021 | E15: m² | F15: 8,65+4,54*2*0,15*0,25 | G15: 162.57 | H15: =G15*1.25 -> 203.2125 | I15: =F15*H15 -> #VALUE! | J15: =I15/AB15 -> #VALUE! | L15: 508.75 | M15: =TRUNC(L15*$H15,2) -> 103384.35 | O15: =TRUNC(N15*$H15,2) -> 0 | Q15: =TRUNC(P15*$H15,2) -> 0 | S15: =TRUNC(R15*$H15,2) -> 0 | U15: =TRUNC(T15*$H15,2) -> 0 | W15: =TRUNC(V15*$H15,2) -> 0 | X15: =8.65+4.54*2*0.15*0.25 -> 8.9905 | Y15: 508.75 | Z15: 25 | AA15: 5 | AB15: 705635.65 | AC15: =50/55 -> 0.90909091
A16: 1.4.0.4. | B16: 96536 | C16: SINAPI | D16: FABRICAÇÃO, MONTAGEM E DESMONTAGEM DE FÔRMA PARA VIGA BALDRAME, EM MADEIRA SERRADA, E=25 MM, 4 UTILIZAÇÕES. AF_01/2024 | E16: m² | F16: 8,65+4,54*2*0,25*2 | G16: 75.6 | H16: =G16*1.25 -> 94.5 | I16: =F16*H16 -> #VALUE! | J16: =I16/AB16 -> #VALUE! | L16: 609.75 | M16: =TRUNC(L16*$H16,2) -> 57621.37 | O16: =TRUNC(N16*$H16,2) -> 0 | Q16: =TRUNC(P16*$H16,2) -> 0 | S16: =TRUNC(R16*$H16,2) -> 0 | U16: =TRUNC(T16*$H16,2) -> 0 | W16: =TRUNC(V16*$H16,2) -> 0 | X16: =8.65+4.54*2*0.25*2 -> 13.19 | Y16: 609.75 | Z16: 25 | AA16: 5 | AB16: 705635.65 | AC16: =50/55 -> 0.90909091
A17: 1.4.0.5. | B17: 104919 | C17: SINAPI | D17: ARMAÇÃO DE SAPATA ISOLADA, VIGA BALDRAME E SAPATA CORRIDA UTILIZANDO AÇO CA-50 DE 10 MM -MONTAGEM. AF_01/2024 | E17: KG | F17: 26,38*4,05*0,617 | G17: 11.92 | H17: =G17*1.25 -> 14.9 | I17: =F17*H17 -> #VALUE! | J17: =I17/AB17 -> #VALUE! | L17: 1887 | M17: =TRUNC(L17*$H17,2) -> 28116.3 | O17: =TRUNC(N17*$H17,2) -> 0 | Q17: =TRUNC(P17*$H17,2) -> 0 | S17: =TRUNC(R17*$H17,2) -> 0 | U17: =TRUNC(T17*$H17,2) -> 0 | W17: =TRUNC(V17*$H17,2) -> 0 | X17: =26.38*4.05*0.617 -> 65.919663 | Y17: 1887 | Z17: 25 | AA17: 5 | AB17: 705635.65 | AC17: =50/55 -> 0.90909091
A18: 1.4.0.6. | B18: 104917 | C18: SINAPI | D18: ARMAÇÃO DE SAPATA ISOLADA, VIGA BALDRAME E SAPATA CORRIDA UTILIZANDO AÇO CA-50 DE 6,3 MM - MONTAGEM. AF_01/2024 | E18: KG | F18: 26,38*2,05*0,245 | G18: 14.76 | H18: =G18*1.25 -> 18.45 | I18: =F18*H18 -> #VALUE! | J18: =I18/AB18 -> #VALUE! | L18: 298.25 | M18: =TRUNC(L18*$H18,2) -> 5502.71 | O18: =TRUNC(N18*$H18,2) -> 0 | Q18: =TRUNC(P18*$H18,2) -> 0 | S18: =TRUNC(R18*$H18,2) -> 0 | U18: =TRUNC(T18*$H18,2) -> 0 | W18: =TRUNC(V18*$H18,2) -> 0 | X18: =26.38*2.05*0.245 -> 13.249355 | Y18: 298.25 | Z18: 25 | AA18: 5 | AB18: 705635.65 | AC18: =50/55 -> 0.90909091
A19: 1.4.0.7. | B19: 104916 | C19: SINAPI | D19: ARMAÇÃO DE SAPATA ISOLADA, VIGA BALDRAME E SAPATA CORRIDA UTILIZANDO AÇO CA-60 DE 5 MM - MONTAGEM. AF_01/2024 | E19: KG | F19: 26,38/0,15*0,8*0,154 | G19: 16.26 | H19: =G19*1.25 -> 20.325 | I19: =F19*H19 -> #VALUE! | J19: =I19/AB19 -> #VALUE! | L19: 831.5 | M19: =TRUNC(L19*$H19,2) -> 16900.23 | O19: =TRUNC(N19*$H19,2) -> 0 | Q19: =TRUNC(P19*$H19,2) -> 0 | S19: =TRUNC(R19*$H19,2) -> 0 | U19: =TRUNC(T19*$H19,2) -> 0 | W19: =TRUNC(V19*$H19,2) -> 0 | X19: =26.38/0.15*0.8*0.154 -> 21.666773 | Y19: 831.5 | Z19: 25 | AA19: 5 | AB19: 705635.65 | AC19: =50/55 -> 0.90909091
A20: 1.4.0.8. | B20: CM51 | C20: Próprio | D20: CONCRETAGEM DE VIGA BALDRAME, FCK 20 MPA, COM USO DE JERICA - LANÇAMENTO, ADENSAMENTO E ACABAMENTO. AF_01/2024 | E20: M³ | F20: 26,38*0,15*0,25 | G20: 761.55 | H20: =G20*1.25 -> 951.9375 | I20: =F20*H20 -> #VALUE! | J20: =I20/AB20 -> #VALUE! | L20: 42.75 | M20: =TRUNC(L20*$H20,2) -> 40695.32 | O20: =TRUNC(N20*$H20,2) -> 0 | Q20: =TRUNC(P20*$H20,2) -> 0 | S20: =TRUNC(R20*$H20,2) -> 0 | U20: =TRUNC(T20*$H20,2) -> 0 | W20: =TRUNC(V20*$H20,2) -> 0 | X20: =26.38*0.15*0.25 -> 0.98925 | Y20: 42.75 | Z20: 25 | AA20: 5 | AB20: 705635.65 | AC20: =50/55 -> 0.90909091
A21: 1.5 | D21: IMPERMEABILIZAÇÃO | F21: =Y21/Z21*AA21*AC21 -> 0 | H21: =G21*1.25 -> 0 | I21: =SUM(I22:I24) -> #VALUE! | J21: =I21/AB21 -> #VALUE! | Z21: 25 | AA21: 5 | AB21: 705635.65 | AC21: =50/55 -> 0.90909091
A22: 1.5.0.1. | B22: 87878 | C22: SINAPI | D22: CHAPISCO APLICADO EM ALVENARIAS E ESTRUTURAS DE CONCRETO INTERNAS, COM COLHER DE PEDREIRO. ARGAMASSA TRAÇO 1:3 COM PREPARO MANUAL. AF_10/2022 | E22: m² | F22: 26,38*0,25*2 | G22: 5.58 | H22: =G22*1.25 -> 6.975 | I22: =F22*H22 -> #VALUE! | J22: =I22/AB22 -> #VALUE! | M22: =TRUNC(L22*$H22,2) -> 0 | N22: 785.75 | O22: =TRUNC(N22*$H22,2) -> 5480.6 | Q22: =TRUNC(P22*$H22,2) -> 0 | S22: =TRUNC(R22*$H22,2) -> 0 | U22: =TRUNC(T22*$H22,2) -> 0 | W22: =TRUNC(V22*$H22,2) -> 0 | X22: =26.38*0.25*2 -> 13.19 | Y22: 785.75 | Z22: 25 | AA22: 5 | AB22: 705635.65 | AC22: =50/55 -> 0.90909091
A23: 1.5.0.2. | B23: 98562 | C23: SINAPI | D23: IMPERMEABILIZAÇÃO DE SUPERFÍCIE COM ARGAMASSA DE CIMENTO E AREIA, COM ADITIVO IMPERMEABILIZANTE, E = 1,5CM. AF_09/2023 | E23: m² | F23: =F22 -> 26,38*0,25*2 | G23: 55.47 | H23: =G23*1.25 -> 69.3375 | I23: =F23*H23 -> #VALUE! | J23: =I23/AB23 -> #VALUE! | M23: =TRUNC(L23*$H23,2) -> 0 | N23: 785.75 | O23: =TRUNC(N23*$H23,2) -> 54481.94 | Q23: =TRUNC(P23*$H23,2) -> 0 | S23: =TRUNC(R23*$H23,2) -> 0 | U23: =TRUNC(T23*$H23,2) -> 0 | W23: =TRUNC(V23*$H23,2) -> 0 | X23: =X22 -> 13.19 | Y23: 785.75 | Z23: 25 | AA23: 5 | AB23: 705635.65 | AC23: =50/55 -> 0.90909091
A24: 1.5.0.3. | B24: 98557 | C24: SINAPI | D24: IMPERMEABILIZAÇÃO DE SUPERFÍCIE COM EMULSÃO ASFÁLTICA, 2 DEMÃOS. AF_09/2023 | E24: m² | F24: =F22 -> 26,38*0,25*2 | G24: 39.4 | H24: =G24*1.25 -> 49.25 | I24: =F24*H24 -> #VALUE! | J24: =I24/AB24 -> #VALUE! | L24: 785.75 | M24: =TRUNC(L24*$H24,2) -> 38698.18 | O24: =TRUNC(N24*$H24,2) -> 0 | Q24: =TRUNC(P24*$H24,2) -> 0 | S24: =TRUNC(R24*$H24,2) -> 0 | U24: =TRUNC(T24*$H24,2) -> 0 | W24: =TRUNC(V24*$H24,2) -> 0 | X24: =X22 -> 13.19 | Y24: 785.75 | Z24: 25 | AA24: 5 | AB24: 705635.65 | AC24: =50/55 -> 0.90909091
A25: 1.6 | D25: PILARES, VIGAS E LAJES | F25: =Y25/Z25*AA25 -> 0 | H25: =G25*1.25 -> 0 | I25: =SUM(I26:I32) -> #VALUE! | J25: =I25/AB25 -> #VALUE! | Z25: 25 | AA25: 5 | AB25: 705635.65 | AC25: =50/55 -> 0.90909091
A26: 1.6.0.1. | B26: 92427 | C26: SINAPI | D26: MONTAGEM E DESMONTAGEM DE FÔRMA DE PILARES RETANGULARES E ESTRUTURAS SIMILARES, PÉ-DIREITO SIMPLES, EM CHAPA DE MADEIRA COMPENSADA RESINADA, 8 UTILIZAÇÕES. AF_09/2020 | E26: m² | F26: 5*0,3*2*3+3,3*0,3*3+3,2*0,3*2*5+2,7*0,3*2*1 | G26: 71.95 | H26: =G26*1.25 -> 89.9375 | I26: =F26*H26 -> #VALUE! | J26: =I26/AB26 -> #VALUE! | M26: =TRUNC(L26*$H26,2) -> 0 | N26: 507.75 | O26: =TRUNC(N26*$H26,2) -> 45665.76 | Q26: =TRUNC(P26*$H26,2) -> 0 | S26: =TRUNC(R26*$H26,2) -> 0 | U26: =TRUNC(T26*$H26,2) -> 0 | W26: =TRUNC(V26*$H26,2) -> 0 | X26: =5*0.3*2*3+3.3*0.3*3+3.2*0.3*2*5+2.7*0.3*2*1 -> 23.19 | Y26: 507.75 | Z26: 25 | AA26: 5 | AB26: 705635.65 | AC26: =50/55 -> 0.90909091
A27: 1.6.0.2. | B27: CM52 | C27: Próprio | D27: MONTAGEM E DESMONTAGEM DE FÔRMA DE VIGA, SEM ESCORAMENTO, PÉ-DIREITO SIMPLES, EM CHAPA DE MADEIRA RESINADA, 8 UTILIZAÇÕES | E27: M² | F27: (8,65+4,54*2+13,4+5,79)*0,25*2+(13,4+5,79+4,54*2)*0,2*2 | G27: 65.57 | H27: =G27*1.25 -> 81.9625 | I27: =F27*H27 -> #VALUE! | J27: =I27/AB27 -> #VALUE! | M27: =TRUNC(L27*$H27,2) -> 0 | N27: 581.75 | O27: =TRUNC(N27*$H27,2) -> 47681.68 | Q27: =TRUNC(P27*$H27,2) -> 0 | S27: =TRUNC(R27*$H27,2) -> 0 | U27: =TRUNC(T27*$H27,2) -> 0 | W27: =TRUNC(V27*$H27,2) -> 0 | X27: =(8.65+4.54*2+13.4+5.79)*0.25*2+(13.4+5.79+4.54*2)*0.2*2 -> 29.768 | Y27: 581.75 | Z27: 25 | AA27: 5 | AB27: 705635.65 | AC27: =50/55 -> 0.90909091
A28: 1.6.0.3. | B28: 92463 | C28: SINAPI | D28: MONTAGEM E DESMONTAGEM DE FÔRMA DE VIGA, ESCORAMENTO COM GARFO DE MADEIRA, PÉ-DIREITO SIMPLES, EM CHAPA DE MADEIRA RESINADA, 8 UTILIZAÇÕES. AF_09/2020 | E28: m² | F28: 4,54*0,25*2 | G28: 132.93 | H28: =G28*1.25 -> 166.1625 | I28: =F28*H28 -> #VALUE! | J28: =I28/AB28 -> #VALUE! | M28: =TRUNC(L28*$H28,2) -> 0 | N28: 128.25 | O28: =TRUNC(N28*$H28,2) -> 21310.34 | Q28: =TRUNC(P28*$H28,2) -> 0 | S28: =TRUNC(R28*$H28,2) -> 0 | U28: =TRUNC(T28*$H28,2) -> 0 | W28: =TRUNC(V28*$H28,2) -> 0 | X28: =4.54*0.25*2 -> 2.27 | Y28: 128.25 | Z28: 25 | AA28: 5 | AB28: 705635.65 | AC28: =50/55 -> 0.90909091
A29: 1.6.0.4. | B29: 92759 | C29: SINAPI | D29: ARMAÇÃO DE PILAR OU VIGA DE ESTRUTURA CONVENCIONAL DE CONCRETO ARMADO UTILIZANDO AÇO CA-60 DE 5,0 MM - MONTAGEM. AF_06/2022 | E29: KG | F29: ((8,65+4,54*2+13,4+5,79)/0,15*0,78*0,154)+((13,4+5,79+4,54*2)/0,15*0,7*0,154)+((4,54)/0,15*0,78*0,154)+(43,6/0,15*1*0,154) | G29: 13.38 | H29: =G29*1.25 -> 16.725 | I29: =F29*H29 -> #VALUE! | J29: =I29/AB29 -> #VALUE! | M29: =TRUNC(L29*$H29,2) -> 0 | N29: 1688.75 | O29: =TRUNC(N29*$H29,2) -> 28244.34 | Q29: =TRUNC(P29*$H29,2) -> 0 | S29: =TRUNC(R29*$H29,2) -> 0 | U29: =TRUNC(T29*$H29,2) -> 0 | W29: =TRUNC(V29*$H29,2) -> 0 | X29: =((8.65+4.54*2+13.4+5.79)/0.15*0.78*0.154)+((13.4+5.79+4.54*2)/0.15*0.7*0.154)+((4.54)/0.15*0.78*0.154)+(43.6/0.15*1*0.154) -> 98.280541 | Y29: 1688.75 | Z29: 25 | AA29: 5 | AB29: 705635.65 | AC29: =50/55 -> 0.90909091
A30: 1.6.0.7. | B30: 92762 | C30: SINAPI | D30: ARMAÇÃO DE PILAR OU VIGA DE ESTRUTURA CONVENCIONAL DE CONCRETO ARMADO UTILIZANDO AÇO CA-50 DE 10,0 MM - MONTAGEM. AF_06/2022 | E30: KG | F30: 43,6*4,05*0,617 | G30: 10.03 | H30: =G30*1.25 -> 12.5375 | I30: =F30*H30 -> #VALUE! | J30: =I30/AB30 -> #VALUE! | M30: =TRUNC(L30*$H30,2) -> 0 | N30: 2432.25 | O30: =TRUNC(N30*$H30,2) -> 30494.33 | Q30: =TRUNC(P30*$H30,2) -> 0 | S30: =TRUNC(R30*$H30,2) -> 0 | U30: =TRUNC(T30*$H30,2) -> 0 | W30: =TRUNC(V30*$H30,2) -> 0 | X30: =43.6*4.05*0.617 -> 108.94986 | Y30: 2432.25 | Z30: 25 | AA30: 5 | AB30: 705635.65 | AC30: =50/55 -> 0.90909091
A31: 1.6.0.9. | B31: CM53 | C31: Próprio | D31: CONCRETAGEM DE PILARES, FCK = 20 MPA, COM USO DE BALDES - LANÇAMENTO, ADENSAMENTO E ACABAMENTO. AF_02/2022 | E31: M³ | F31: 43,6*0,15*0,3 | G31: 985.52 | H31: =G31*1.25 -> 1231.9 | I31: =F31*H31 -> #VALUE! | J31: =I31/AB31 -> #VALUE! | M31: =TRUNC(L31*$H31,2) -> 0 | N31: 35.5 | O31: =TRUNC(N31*$H31,2) -> 43732.45 | Q31: =TRUNC(P31*$H31,2) -> 0 | S31: =TRUNC(R31*$H31,2) -> 0 | U31: =TRUNC(T31*$H31,2) -> 0 | W31: =TRUNC(V31*$H31,2) -> 0 | X31: =43.6*0.15*0.3 -> 1.962 | Y31: 35.5 | Z31: 25 | AA31: 5 | AB31: 705635.65 | AC31: =50/55 -> 0.90909091
A32: 1.6.0.10. | B32: CM59 | C32: Próprio | D32: CONCRETAGEM DE VIGAS E LAJES, FCK=20 MPA, PARA QUALQUER TIPO DE LAJE COM BALDES EM EDIFICAÇÃO TÉRREA - LANÇAMENTO, ADENSAMENTO E ACABAMENTO. AF_02/2022 | E32: M³ | F32: (4,54+8,65+4,54*2+13,4+5,79)*0,12*0,25+(13,4+5,79+4,54*2)*0,12*0,2 | G32: 1003.15 | H32: =G32*1.25 -> 1253.9375 | I32: =F32*H32 -> #VALUE! | J32: =I32/AB32 -> #VALUE! | M32: =TRUNC(L32*$H32,2) -> 0 | N32: 35 | O32: =TRUNC(N32*$H32,2) -> 43887.81 | Q32: =TRUNC(P32*$H32,2) -> 0 | S32: =TRUNC(R32*$H32,2) -> 0 | U32: =TRUNC(T32*$H32,2) -> 0 | W32: =TRUNC(V32*$H32,2) -> 0 | X32: =(4.54+8.65+4.54*2+13.4+5.79)*0.12*0.25+(13.4+5.79+4.54*2)*0.12*0.2 -> 1.92228 | Y32: 35 | Z32: 25 | AA32: 5 | AB32: 705635.65 | AC32: =50/55 -> 0.90909091
A33: 1.7 | D33: ALVENARIA/FECHAMENTOS | F33: =Y33/Z33*AA33 -> 0 | H33: =G33*1.25 -> 0 | I33: =SUM(I34:I36) -> #VALUE! | J33: =I33/AB33 -> #VALUE! | Z33: 25 | AA33: 5 | AB33: 705635.65 | AC33: =50/55 -> 0.90909091
A34: 1.7.0.1. | B34: 103328 | C34: SINAPI | D34: ALVENARIA DE VEDAÇÃO DE BLOCOS CERÂMICOS FURADOS NA HORIZONTAL DE 9X19X19 CM (ESPESSURA 9 CM) E ARGAMASSA DE ASSENTAMENTO COM PREPARO EM BETONEIRA. AF_12/2021 | E34: m² | F34: (8,65+3,84)*3,3+(4,54+5)+(4,54*2,47)+(13,4+5,79)*2,2+4,54*1,8 | G34: 105.67 | H34: =G34*1.25 -> 132.0875 | I34: =F34*H34 -> #VALUE! | J34: =I34/AB34 -> #VALUE! | M34: =TRUNC(L34*$H34,2) -> 0 | N34: 3060.25 | O34: =TRUNC(N34*$H34,2) -> 404220.77 | Q34: =TRUNC(P34*$H34,2) -> 0 | S34: =TRUNC(R34*$H34,2) -> 0 | U34: =TRUNC(T34*$H34,2) -> 0 | W34: =TRUNC(V34*$H34,2) -> 0 | X34: =(8.65+3.84)*3.3+(4.54+5)+(4.54*2.47)+(13.4+5.79)*2.2+4.54*1.8 -> 112.3608 | Y34: 3060.25 | Z34: 25 | AA34: 5 | AB34: 705635.65 | AC34: =50/55 -> 0.90909091
A35: 1.7.0.2. | B35: 105024 | C35: SINAPI | D35: VERGA MOLDADA IN LOCO EM CONCRETO, ESPESSURA DE *10* CM. AF_03/2024 | E35: M | F35: 2*1,2+1,5*2+1,5 | G35: 56.1 | H35: =G35*1.25 -> 70.125 | I35: =F35*H35 -> #VALUE! | J35: =I35/AB35 -> #VALUE! | M35: =TRUNC(L35*$H35,2) -> 0 | N35: 357.5 | O35: =TRUNC(N35*$H35,2) -> 25069.68 | Q35: =TRUNC(P35*$H35,2) -> 0 | S35: =TRUNC(R35*$H35,2) -> 0 | U35: =TRUNC(T35*$H35,2) -> 0 | W35: =TRUNC(V35*$H35,2) -> 0 | X35: =2*1.2+1.5*2+1.5 -> 6.9 | Y35: 357.5 | Z35: 25 | AA35: 5 | AB35: 705635.65 | AC35: =50/55 -> 0.90909091
A36: 1.7.0.3. | B36: 105030 | C36: SINAPI | D36: CONTRAVERGA MOLDADA IN LOCO EM CONCRETO, ESPESSURA DE *10* CM. AF_03/2024 | E36: M | F36: 1,5+2 | G36: 43.56 | H36: =G36*1.25 -> 54.45 | I36: =F36*H36 -> #VALUE! | J36: =I36/AB36 -> #VALUE! | M36: =TRUNC(L36*$H36,2) -> 0 | N36: 207.5 | O36: =TRUNC(N36*$H36,2) -> 11298.37 | Q36: =TRUNC(P36*$H36,2) -> 0 | S36: =TRUNC(R36*$H36,2) -> 0 | U36: =TRUNC(T36*$H36,2) -> 0 | W36: =TRUNC(V36*$H36,2) -> 0 | X36: =1.5+2 -> 3.5 | Y36: 207.5 | Z36: 25 | AA36: 5 | AB36: 705635.65 | AC36: =50/55 -> 0.90909091
A37: 1.8 | D37: ESQUADRIAS METÁLICAS | F37: =Y37/Z37*AA37 -> 0 | H37: =G37*1.25 -> 0 | I37: =SUM(I38:I41) -> #VALUE! | J37: =I37/AB37 -> #VALUE! | Z37: 25 | AA37: 5 | AB37: 705635.65 | AC37: =50/55 -> 0.90909091
A38: 1.8.0.1. | B38: CM60 | C38: Próprio | D38: ESQUADRIAS DE VIDRO TEMPERADO FUMÊ, DE CORRER, ESP. 8MM, INCLUSIVE ACESSÓRIOS DE FIXAÇÃO | E38: M² | F38: 1,5*1+1*0,8 | G38: 792.31 | H38: =G38*1.25 -> 990.3875 | I38: =F38*H38 -> #VALUE! | J38: =I38/AB38 -> #VALUE! | M38: =TRUNC(L38*$H38,2) -> 0 | O38: =TRUNC(N38*$H38,2) -> 0 | Q38: =TRUNC(P38*$H38,2) -> 0 | S38: =TRUNC(R38*$H38,2) -> 0 | U38: =TRUNC(T38*$H38,2) -> 0 | W38: =TRUNC(V38*$H38,2) -> 0 | X38: =1.5*1+1*0.8 -> 2.3 | Y38: 148.5 | Z38: 25 | AA38: 5 | AB38: 705635.65 | AC38: =50/55 -> 0.90909091
A39: 1.8.0.2. | B39: 100701 | C39: SINAPI | D39: PORTA DE FERRO, DE ABRIR, TIPO GRADE COM CHAPA, COM GUARNIÇÕES. AF_12/2019 | E39: m² | F39: 0,8*2,1*2+1*2,1 | G39: 686.88 | H39: =G39*1.25 -> 858.6 | I39: =F39*H39 -> #VALUE! | J39: =I39/AB39 -> #VALUE! | M39: =TRUNC(L39*$H39,2) -> 0 | O39: =TRUNC(N39*$H39,2) -> 0 | Q39: =TRUNC(P39*$H39,2) -> 0 | S39: =TRUNC(R39*$H39,2) -> 0 | U39: =TRUNC(T39*$H39,2) -> 0 | W39: =TRUNC(V39*$H39,2) -> 0 | X39: =0.8*2.1*2+1*2.1 -> 5.46 | Y39: 210 | Z39: 25 | AA39: 5 | AB39: 705635.65 | AC39: =50/55 -> 0.90909091
A40: 1.8.0.4. | B40: 3080 | C40: SINAPI | D40: FECHADURA ESPELHO PARA PORTA EXTERNA, EM ACO INOX (MAQUINA, TESTA E CONTRA-TESTA) E EM ZAMAC (MACANETA, LINGUETA E TRINCOS) COM ACABAMENTO CROMADO, MAQUINA DE 40 MM, INCLUINDO CHAVE TIPO CILINDRO | E40: CJ | F40: 3 | G40: 74.48 | H40: =G40*1.25 -> 93.1 | I40: =F40*H40 -> 279.3 | J40: =I40/AB40 -> 0.00039581334 | M40: =TRUNC(L40*$H40,2) -> 0 | O40: =TRUNC(N40*$H40,2) -> 0 | Q40: =TRUNC(P40*$H40,2) -> 0 | S40: =TRUNC(R40*$H40,2) -> 0 | U40: =TRUNC(T40*$H40,2) -> 0 | W40: =TRUNC(V40*$H40,2) -> 0 | X40: 3 | Y40: 100 | Z40: 25 | AA40: 5 | AB40: 705635.65 | AC40: =50/55 -> 0.90909091
A41: 1.8.0.5. | B41: 98695 | C41: SINAPI | D41: SOLEIRA EM MÁRMORE, LARGURA 15 CM, ESPESSURA 2,0 CM. AF_09/2020 | E41: M | F41: 0,8*2+1+1,5 | G41: 139.15 | H41: =G41*1.25 -> 173.9375 | I41: =F41*H41 -> #VALUE! | J41: =I41/AB41 -> #VALUE! | M41: =TRUNC(L41*$H41,2) -> 0 | O41: =TRUNC(N41*$H41,2) -> 0 | Q41: =TRUNC(P41*$H41,2) -> 0 | S41: =TRUNC(R41*$H41,2) -> 0 | U41: =TRUNC(T41*$H41,2) -> 0 | W41: =TRUNC(V41*$H41,2) -> 0 | X41: =0.8*2+1+1.5 -> 4.1 | Y41: 157.5 | Z41: 25 | AA41: 5 | AB41: 705635.65 | AC41: =50/55 -> 0.90909091
A42: 1.9 | D42: COBERTURA | F42: =Y42/Z42*AA42 -> 0 | H42: =G42*1.25 -> 0 | I42: =SUM(I43:I47) -> #VALUE! | J42: =I42/AB42 -> #VALUE! | Z42: 25 | AA42: 5 | AB42: 705635.65 | AC42: =50/55 -> 0.90909091
A43: 1.9.0.1. | B43: 92575 | C43: SINAPI | D43: TRAMA DE AÇO COMPOSTA POR RIPAS E CAIBROS PARA TELHADOS DE ATÉ 2 ÁGUAS PARA TELHA CERÂMICA CAPA-CANAL, INCLUSO TRANSPORTE VERTICAL. AF_07/2019 | E43: m² | F43: 4,95*4,57 | G43: 63.65 | H43: =G43*1.25 -> 79.5625 | I43: =F43*H43 -> #VALUE! | J43: =I43/AB43 -> #VALUE! | M43: =TRUNC(L43*$H43,2) -> 0 | O43: =TRUNC(N43*$H43,2) -> 0 | P43: 1877 | Q43: =TRUNC(P43*$H43,2) -> 149338.81 | S43: =TRUNC(R43*$H43,2) -> 0 | U43: =TRUNC(T43*$H43,2) -> 0 | W43: =TRUNC(V43*$H43,2) -> 0 | X43: =22.64 -> 22.64 | Y43: =4.57*4.95 -> 22.6215 | Z43: 25 | AA43: 5 | AB43: 705635.65 | AC43: =50/55 -> 0.90909091
A44: 1.9.0.1. | B44: 92580 | C44: SINAPI | D44: TRAMA DE AÇO COMPOSTA POR TERÇAS PARA TELHADOS DE ATÉ 2 ÁGUAS PARA TELHA ONDULADA DE FIBROCIMENTO, METÁLICA, PLÁSTICA OU TERMOACÚSTICA, INCLUSO TRANSPORTE VERTICAL, EXCLUSIVE PINTURA. AF_10/2025_PS | E44: m² | F44: 8,65*4,49 | G44: 48.28 | H44: =G44*1.25 -> 60.35 | I44: =F44*H44 -> #VALUE! | J44: =I44/AB44 -> #VALUE! | M44: =TRUNC(L44*$H44,2) -> 0 | O44: =TRUNC(N44*$H44,2) -> 0 | P44: 1877 | Q44: =TRUNC(P44*$H44,2) -> 113276.95 | S44: =TRUNC(R44*$H44,2) -> 0 | U44: =TRUNC(T44*$H44,2) -> 0 | W44: =TRUNC(V44*$H44,2) -> 0 | X44: =38.83 -> 38.83 | Y44: =8.65*4.49 -> 38.8385 | Z44: 25 | AA44: 5 | AB44: 705635.65 | AC44: =50/55 -> 0.90909091
A45: 1.9.0.2. | B45: 94447 | C45: SINAPI | D45: TELHAMENTO COM TELHA CERÂMICA CAPA-CANAL, TIPO PAULISTA, COM ATÉ 2 ÁGUAS, INCLUSO TRANSPORTE VERTICAL. AF_07/2019 | E45: m² | F45: 4,95*4,57 | G45: 61.73 | H45: =G45*1.25 -> 77.1625 | I45: =F45*H45 -> #VALUE! | J45: =I45/AB45 -> #VALUE! | M45: =TRUNC(L45*$H45,2) -> 0 | O45: =TRUNC(N45*$H45,2) -> 0 | P45: 1877 | Q45: =TRUNC(P45*$H45,2) -> 144834.01 | S45: =TRUNC(R45*$H45,2) -> 0 | U45: =TRUNC(T45*$H45,2) -> 0 | W45: =TRUNC(V45*$H45,2) -> 0 | X45: =22.64 -> 22.64 | Y45: 1877 | Z45: 25 | AA45: 5 | AB45: 705635.65 | AC45: =50/55 -> 0.90909091
A46: 1.9.0.2. | B46: 94218 | C46: SINAPI | D46: TELHAMENTO COM TELHA ESTRUTURAL DE FIBROCIMENTO E= 8 MM, COM ATÉ 2 ÁGUAS, INCLUSO IÇAMENTO. AF_07/2019_PS | E46: m² | F46: 8,65*4,49 | G46: 158.99 | H46: =G46*1.25 -> 198.7375 | I46: =F46*H46 -> #VALUE! | J46: =I46/AB46 -> #VALUE! | M46: =TRUNC(L46*$H46,2) -> 0 | O46: =TRUNC(N46*$H46,2) -> 0 | P46: 1877 | Q46: =TRUNC(P46*$H46,2) -> 373030.28 | S46: =TRUNC(R46*$H46,2) -> 0 | U46: =TRUNC(T46*$H46,2) -> 0 | W46: =TRUNC(V46*$H46,2) -> 0 | X46: 38.83 | Y46: 1877 | Z46: 25 | AA46: 5 | AB46: 705635.65 | AC46: =50/55 -> 0.90909091
A47: 1.9.0.3. | B47: 100719 | C47: SINAPI | D47: PINTURA COM TINTA ALQUÍDICA DE FUNDO (TIPO ZARCÃO) PULVERIZADA SOBRE PERFIL METÁLICO EXECUTADO EM FÁBRICA (POR DEMÃO). AF_01/2020_PE | E47: m² | F47: (8,65*4,49) ÁREA DE TELHADO = 22,64m²X 2 DEMÃOS | G47: 10.03 | H47: =G47*1.25 -> 12.5375 | I47: =F47*H47 -> #VALUE! | J47: =I47/AB47 -> #VALUE! | M47: =TRUNC(L47*$H47,2) -> 0 | O47: =TRUNC(N47*$H47,2) -> 0 | P47: 1830 | Q47: =TRUNC(P47*$H47,2) -> 22943.62 | S47: =TRUNC(R47*$H47,2) -> 0 | U47: =TRUNC(T47*$H47,2) -> 0 | W47: =TRUNC(V47*$H47,2) -> 0 | X47: =X43*2 -> 45.28 | Y47: 1830 | Z47: 25 | AA47: 5 | AB47: 705635.65 | AC47: =50/55 -> 0.90909091
A48: 1.10 | D48: REVESTIMENTOS INTERNOS | F48: =Y48/Z48*AA48 -> 0 | H48: =G48*1.25 -> 0 | I48: =SUM(I49:I52) -> #VALUE! | J48: =I48/AB48 -> #VALUE! | Z48: 25 | AA48: 5 | AB48: 705635.65 | AC48: =50/55 -> 0.90909091
A49: 1.10.0.1. | B49: 87879 | C49: SINAPI | D49: CHAPISCO APLICADO EM ALVENARIAS E ESTRUTURAS DE CONCRETO INTERNAS, COM COLHER DE PEDREIRO. ARGAMASSA TRAÇO 1:3 COM PREPARO EM BETONEIRA 400L. AF_10/2022 | E49: m² | F49: 4,69*2,7+13,4*3,2+4,45*5*2+3,84*3,3*2+8,65*3,3+3,84*3,2 | G49: 5.01 | H49: =G49*1.25 -> 6.2625 | I49: =F49*H49 -> #VALUE! | J49: =I49/AB49 -> #VALUE! | M49: =TRUNC(L49*$H49,2) -> 0 | O49: =TRUNC(N49*$H49,2) -> 0 | P49: 3016.25 | Q49: =TRUNC(P49*$H49,2) -> 18889.26 | S49: =TRUNC(R49*$H49,2) -> 0 | U49: =TRUNC(T49*$H49,2) -> 0 | W49: =TRUNC(V49*$H49,2) -> 0 | X49: =4.69*2.7+13.4*3.2+4.45*5*2+3.84*3.3*2+8.65*3.3+3.84*3.2 -> 166.22 | Y49: 3016.25 | Z49: 25 | AA49: 5 | AB49: 705635.65 | AC49: =50/55 -> 0.90909091
A50: 1.10.0.3. | B50: 87549 | C50: SINAPI | D50: EMBOÇO, EM ARGAMASSA TRAÇO 1:2:8, PREPARO MECÂNICO, APLICADO MANUALMENTE EM PAREDES INTERNAS DE AMBIENTES COM ÁREA ENTRE 5M² E 10M², E = 10MM, COM TALISCAS. AF_03/2024 | E50: m² | F50: (4,45+4,54)*2,3 | G50: 28.19 | H50: =G50*1.25 -> 35.2375 | I50: =F50*H50 -> #VALUE! | J50: =I50/AB50 -> #VALUE! | M50: =TRUNC(L50*$H50,2) -> 0 | O50: =TRUNC(N50*$H50,2) -> 0 | P50: 585 | Q50: =TRUNC(P50*$H50,2) -> 20613.93 | S50: =TRUNC(R50*$H50,2) -> 0 | U50: =TRUNC(T50*$H50,2) -> 0 | W50: =TRUNC(V50*$H50,2) -> 0 | X50: =(4.45+4.54)*2.3 -> 20.677 | Y50: 585 | Z50: 25 | AA50: 5 | AB50: 705635.65 | AC50: =50/55 -> 0.90909091
A51: 1.10.0.4. | B51: 104958 | C51: SINAPI | D51: MASSA ÚNICA, EM ARGAMASSA TRAÇO 1:2:8 PREPARO MECÂNICO, APLICADA MANUALMENTE EM PAREDES INTERNAS DE AMBIENTES COM ÁREA MAIOR QUE 10M², E = 10MM, COM TALISCAS. AF_03/2024 | E51: m² | F51: 4,69*2,7+13,4*3,2+4,45*5*2+3,84*3,3*2+8,65*3,3+3,84*3,2-((4,45+4,54)*2,3) | G51: 26.17 | H51: =G51*1.25 -> 32.7125 | I51: =F51*H51 -> #VALUE! | J51: =I51/AB51 -> #VALUE! | M51: =TRUNC(L51*$H51,2) -> 0 | O51: =TRUNC(N51*$H51,2) -> 0 | P51: 2431.25 | Q51: =TRUNC(P51*$H51,2) -> 79532.26 | S51: =TRUNC(R51*$H51,2) -> 0 | U51: =TRUNC(T51*$H51,2) -> 0 | W51: =TRUNC(V51*$H51,2) -> 0 | X51: =X49-((4.45+4.54)*2.3) -> 145.543 | Y51: 2431.25 | Z51: 25 | AA51: 5 | AB51: 705635.65 | AC51: =50/55 -> 0.90909091
A52: 1.10.0.6. | B52: 87267 | C52: SINAPI | D52: REVESTIMENTO CERÂMICO PARA PAREDES INTERNAS COM PLACAS TIPO ESMALTADA DE DIMENSÕES 20X20 CM APLICADAS A MEIA ALTURA DAS PAREDES. AF_02/2023_PE | E52: m² | F52: (4,45+4,54+1,95)*2,3 | G52: 68.53 | H52: =G52*1.25 -> 85.6625 | I52: =F52*H52 -> #VALUE! | J52: =I52/AB52 -> #VALUE! | M52: =TRUNC(L52*$H52,2) -> 0 | O52: =TRUNC(N52*$H52,2) -> 0 | P52: 336 | Q52: =TRUNC(P52*$H52,2) -> 28782.6 | S52: =TRUNC(R52*$H52,2) -> 0 | U52: =TRUNC(T52*$H52,2) -> 0 | W52: =TRUNC(V52*$H52,2) -> 0 | X52: =(4.45+4.54+1.95)*2.3 -> 25.162 | Y52: 336 | Z52: 25 | AA52: 5 | AB52: 705635.65 | AC52: =50/55 -> 0.90909091
A53: 1.11 | D53: REVESTIMENTOS EXTERNOS | F53: =Y53/Z53*AA53 -> 0 | H53: =G53*1.25 -> 0 | I53: =SUM(I54:I55) -> #VALUE! | J53: =I53/AB53 -> #VALUE! | Z53: 25 | AA53: 5 | AB53: 705635.65 | AC53: =50/55 -> 0.90909091
A54: 1.11.0.1. | B54: 87905 | C54: SINAPI | D54: CHAPISCO APLICADO EM ALVENARIA (COM PRESENÇA DE VÃOS) E ESTRUTURAS DE CONCRETO DE FACHADA, COM COLHER DE PEDREIRO. ARGAMASSA TRAÇO 1:3 COM PREPARO EM BETONEIRA 400L. AF_10/2022 | E54: m² | F54: 4,69*2,7+13,4*3,2+5,79*3,2+1,65*3,2+4,54*1,8*2 | G54: 8.78 | H54: =G54*1.25 -> 10.975 | I54: =F54*H54 -> #VALUE! | J54: =I54/AB54 -> #VALUE! | M54: =TRUNC(L54*$H54,2) -> 0 | O54: =TRUNC(N54*$H54,2) -> 0 | P54: 2151.75 | Q54: =TRUNC(P54*$H54,2) -> 23615.45 | S54: =TRUNC(R54*$H54,2) -> 0 | U54: =TRUNC(T54*$H54,2) -> 0 | W54: =TRUNC(V54*$H54,2) -> 0 | X54: =4.69*2.7+13.4*3.2+5.79*3.2+1.65*3.2+4.54*1.8*2 -> 95.695 | Y54: 2151.75 | Z54: 25 | AA54: 5 | AB54: 705635.65 | AC54: =50/55 -> 0.90909091
A55: 1.11.0.2. | B55: 87775 | C55: SINAPI | D55: EMBOÇO OU MASSA ÚNICA EM ARGAMASSA TRAÇO 1:2:8, PREPARO MECÂNICO COM BETONEIRA 400 L, APLICADA MANUALMENTE EM PANOS DE FACHADA COM PRESENÇA DE VÃOS, ESPESSURA DE 25 MM. AF_08/2022 | E55: m² | F55: =F54 -> 4,69*2,7+13,4*3,2+5,79*3,2+1,65*3,2+4,54*1,8*2 | G55: 60.48 | H55: =G55*1.25 -> 75.6 | I55: =F55*H55 -> #VALUE! | J55: =I55/AB55 -> #VALUE! | M55: =TRUNC(L55*$H55,2) -> 0 | O55: =TRUNC(N55*$H55,2) -> 0 | P55: 2151.75 | Q55: =TRUNC(P55*$H55,2) -> 162672.3 | S55: =TRUNC(R55*$H55,2) -> 0 | U55: =TRUNC(T55*$H55,2) -> 0 | W55: =TRUNC(V55*$H55,2) -> 0 | X55: =X54 -> 95.695 | Y55: 2151.75 | Z55: 25 | AA55: 5 | AB55: 705635.65 | AC55: =50/55 -> 0.90909091
A56: 1.12 | D56: FORROS | F56: =Y56/Z56*AA56*AC56 -> 0 | H56: =G56*1.25 -> 0 | I56: =SUM(I57) -> #VALUE! | J56: =I56/AB56 -> #VALUE! | Z56: 25 | AA56: 5 | AB56: 705635.65 | AC56: =50/55 -> 0.90909091
A57: 1.12.0.1. | B57: 96111 | C57: SINAPI | D57: FORRO EM RÉGUAS DE PVC, FRISADO, PARA AMBIENTES RESIDENCIAIS, INCLUSIVE ESTRUTURA UNIDIRECIONAL DE FIXAÇÃO. AF_08/2023_PS | E57: m² | F57: 22,64+38,83 | G57: 58.12 | H57: =G57*1.25 -> 72.65 | I57: =F57*H57 -> #VALUE! | J57: =I57/AB57 -> #VALUE! | M57: =TRUNC(L57*$H57,2) -> 0 | O57: =TRUNC(N57*$H57,2) -> 0 | Q57: =TRUNC(P57*$H57,2) -> 0 | S57: =TRUNC(R57*$H57,2) -> 0 | U57: =TRUNC(T57*$H57,2) -> 0 | W57: =TRUNC(V57*$H57,2) -> 0 | X57: =22.64+38.83 -> 61.47 | Y57: 924.25 | Z57: 25 | AA57: 5 | AB57: 705635.65 | AC57: =50/55 -> 0.90909091
A58: 1.13 | D58: PINTURA | F58: =Y58/Z58*AA58 -> 0 | I58: =SUM(I59+I62+I65) -> #VALUE! | J58: =I58/AB58 -> #VALUE! | Z58: 25 | AA58: 5 | AB58: 705635.65 | AC58: =50/55 -> 0.90909091
A59: 1.13.1 | D59: PINTURAS INTERNAS | F59: =Y59/Z59*AA59 -> 0 | I59: =SUM(I60:I61) -> #VALUE! | J59: =I59/AB59 -> #VALUE! | Z59: 25 | AA59: 5 | AB59: 705635.65 | AC59: =50/55 -> 0.90909091
A60: 1.13.1.1. | B60: 88485 | C60: SINAPI | D60: FUNDO SELADOR ACRÍLICO, APLICAÇÃO MANUAL EM PAREDE, UMA DEMÃO. AF_04/2023 | E60: m² | F60: =F51 -> 4,69*2,7+13,4*3,2+4,45*5*2+3,84*3,3*2+8,65*3,3+3,84*3,2-((4,45+4,54)*2,3) | G60: 4.74 | H60: =G60*1.25 -> 5.925 | I60: =F60*H60 -> #VALUE! | J60: =I60/AB60 -> #VALUE! | M60: =TRUNC(L60*$H60,2) -> 0 | O60: =TRUNC(N60*$H60,2) -> 0 | Q60: =TRUNC(P60*$H60,2) -> 0 | S60: =TRUNC(R60*$H60,2) -> 0 | U60: =TRUNC(T60*$H60,2) -> 0 | W60: =TRUNC(V60*$H60,2) -> 0 | X60: =X51 -> 145.543 | Y60: 2431.25 | Z60: 25 | AA60: 5 | AB60: 705635.65 | AC60: =50/55 -> 0.90909091
A61: 1.13.1.3. | B61: 104641 | C61: SINAPI | D61: PINTURA LÁTEX ACRÍLICA ECONÔMICA, APLICAÇÃO MANUAL EM PAREDES, DUAS DEMÃOS. AF_04/2023 | E61: m² | F61: =F60 -> 4,69*2,7+13,4*3,2+4,45*5*2+3,84*3,3*2+8,65*3,3+3,84*3,2-((4,45+4,54)*2,3) | G61: 11.04 | H61: =G61*1.25 -> 13.8 | I61: =F61*H61 -> #VALUE! | J61: =I61/AB61 -> #VALUE! | M61: =TRUNC(L61*$H61,2) -> 0 | O61: =TRUNC(N61*$H61,2) -> 0 | Q61: =TRUNC(P61*$H61,2) -> 0 | S61: =TRUNC(R61*$H61,2) -> 0 | U61: =TRUNC(T61*$H61,2) -> 0 | W61: =TRUNC(V61*$H61,2) -> 0 | X61: =X60 -> 145.543 | Y61: 2431.25 | Z61: 25 | AA61: 5 | AB61: 705635.65 | AC61: =50/55 -> 0.90909091
A62: 1.13.2 | D62: PINTURAS EXTERNAS | F62: =Y62/Z62*AA62 -> 0 | H62: =G62*1.25 -> 0 | I62: =SUM(I63:I64) -> #VALUE! | J62: =I62/AB62 -> #VALUE! | Z62: 25 | AA62: 5 | AB62: 705635.65 | AC62: =50/55 -> 0.90909091
A63: 1.13.2.1. | B63: 88415 | C63: SINAPI | D63: APLICAÇÃO MANUAL DE FUNDO SELADOR ACRÍLICO EM PAREDES EXTERNAS DE CASAS. AF_03/2024 | E63: m² | F63: 4,69*2,7+13,4*3,2+5,79*3,2+1,65*3,2+4,54*1,8*2+4,54*1,8*2 | G63: 5.63 | H63: =G63*1.25 -> 7.0375 | I63: =F63*H63 -> #VALUE! | J63: =I63/AB63 -> #VALUE! | M63: =TRUNC(L63*$H63,2) -> 0 | O63: =TRUNC(N63*$H63,2) -> 0 | Q63: =TRUNC(P63*$H63,2) -> 0 | S63: =TRUNC(R63*$H63,2) -> 0 | U63: =TRUNC(T63*$H63,2) -> 0 | W63: =TRUNC(V63*$H63,2) -> 0 | X63: =X55+4.54*1.8*2 -> 112.039 | Y63: 2151.75 | Z63: 25 | AA63: 5 | AB63: 705635.65 | AC63: =50/55 -> 0.90909091
A64: 1.13.2.2. | B64: 104642 | C64: SINAPI | D64: PINTURA LÁTEX ACRÍLICA STANDARD, APLICAÇÃO MANUAL EM PAREDES, DUAS DEMÃOS. AF_04/2023 | E64: m² | F64: =F63 -> 4,69*2,7+13,4*3,2+5,79*3,2+1,65*3,2+4,54*1,8*2+4,54*1,8*2 | G64: 12.69 | H64: =G64*1.25 -> 15.8625 | I64: =F64*H64 -> #VALUE! | J64: =I64/AB64 -> #VALUE! | M64: =TRUNC(L64*$H64,2) -> 0 | O64: =TRUNC(N64*$H64,2) -> 0 | Q64: =TRUNC(P64*$H64,2) -> 0 | S64: =TRUNC(R64*$H64,2) -> 0 | U64: =TRUNC(T64*$H64,2) -> 0 | W64: =TRUNC(V64*$H64,2) -> 0 | X64: =X63 -> 112.039 | Y64: 2151.75 | Z64: 25 | AA64: 5 | AB64: 705635.65 | AC64: =50/55 -> 0.90909091
A65: 1.13.3 | D65: PINTURA ESQUADRIAS | F65: =Y65/Z65*AA65*AC65 -> 0 | H65: =G65*1.25 -> 0 | I65: =SUM(I66:I66) -> #VALUE! | J65: =I65/AB65 -> #VALUE! | Z65: 25 | AA65: 5 | AB65: 705635.65 | AC65: =50/55 -> 0.90909091
A66: 1.13.3.1. | B66: 100721 | C66: SINAPI | D66: PINTURA COM TINTA ALQUÍDICA DE FUNDO (TIPO ZARCÃO) PULVERIZADA SOBRE SUPERFÍCIES METÁLICAS (EXCETO PERFIL) EXECUTADO EM OBRA (POR DEMÃO). AF_01/2020_PE | E66: m² | F66: 0,8*2,1*2+1*2,1*3 | G66: 26.88 | H66: =G66*1.25 -> 33.6 | I66: =F66*H66 -> #VALUE! | J66: =I66/AB66 -> #VALUE! | M66: =TRUNC(L66*$H66,2) -> 0 | O66: =TRUNC(N66*$H66,2) -> 0 | Q66: =TRUNC(P66*$H66,2) -> 0 | S66: =TRUNC(R66*$H66,2) -> 0 | U66: =TRUNC(T66*$H66,2) -> 0 | W66: =TRUNC(V66*$H66,2) -> 0 | X66: =X39*3 -> 16.38 | Y66: 420 | Z66: 25 | AA66: 5 | AB66: 705635.65 | AC66: =50/55 -> 0.90909091
A67: 1.14 | D67: PISO | F67: =Y67/Z67*AA67 -> 0 | H67: =G67*1.25 -> 0 | I67: =SUM(I68:I73) -> #VALUE! | J67: =I67/AB67 -> #VALUE! | Z67: 25 | AA67: 5 | AB67: 705635.65 | AC67: =50/55 -> 0.90909091
A68: 1.14.0.1. | B68: 97084 | C68: SINAPI | D68: COMPACTAÇÃO MECÂNICA DE SOLO PARA EXECUÇÃO DE RADIER, PISO DE CONCRETO OU LAJE SOBRE SOLO, COM COMPACTADOR DE SOLOS TIPO PLACA VIBRATÓRIA. AF_09/2021 | E68: m² | F68: 69.67 | G68: 0.75 | H68: =G68*1.25 -> 0.9375 | I68: =F68*H68 -> 65.315625 | J68: =I68/AB68 -> 9.2562819e-05 | M68: =TRUNC(L68*$H68,2) -> 0 | O68: =TRUNC(N68*$H68,2) -> 0 | Q68: =TRUNC(P68*$H68,2) -> 0 | S68: =TRUNC(R68*$H68,2) -> 0 | U68: =TRUNC(T68*$H68,2) -> 0 | W68: =TRUNC(V68*$H68,2) -> 0 | X68: 69.67 | Y68: 609.25 | Z68: 25 | AA68: 5 | AB68: 705635.65 | AC68: =50/55 -> 0.90909091
A69: 1.14.0.2. | B69: 97087 | C69: SINAPI | D69: CAMADA SEPARADORA PARA EXECUÇÃO DE RADIER, PISO DE CONCRETO OU LAJE SOBRE SOLO, EM LONA PLÁSTICA. AF_09/2021 | E69: m² | F69: =F57 -> 22,64+38,83 | G69: 2.81 | H69: =G69*1.25 -> 3.5125 | I69: =F69*H69 -> #VALUE! | J69: =I69/AB69 -> #VALUE! | M69: =TRUNC(L69*$H69,2) -> 0 | O69: =TRUNC(N69*$H69,2) -> 0 | Q69: =TRUNC(P69*$H69,2) -> 0 | S69: =TRUNC(R69*$H69,2) -> 0 | U69: =TRUNC(T69*$H69,2) -> 0 | W69: =TRUNC(V69*$H69,2) -> 0 | X69: =X57 -> 61.47 | Y69: 1217.5 | Z69: 25 | AA69: 5 | AB69: 705635.65 | AC69: =50/55 -> 0.90909091
A70: 1.14.0.3. | B70: 95241 | C70: SINAPI | D70: LASTRO DE CONCRETO MAGRO, APLICADO EM PISOS, LAJES SOBRE SOLO OU RADIERS, ESPESSURA DE 5 CM. AF_01/2024 | E70: m² | F70: =F69 -> 22,64+38,83 | G70: 44.84 | H70: =G70*1.25 -> 56.05 | I70: =F70*H70 -> #VALUE! | J70: =I70/AB70 -> #VALUE! | M70: =TRUNC(L70*$H70,2) -> 0 | O70: =TRUNC(N70*$H70,2) -> 0 | Q70: =TRUNC(P70*$H70,2) -> 0 | S70: =TRUNC(R70*$H70,2) -> 0 | U70: =TRUNC(T70*$H70,2) -> 0 | W70: =TRUNC(V70*$H70,2) -> 0 | X70: =X69 -> 61.47 | Y70: 1217.5 | Z70: 25 | AA70: 5 | AB70: 705635.65 | AC70: =50/55 -> 0.90909091
A71: 1.14.0.6. | B71: 87248 | C71: SINAPI | D71: REVESTIMENTO CERÂMICO PARA PISO COM PLACAS TIPO ESMALTADA DE DIMENSÕES 35X35 CM APLICADA EM AMBIENTES DE ÁREA MAIOR QUE 10 M2. AF_02/2023_PE | E71: m² | F71: =F69 -> 22,64+38,83 | G71: 56.77 | H71: =G71*1.25 -> 70.9625 | I71: =F71*H71 -> #VALUE! | J71: =I71/AB71 -> #VALUE! | M71: =TRUNC(L71*$H71,2) -> 0 | O71: =TRUNC(N71*$H71,2) -> 0 | Q71: =TRUNC(P71*$H71,2) -> 0 | S71: =TRUNC(R71*$H71,2) -> 0 | U71: =TRUNC(T71*$H71,2) -> 0 | W71: =TRUNC(V71*$H71,2) -> 0 | X71: =X69 -> 61.47 | Y71: 452.25 | Z71: 25 | AA71: 5 | AB71: 705635.65 | AC71: =50/55 -> 0.90909091
A72: 1.14.0.7. | B72: 94990 | C72: SINAPI | D72: EXECUÇÃO DE PASSEIO (CALÇADA) OU PISO DE CONCRETO COM CONCRETO MOLDADO IN LOCO, FEITO EM OBRA, ACABAMENTO CONVENCIONAL, NÃO ARMADO. AF_08/2022 | E72: m³ | F72: 14,27*0,07+4,69*0,6*0,07 | G72: 958.15 | H72: =G72*1.25 -> 1197.6875 | I72: =F72*H72 -> #VALUE! | J72: =I72/AB72 -> #VALUE! | M72: =TRUNC(L72*$H72,2) -> 0 | O72: =TRUNC(N72*$H72,2) -> 0 | Q72: =TRUNC(P72*$H72,2) -> 0 | S72: =TRUNC(R72*$H72,2) -> 0 | U72: =TRUNC(T72*$H72,2) -> 0 | W72: =TRUNC(V72*$H72,2) -> 0 | X72: =14.27*0.07+4.69*0.6*0.07 -> 1.19588 | Y72: 24.5 | Z72: 25 | AA72: 5 | AB72: 705635.65 | AC72: =50/55 -> 0.90909091
A73: 1.14.0.8. | B73: 88648 | C73: SINAPI | D73: RODAPÉ CERÂMICO DE 7CM DE ALTURA COM PLACAS TIPO ESMALTADA DE DIMENSÕES 35X35CM. AF_02/2023 | E73: M | F73: 13,4+3,84*4+8,65+4,54+4,45+1,95+1,2*2+2,34 | G73: 8.13 | H73: =G73*1.25 -> 10.1625 | I73: =F73*H73 -> #VALUE! | J73: =I73/AB73 -> #VALUE! | M73: =TRUNC(L73*$H73,2) -> 0 | O73: =TRUNC(N73*$H73,2) -> 0 | Q73: =TRUNC(P73*$H73,2) -> 0 | S73: =TRUNC(R73*$H73,2) -> 0 | U73: =TRUNC(T73*$H73,2) -> 0 | W73: =TRUNC(V73*$H73,2) -> 0 | X73: =13.4+3.84*4+8.65+4.54+4.45+1.95+1.2*2+2.34 -> 53.09 | Y73: 893.75 | Z73: 25 | AA73: 5 | AB73: 705635.65 | AC73: =50/55 -> 0.90909091
A74: 1.15 | D74: ELÉTRICAS / TELEFÔNICAS | F74: =Y74/Z74*AA74 -> 0 | H74: =G74*1.25 -> 0 | I74: =SUM(I75:I94) -> #VALUE! | J74: =I74/AB74 -> #VALUE! | Z74: 25 | AA74: 5 | AB74: 705635.65 | AC74: =50/55 -> 0.90909091
A75: 1.15.0.1. | B75: 93653 | C75: SINAPI | D75: DISJUNTOR MONOPOLAR TIPO DIN, CORRENTE NOMINAL DE 10A - FORNECIMENTO E INSTALAÇÃO. AF_10/2020 | E75: UN | F75: 2 | G75: 11.96 | H75: =G75*1.25 -> 14.95 | I75: =F75*H75 -> 29.9 | J75: =I75/AB75 -> 4.2373143e-05 | M75: =TRUNC(L75*$H75,2) -> 0 | O75: =TRUNC(N75*$H75,2) -> 0 | Q75: =TRUNC(P75*$H75,2) -> 0 | S75: =TRUNC(R75*$H75,2) -> 0 | U75: =TRUNC(T75*$H75,2) -> 0 | W75: =TRUNC(V75*$H75,2) -> 0 | X75: 2 | Y75: 100 | Z75: 25 | AA75: 5 | AB75: 705635.65 | AC75: =50/55 -> 0.90909091
A76: 1.15.0.2. | B76: 93654 | C76: SINAPI | D76: DISJUNTOR MONOPOLAR TIPO DIN, CORRENTE NOMINAL DE 16A - FORNECIMENTO E INSTALAÇÃO. AF_10/2020 | E76: UN | F76: 5UNI | G76: 11.96 | H76: =G76*1.25 -> 14.95 | I76: =F76*H76 -> #VALUE! | J76: =I76/AB76 -> #VALUE! | M76: =TRUNC(L76*$H76,2) -> 0 | O76: =TRUNC(N76*$H76,2) -> 0 | Q76: =TRUNC(P76*$H76,2) -> 0 | S76: =TRUNC(R76*$H76,2) -> 0 | U76: =TRUNC(T76*$H76,2) -> 0 | W76: =TRUNC(V76*$H76,2) -> 0 | X76: 5 | Y76: 25 | Z76: 25 | AA76: 5 | AB76: 705635.65 | AC76: =50/55 -> 0.90909091
A77: 1.15.0.3. | B77: 93656 | C77: SINAPI | D77: DISJUNTOR MONOPOLAR TIPO DIN, CORRENTE NOMINAL DE 25A - FORNECIMENTO E INSTALAÇÃO. AF_10/2020 | E77: UN | F77: 2 | G77: 14.12 | H77: =G77*1.25 -> 17.65 | I77: =F77*H77 -> 35.3 | J77: =I77/AB77 -> 5.0025817e-05 | M77: =TRUNC(L77*$H77,2) -> 0 | O77: =TRUNC(N77*$H77,2) -> 0 | Q77: =TRUNC(P77*$H77,2) -> 0 | S77: =TRUNC(R77*$H77,2) -> 0 | U77: =TRUNC(T77*$H77,2) -> 0 | W77: =TRUNC(V77*$H77,2) -> 0 | X77: 2 | Y77: 25 | Z77: 25 | AA77: 5 | AB77: 705635.65 | AC77: =50/55 -> 0.90909091
A78: 1.15.0.4. | B78: 93659 | C78: SINAPI | D78: DISJUNTOR MONOPOLAR TIPO DIN, CORRENTE NOMINAL DE 50A - FORNECIMENTO E INSTALAÇÃO. AF_10/2020 | E78: UN | F78: 1 | G78: 26.07 | H78: =G78*1.25 -> 32.5875 | I78: =F78*H78 -> 32.5875 | J78: =I78/AB78 -> 4.6181765e-05 | M78: =TRUNC(L78*$H78,2) -> 0 | O78: =TRUNC(N78*$H78,2) -> 0 | Q78: =TRUNC(P78*$H78,2) -> 0 | S78: =TRUNC(R78*$H78,2) -> 0 | U78: =TRUNC(T78*$H78,2) -> 0 | W78: =TRUNC(V78*$H78,2) -> 0 | X78: 1 | Y78: 25 | Z78: 25 | AA78: 5 | AB78: 705635.65 | AC78: =50/55 -> 0.90909091
A79: 1.15.0.6. | B79: 101873 | C79: SINAPI | D79: QUADRO DE DISTRIBUIÇÃO DE LUZ EM PVC PARA 12 DISJUNTORES - FORNECIMENTO E INSTALAÇÃO. AF_10/2020 | E79: UN | F79: 1 | G79: 101.03 | H79: =G79*1.25 -> 126.2875 | I79: =F79*H79 -> 126.2875 | J79: =I79/AB79 -> 0.00017896984 | M79: =TRUNC(L79*$H79,2) -> 0 | O79: =TRUNC(N79*$H79,2) -> 0 | Q79: =TRUNC(P79*$H79,2) -> 0 | S79: =TRUNC(R79*$H79,2) -> 0 | U79: =TRUNC(T79*$H79,2) -> 0 | W79: =TRUNC(V79*$H79,2) -> 0 | X79: 1 | Y79: 25 | Z79: 25 | AA79: 5 | AB79: 705635.65 | AC79: =50/55 -> 0.90909091
A80: 1.15.0.8. | B80: 97610 | C80: SINAPI | D80: LÂMPADA COMPACTA DE LED 10 W, BASE E27 - FORNECIMENTO E INSTALAÇÃO. AF_09/2024 | E80: UN | F80: 7 | G80: 14.67 | H80: =G80*1.25 -> 18.3375 | I80: =F80*H80 -> 128.3625 | J80: =I80/AB80 -> 0.00018191045 | M80: =TRUNC(L80*$H80,2) -> 0 | O80: =TRUNC(N80*$H80,2) -> 0 | Q80: =TRUNC(P80*$H80,2) -> 0 | S80: =TRUNC(R80*$H80,2) -> 0 | U80: =TRUNC(T80*$H80,2) -> 0 | W80: =TRUNC(V80*$H80,2) -> 0 | X80: 7 | Y80: 175 | Z80: 25 | AA80: 5 | AB80: 705635.65 | AC80: =50/55 -> 0.90909091
A81: 1.15.0.9. | B81: 91953 | C81: SINAPI | D81: INTERRUPTOR SIMPLES (1 MÓDULO), 10A/250V, INCLUINDO SUPORTE E PLACA - FORNECIMENTO E INSTALAÇÃO. AF_03/2023 | E81: UN | F81: 4 | G81: 32.68 | H81: =G81*1.25 -> 40.85 | I81: =F81*H81 -> 163.4 | J81: =I81/AB81 -> 0.00023156426 | M81: =TRUNC(L81*$H81,2) -> 0 | O81: =TRUNC(N81*$H81,2) -> 0 | Q81: =TRUNC(P81*$H81,2) -> 0 | S81: =TRUNC(R81*$H81,2) -> 0 | U81: =TRUNC(T81*$H81,2) -> 0 | W81: =TRUNC(V81*$H81,2) -> 0 | X81: 4 | Y81: 125 | Z81: 25 | AA81: 5 | AB81: 705635.65 | AC81: =50/55 -> 0.90909091
A82: 1.15.0.11. | B82: 92000 | C82: SINAPI | D82: TOMADA BAIXA DE EMBUTIR (1 MÓDULO), 2P+T 10 A, INCLUINDO SUPORTE E PLACA - FORNECIMENTO E INSTALAÇÃO. AF_03/2023 | E82: UN | F82: 4 | G82: 34.17 | H82: =G82*1.25 -> 42.7125 | I82: =F82*H82 -> 170.85 | J82: =I82/AB82 -> 0.00024212212 | M82: =TRUNC(L82*$H82,2) -> 0 | O82: =TRUNC(N82*$H82,2) -> 0 | Q82: =TRUNC(P82*$H82,2) -> 0 | S82: =TRUNC(R82*$H82,2) -> 0 | U82: =TRUNC(T82*$H82,2) -> 0 | W82: =TRUNC(V82*$H82,2) -> 0 | X82: 4 | Y82: 250 | Z82: 25 | AA82: 5 | AB82: 705635.65 | AC82: =50/55 -> 0.90909091
A83: 1.15.0.12. | B83: 91996 | C83: SINAPI | D83: TOMADA MÉDIA DE EMBUTIR (1 MÓDULO), 2P+T 10 A, INCLUINDO SUPORTE E PLACA - FORNECIMENTO E INSTALAÇÃO. AF_03/2023 | E83: UN | F83: 4 | G83: 38.81 | H83: =G83*1.25 -> 48.5125 | I83: =F83*H83 -> 194.05 | J83: =I83/AB83 -> 0.00027500028 | M83: =TRUNC(L83*$H83,2) -> 0 | O83: =TRUNC(N83*$H83,2) -> 0 | Q83: =TRUNC(P83*$H83,2) -> 0 | S83: =TRUNC(R83*$H83,2) -> 0 | U83: =TRUNC(T83*$H83,2) -> 0 | W83: =TRUNC(V83*$H83,2) -> 0 | X83: 4 | Y83: 150 | Z83: 25 | AA83: 5 | AB83: 705635.65 | AC83: =50/55 -> 0.90909091
A84: 1.15.0.13. | B84: 91993 | C84: SINAPI | D84: TOMADA ALTA DE EMBUTIR (1 MÓDULO), 2P+T 20 A, INCLUINDO SUPORTE E PLACA - FORNECIMENTO E INSTALAÇÃO. AF_03/2023 | E84: UN | F84: 2 | G84: 52.84 | H84: =G84*1.25 -> 66.05 | I84: =F84*H84 -> 132.1 | J84: =I84/AB84 -> 0.00018720709 | M84: =TRUNC(L84*$H84,2) -> 0 | O84: =TRUNC(N84*$H84,2) -> 0 | Q84: =TRUNC(P84*$H84,2) -> 0 | S84: =TRUNC(R84*$H84,2) -> 0 | U84: =TRUNC(T84*$H84,2) -> 0 | W84: =TRUNC(V84*$H84,2) -> 0 | X84: 2 | Y84: 25 | Z84: 25 | AA84: 5 | AB84: 705635.65 | AC84: =50/55 -> 0.90909091
A85: 1.15.0.17. | B85: 91941 | C85: SINAPI | D85: CAIXA RETANGULAR 4" X 2" BAIXA (0,30 M DO PISO), PVC, INSTALADA EM PAREDE - FORNECIMENTO E INSTALAÇÃO. AF_03/2023 | E85: UN | F85: =F82 -> 4 | G85: 12.82 | H85: =G85*1.25 -> 16.025 | I85: =F85*H85 -> 64.1 | J85: =I85/AB85 -> 9.0840082e-05 | M85: =TRUNC(L85*$H85,2) -> 0 | O85: =TRUNC(N85*$H85,2) -> 0 | Q85: =TRUNC(P85*$H85,2) -> 0 | S85: =TRUNC(R85*$H85,2) -> 0 | U85: =TRUNC(T85*$H85,2) -> 0 | W85: =TRUNC(V85*$H85,2) -> 0 | X85: =X82 -> 4 | Y85: 300 | Z85: 25 | AA85: 5 | AB85: 705635.65 | AC85: =50/55 -> 0.90909091
A86: 1.15.0.18. | B86: 91940 | C86: SINAPI | D86: CAIXA RETANGULAR 4" X 2" MÉDIA (1,30 M DO PISO), PVC, INSTALADA EM PAREDE - FORNECIMENTO E INSTALAÇÃO. AF_03/2023 | E86: UN | F86: =F83+F81 -> 8 | G86: 20.68 | H86: =G86*1.25 -> 25.85 | I86: =F86*H86 -> 206.8 | J86: =I86/AB86 -> 0.00029306909 | M86: =TRUNC(L86*$H86,2) -> 0 | O86: =TRUNC(N86*$H86,2) -> 0 | Q86: =TRUNC(P86*$H86,2) -> 0 | S86: =TRUNC(R86*$H86,2) -> 0 | U86: =TRUNC(T86*$H86,2) -> 0 | W86: =TRUNC(V86*$H86,2) -> 0 | X86: =X83+X81 -> 8 | Y86: 325 | Z86: 25 | AA86: 5 | AB86: 705635.65 | AC86: =50/55 -> 0.90909091
A87: 1.15.0.19. | B87: 91939 | C87: SINAPI | D87: CAIXA RETANGULAR 4" X 2" ALTA (2,00 M DO PISO), PVC, INSTALADA EM PAREDE - FORNECIMENTO E INSTALAÇÃO. AF_03/2023 | E87: UN | F87: =F84 -> 2 | G87: 36.7 | H87: =G87*1.25 -> 45.875 | I87: =F87*H87 -> 91.75 | J87: =I87/AB87 -> 0.00013002461 | M87: =TRUNC(L87*$H87,2) -> 0 | O87: =TRUNC(N87*$H87,2) -> 0 | Q87: =TRUNC(P87*$H87,2) -> 0 | S87: =TRUNC(R87*$H87,2) -> 0 | U87: =TRUNC(T87*$H87,2) -> 0 | W87: =TRUNC(V87*$H87,2) -> 0 | X87: =X84 -> 2 | Y87: 50 | Z87: 25 | AA87: 5 | AB87: 705635.65 | AC87: =50/55 -> 0.90909091
A88: 1.15.0.21. | B88: 91924 | C88: SINAPI | D88: CABO DE COBRE FLEXÍVEL ISOLADO, 1,5 MM², ANTI-CHAMA 450/750 V, PARA CIRCUITOS TERMINAIS - FORNECIMENTO E INSTALAÇÃO. AF_03/2023 | E88: M | F88: =Y88/Z88 -> 97.9 | G88: 3.7 | H88: =G88*1.25 -> 4.625 | I88: =F88*H88 -> 452.7875 | J88: =I88/AB88 -> 0.00064167322 | M88: =TRUNC(L88*$H88,2) -> 0 | O88: =TRUNC(N88*$H88,2) -> 0 | Q88: =TRUNC(P88*$H88,2) -> 0 | S88: =TRUNC(R88*$H88,2) -> 0 | U88: =TRUNC(T88*$H88,2) -> 0 | W88: =TRUNC(V88*$H88,2) -> 0 | X88: 97.9 | Y88: 2447.5 | Z88: 25 | AA88: 1 | AB88: 705635.65 | AC88: =50/55 -> 0.90909091
A89: 1.15.0.22. | B89: 91926 | C89: SINAPI | D89: CABO DE COBRE FLEXÍVEL ISOLADO, 2,5 MM², ANTI-CHAMA 450/750 V, PARA CIRCUITOS TERMINAIS - FORNECIMENTO E INSTALAÇÃO. AF_03/2023 | E89: M | F89: =Y89/Z89 -> 258.8 | G89: 5.38 | H89: =G89*1.25 -> 6.725 | I89: =F89*H89 -> 1740.43 | J89: =I89/AB89 -> 0.0024664712 | M89: =TRUNC(L89*$H89,2) -> 0 | O89: =TRUNC(N89*$H89,2) -> 0 | Q89: =TRUNC(P89*$H89,2) -> 0 | S89: =TRUNC(R89*$H89,2) -> 0 | U89: =TRUNC(T89*$H89,2) -> 0 | W89: =TRUNC(V89*$H89,2) -> 0 | X89: 258.8 | Y89: 6470 | Z89: 25 | AA89: 5 | AB89: 705635.65 | AC89: =50/55 -> 0.90909091
A90: 1.15.0.23. | B90: 91928 | C90: SINAPI | D90: CABO DE COBRE FLEXÍVEL ISOLADO, 4 MM², ANTI-CHAMA 450/750 V, PARA CIRCUITOS TERMINAIS - FORNECIMENTO E INSTALAÇÃO. AF_03/2023 | E90: M | F90: =Y90/Z90 -> 24.8 | G90: 8.33 | H90: =G90*1.25 -> 10.4125 | I90: =F90*H90 -> 258.23 | J90: =I90/AB90 -> 0.00036595373 | M90: =TRUNC(L90*$H90,2) -> 0 | O90: =TRUNC(N90*$H90,2) -> 0 | Q90: =TRUNC(P90*$H90,2) -> 0 | S90: =TRUNC(R90*$H90,2) -> 0 | U90: =TRUNC(T90*$H90,2) -> 0 | W90: =TRUNC(V90*$H90,2) -> 0 | X90: 24.8 | Y90: 620 | Z90: 25 | AA90: 5 | AB90: 705635.65 | AC90: =50/55 -> 0.90909091
A91: 1.15.0.25. | B91: 101560 | C91: SINAPI | D91: CABO DE COBRE FLEXÍVEL ISOLADO, 10 MM², ANTI-CHAMA 0,6/1,0 KV, PARA DISTRIBUIÇÃO - FORNECIMENTO E INSTALAÇÃO. AF_10/2020 | E91: M | F91: =Y91/Z91 -> 8.3 | G91: 12.94 | H91: =G91*1.25 -> 16.175 | I91: =F91*H91 -> 134.2525 | J91: =I91/AB91 -> 0.00019025754 | M91: =TRUNC(L91*$H91,2) -> 0 | O91: =TRUNC(N91*$H91,2) -> 0 | Q91: =TRUNC(P91*$H91,2) -> 0 | S91: =TRUNC(R91*$H91,2) -> 0 | U91: =TRUNC(T91*$H91,2) -> 0 | W91: =TRUNC(V91*$H91,2) -> 0 | X91: 8.3 | Y91: 207.5 | Z91: 25 | AA91: 5 | AB91: 705635.65 | AC91: =50/55 -> 0.90909091
A92: 1.15.0.26. | B92: 91834 | C92: SINAPI | D92: ELETRODUTO FLEXÍVEL CORRUGADO, PVC, DN 25 MM (3/4"), PARA CIRCUITOS TERMINAIS, INSTALADO EM FORRO - FORNECIMENTO E INSTALAÇÃO. AF_03/2023 | E92: M | F92: =Y92/Z92 -> 44.7 | G92: 19.52 | H92: =G92*1.25 -> 24.4 | I92: =F92*H92 -> 1090.68 | J92: =I92/AB92 -> 0.0015456702 | M92: =TRUNC(L92*$H92,2) -> 0 | O92: =TRUNC(N92*$H92,2) -> 0 | Q92: =TRUNC(P92*$H92,2) -> 0 | S92: =TRUNC(R92*$H92,2) -> 0 | U92: =TRUNC(T92*$H92,2) -> 0 | W92: =TRUNC(V92*$H92,2) -> 0 | X92: 44.7 | Y92: 1117.5 | Z92: 25 | AA92: 5 | AB92: 705635.65 | AC92: =50/55 -> 0.90909091
A93: 1.15.0.27. | B93: 91854 | C93: SINAPI | D93: ELETRODUTO FLEXÍVEL CORRUGADO, PVC, DN 25 MM (3/4"), PARA CIRCUITOS TERMINAIS, INSTALADO EM PAREDE - FORNECIMENTO E INSTALAÇÃO. AF_03/2023 | E93: M | F93: =Y93/Z93 -> 58.3 | G93: 10.96 | H93: =G93*1.25 -> 13.7 | I93: =F93*H93 -> 798.71 | J93: =I93/AB93 -> 0.0011319014 | M93: =TRUNC(L93*$H93,2) -> 0 | O93: =TRUNC(N93*$H93,2) -> 0 | Q93: =TRUNC(P93*$H93,2) -> 0 | S93: =TRUNC(R93*$H93,2) -> 0 | U93: =TRUNC(T93*$H93,2) -> 0 | W93: =TRUNC(V93*$H93,2) -> 0 | X93: 58.3 | Y93: 1457.5 | Z93: 25 | AA93: 5 | AB93: 705635.65 | AC93: =50/55 -> 0.90909091
A94: 1.15.0.29. | B94: 90447 | C94: SINAPI | D94: RASGO LINEAR MANUAL EM ALVENARIA, PARA ELETRODUTOS, DIÂMETROS MENORES OU IGUAIS A 40 MM. AF_09/2023 | E94: M | F94: =Y94/Z94 -> 58.3 | G94: 9.83 | H94: =G94*1.25 -> 12.2875 | I94: =F94*H94 -> 716.36125 | J94: =I94/AB94 -> 0.0010151999 | M94: =TRUNC(L94*$H94,2) -> 0 | O94: =TRUNC(N94*$H94,2) -> 0 | Q94: =TRUNC(P94*$H94,2) -> 0 | S94: =TRUNC(R94*$H94,2) -> 0 | U94: =TRUNC(T94*$H94,2) -> 0 | W94: =TRUNC(V94*$H94,2) -> 0 | X94: 58.3 | Y94: 1457.5 | Z94: 25 | AA94: 1 | AB94: 705635.65 | AC94: =50/55 -> 0.90909091
A95: 1.16 | D95: HIDRÁULICAS / GÁS / INCÊNCIO | F95: =Y95/Z95*AA95 -> 0 | H95: =G95*1.25 -> 0 | I95: =SUM(I96:I114) -> 2325.355 | J95: =I95/AB95 -> 0.0032954046 | Z95: 25 | AA95: 5 | AB95: 705635.65 | AC95: =50/55 -> 0.90909091
A96: 1.16.0.1. | B96: 90373 | C96: SINAPI | D96: JOELHO 90 GRAUS COM BUCHA DE LATÃO, PVC, SOLDÁVEL, DN 25MM, X 1/2 INSTALADO EM RAMAL OU SUB-RAMAL DE ÁGUA - FORNECIMENTO E INSTALAÇÃO. AF_06/2022 | E96: UN | F96: =Y96/Z96 -> 7 | G96: 14.46 | H96: =G96*1.25 -> 18.075 | I96: =F96*H96 -> 126.525 | J96: =I96/AB96 -> 0.00017930642 | M96: =TRUNC(L96*$H96,2) -> 0 | O96: =TRUNC(N96*$H96,2) -> 0 | Q96: =TRUNC(P96*$H96,2) -> 0 | S96: =TRUNC(R96*$H96,2) -> 0 | U96: =TRUNC(T96*$H96,2) -> 0 | W96: =TRUNC(V96*$H96,2) -> 0 | X96: 7 | Y96: 175 | Z96: 25 | AA96: 5 | AB96: 705635.65 | AC96: =50/55 -> 0.90909091
A97: 1.16.0.2. | B97: 89408 | C97: SINAPI | D97: JOELHO 90 GRAUS, PVC, SOLDÁVEL, DN 25MM, INSTALADO EM RAMAL DE DISTRIBUIÇÃO DE ÁGUA - FORNECIMENTO E INSTALAÇÃO. AF_06/2022 | E97: UN | F97: =Y97/Z97 -> 8 | G97: 9.79 | H97: =G97*1.25 -> 12.2375 | I97: =F97*H97 -> 97.9 | J97: =I97/AB97 -> 0.00013874016 | M97: =TRUNC(L97*$H97,2) -> 0 | O97: =TRUNC(N97*$H97,2) -> 0 | Q97: =TRUNC(P97*$H97,2) -> 0 | S97: =TRUNC(R97*$H97,2) -> 0 | U97: =TRUNC(T97*$H97,2) -> 0 | W97: =TRUNC(V97*$H97,2) -> 0 | X97: 8 | Y97: 200 | Z97: 25 | AA97: 5 | AB97: 705635.65 | AC97: =50/55 -> 0.90909091
A98: 1.16.0.3. | B98: 89395 | C98: SINAPI | D98: TE, PVC, SOLDÁVEL, DN 25MM, INSTALADO EM RAMAL OU SUB-RAMAL DE ÁGUA - FORNECIMENTO E INSTALAÇÃO. AF_06/2022 | E98: UN | F98: =Y98/Z98 -> 3 | G98: 14.74 | H98: =G98*1.25 -> 18.425 | I98: =F98*H98 -> 55.275 | J98: =I98/AB98 -> 7.8333627e-05 | M98: =TRUNC(L98*$H98,2) -> 0 | O98: =TRUNC(N98*$H98,2) -> 0 | Q98: =TRUNC(P98*$H98,2) -> 0 | S98: =TRUNC(R98*$H98,2) -> 0 | U98: =TRUNC(T98*$H98,2) -> 0 | W98: =TRUNC(V98*$H98,2) -> 0 | X98: 3 | Y98: 75 | Z98: 25 | AA98: 5 | AB98: 705635.65 | AC98: =50/55 -> 0.90909091
A99: 1.16.0.4. | B99: 89383 | C99: SINAPI | D99: ADAPTADOR CURTO COM BOLSA E ROSCA PARA REGISTRO, PVC, SOLDÁVEL, DN 25MM X 3/4, INSTALADO EM RAMAL OU SUB-RAMAL DE ÁGUA - FORNECIMENTO E INSTALAÇÃO. AF_06/2022 | E99: UN | F99: =Y99/Z99 -> 8 | G99: 7.4 | H99: =G99*1.25 -> 9.25 | I99: =F99*H99 -> 74 | J99: =I99/AB99 -> 0.00010486998 | M99: =TRUNC(L99*$H99,2) -> 0 | O99: =TRUNC(N99*$H99,2) -> 0 | Q99: =TRUNC(P99*$H99,2) -> 0 | S99: =TRUNC(R99*$H99,2) -> 0 | U99: =TRUNC(T99*$H99,2) -> 0 | W99: =TRUNC(V99*$H99,2) -> 0 | X99: 8 | Y99: 200 | Z99: 25 | AA99: 5 | AB99: 705635.65 | AC99: =50/55 -> 0.90909091
A100: 1.16.0.5. | B100: CM62 | C100: Próprio | D100: FORNECIMENTO E INSTALAÇÃO DE PRESSURIZADOR ACOPLADO AO CHUVEIRO (TENSÃO: 127V - PRESSÃO MINIMA: 0,7MCA / PRESSÃO MÁXIMA: 2,5MCA - ENTRADA 1/2" / SAÍDA 1/2") | E100: UN | F100: =Y100/Z100 -> 1 | G100: 291.99 | H100: =G100*1.25 -> 364.9875 | I100: =F100*H100 -> 364.9875 | J100: =I100/AB100 -> 0.0005172464 | M100: =TRUNC(L100*$H100,2) -> 0 | O100: =TRUNC(N100*$H100,2) -> 0 | Q100: =TRUNC(P100*$H100,2) -> 0 | S100: =TRUNC(R100*$H100,2) -> 0 | U100: =TRUNC(T100*$H100,2) -> 0 | W100: =TRUNC(V100*$H100,2) -> 0 | X100: 1 | Y100: 25 | Z100: 25 | AA100: 5 | AB100: 705635.65 | AC100: =50/55 -> 0.90909091
...

Sheet Planilha2
A7: ='Orçamento Sintético'!D8 -> SERVIÇOS PRELIMINARES | E7: ='Orçamento Sintético'!I8 -> 1245.75
A8: ='Orçamento Sintético'!D10 -> FUNDAÇÃO | E8: ='Orçamento Sintético'!I10 -> 2280.775
A9: ='Orçamento Sintético'!D12 -> BALDRAMES | E9: ='Orçamento Sintético'!I12 -> 7660.9721
A10: ='Orçamento Sintético'!D21 -> IMPERMEABILIZAÇÃO | E10: ='Orçamento Sintético'!I24 -> 649.6075

Sheet Planilha1
A5: ='Orçamento Sintético'!D2 -> OBRA:CONTRATAÇÃO DE EMPRESA PARA AMPLIAÇÃO DA UBS DE ITAPIRATINS - TO
A6: DATA DASE: SINAPI/TO 04/2026 NÃO DESONERADO
A7: ENCARGOS SOCIAIS - N DESONERADOS HORISTA: 110,74% MENSALISTA : 68,05%
A8: BDI: 25,00%
A9: CRONOGRAMA FÍSICO - FINANCEIRO
A10: Item | B10: Descrição | C10: Valor (R$) | D10: Parcelas: | E10: 1 | F10: 2 | G10: 3 | H10: 4 | I10: 5 | J10: 6 | K10: 7 | L10: 8 | M10: 9 | N10: 10 | O10: 11 | P10: 12
A11: 1. | B11: ='Orçamento Sintético'!D5 -> AMPLIAÇÃO DA UBS DE ITAPIRATINS | C11: =SUM(C12:C47) -> 119599.47 | D11: % Período: | E11: =E48 -> 0.034437861 | F11: =F48 -> 0.22610035 | G11: =G48 -> 0.30185892 | H11: =H48 -> 0.28069538 | I11: =I48 -> 0.10023071 | J11: =J48 -> 0.05667677 | Q11: =SUM(E11:J11) -> 0.99999999
A12: 1.1 | B12: ='[2]Orçamento Sintético'!D6 -> ADMINISTRAÇÃO LOCAL DA OBRA | C12: ='Orçamento Sintético'!I6 -> 5500 | D12: % Período: | E12: 0.0483 | F12: 0.221 | G12: 0.3109 | H12: 0.2859 | I12: 0.0949 | J12: 0.039 | Q12: =SUM(E12:J12) -> 1
E13: =C12*E12 -> 265.65 | F13: =F12*C12 -> 1215.5 | G13: =G12*C12 -> 1709.95 | H13: =H12*C12 -> 1572.45 | I13: =I12*C12 -> 521.95 | J13: =J12*C12 -> 214.5 | Q13: =SUM(E13:J13) -> 5500 | R13: =C12-Q13 -> 0 | S13: =R13/A48 -> 0 | T13: =29.96+1.13 -> 31.09
A14: 1.2 | B14: ='[2]Orçamento Sintético'!D8 -> SERVIÇOS PRELIMINARES | C14: ='Orçamento Sintético'!I8 -> 1245.75 | D14: % Período: | E14: 0.3 | F14: 0.3 | G14: 0.3 | H14: 0.1 | Q14: =SUM(E14:J14) -> 1 | R14: =C13-Q14 -> -1
E15: =E14*C14 -> 373.725 | F15: =F14*C14 -> 373.725 | G15: =G14*C14 -> 373.725 | H15: =H14*C14 -> 124.575 | I15: =I14*C14 -> 0 | J15: =J14*C14 -> 0 | Q15: =SUM(E15:J15) -> 1245.75 | R15: =C14-Q15 -> 0
A16: 1.3 | B16: ='[2]Orçamento Sintético'!D13 -> FUNDAÇÃO | C16: ='Orçamento Sintético'!I10 -> 2280.775 | D16: % Período: | E16: 0.3 | F16: 0.3 | G16: 0.2 | H16: 0.2 | Q16: =SUM(E16:J16) -> 1 | R16: =C15-Q16 -> -1
E17: =E16*C16 -> 684.2325 | F17: =F16*C16 -> 684.2325 | G17: =G16*C16 -> 456.155 | H17: =H16*C16 -> 456.155 | I17: =I16*C16 -> 0 | J17: =J16*C16 -> 0 | Q17: =SUM(E17:J17) -> 2280.775 | R17: =C16-Q17 -> 0
A18: 1.4 | B18: ='[2]Orçamento Sintético'!D15 -> BALDRAMES | C18: ='Orçamento Sintético'!I12 -> 7660.9721 | D18: % Período: | E18: 0.3 | F18: 0.3 | G18: 0.2 | H18: 0.2 | Q18: =SUM(E18:J18) -> 1 | R18: =C17-Q18 -> -1
E19: =E18*C18 -> 2298.2916 | F19: =F18*C18 -> 2298.2916 | G19: =G18*C18 -> 1532.1944 | H19: =H18*C18 -> 1532.1944 | I19: =I18*C18 -> 0 | J19: =J18*C18 -> 0 | Q19: =SUM(E19:J19) -> 7660.9721 | R19: =C18-Q19 -> 0
A20: 1.5 | B20: ='[2]Orçamento Sintético'!D24 -> IMPERMEABILIZAÇÃO | C20: ='Orçamento Sintético'!I21 -> 1656.1694 | D20: % Período: | E20: 0.3 | F20: 0.3 | G20: 0.2 | H20: 0.2 | Q20: =SUM(E20:J20) -> 1 | R20: =C19-Q20 -> -1
E21: =E20*C20 -> 496.85081 | F21: =F20*C20 -> 496.85081 | G21: =G20*C20 -> 331.23388 | H21: =H20*C20 -> 331.23388 | I21: =I20*C20 -> 0 | J21: =J20*C20 -> 0 | Q21: =SUM(E21:J21) -> 1656.1694 | R21: =C20-Q21 -> 0
A22: 1.6 | B22: ='[2]Orçamento Sintético'!D28 -> PILARES, VIGAS E LAJES | C22: ='Orçamento Sintético'!I25 -> 12739.807 | D22: % Período: | F22: 0.4 | G22: 0.4 | H22: 0.2 | Q22: =SUM(E22:J22) -> 1 | R22: =C21-Q22 -> -1
E23: =E22*C22 -> 0 | F23: =F22*C22 -> 5095.9228 | G23: =G22*C22 -> 5095.9228 | H23: =H22*C22 -> 2547.9614 | I23: =I22*C22 -> 0 | J23: =J22*C22 -> 0 | Q23: =SUM(E23:J23) -> 12739.807 | R23: =C22-Q23 -> 0
A24: 1.7 | B24: ='[2]Orçamento Sintético'!D39 -> ALVENARIA/FECHAMENTOS | C24: ='Orçamento Sintético'!I33 -> 15515.895 | D24: % Período: | F24: 0.4 | G24: 0.4 | H24: 0.2 | Q24: =SUM(E24:J24) -> 1 | R24: =C23-Q24 -> -1
E25: =E24*C24 -> 0 | F25: =F24*C24 -> 6206.3579 | G25: =G24*C24 -> 6206.3579 | H25: =H24*C24 -> 3103.1789 | I25: =I24*C24 -> 0 | J25: =J24*C24 -> 0 | Q25: =SUM(E25:J25) -> 15515.895 | R25: =C24-Q25 -> 0
A26: 1.8 | B26: ='[2]Orçamento Sintético'!D43 -> ESQUADRIAS METÁLICAS | C26: ='Orçamento Sintético'!I37 -> 7958.291 | D26: % Período: | G26: 0.5 | H26: 0.5 | Q26: =SUM(E26:J26) -> 1 | R26: =C25-Q26 -> -1
E27: =E26*C26 -> 0 | F27: =F26*C26 -> 0 | G27: =G26*C26 -> 3979.1455 | H27: OBRA | I27: =I26*C26 -> 0 | J27: =J26*C26 -> 0 | Q27: =SUM(E27:J27) -> 3979.1455 | R27: =C26-Q27 -> 3979.1455
A28: 1.9 | B28: ='[2]Orçamento Sintético'!D49 -> COBERTURA | C28: ='Orçamento Sintético'!I42 -> 14176.32 | D28: % Período: | F28: 0.2 | G28: 0.4 | H28: 0.4 | Q28: =SUM(E28:J28) -> 1 | R28: =C27-Q28 -> -1
E29: =E28*C28 -> 0 | F29: =F28*C28 -> 2835.2639 | G29: =G28*C28 -> 5670.5279 | H29: =H28*C28 -> 5670.5279 | I29: =I28*C28 -> 0 | J29: =J28*C28 -> 0 | Q29: =SUM(E29:J29) -> 14176.32 | R29: =C28-Q29 -> 0
A30: 1.10 | B30: ='[2]Orçamento Sintético'!D55 -> REVESTIMENTOS INTERNOS | C30: ='Orçamento Sintético'!I48 -> 8686.0737 | D30: % Período: | F30: 0.2 | G30: 0.3 | H30: 0.3 | I30: 0.2 | Q30: =SUM(E30:J30) -> 1 | R30: =C29-Q30 -> -1
E31: =E30*C30 -> 0 | F31: =F30*C30 -> 1737.2148 | G31: =G30*C30 -> 2605.8221 | H31: =H30*C30 -> 2605.8221 | I31: =I30*C30 -> 1737.2148 | J31: =J30*C30 -> 0 | Q31: =SUM(E31:J31) -> 8686.0737 | R31: =C30-Q31 -> 0
A32: 1.11 | B32: ='[2]Orçamento Sintético'!D63 -> REVESTIMENTOS EXTERNOS | C32: ='Orçamento Sintético'!I53 -> 8284.7946 | D32: % Período: | F32: 0.2 | G32: 0.3 | H32: 0.3 | I32: 0.2 | Q32: =SUM(E32:J32) -> 1 | R32: =C31-Q32 -> -1
F33: =F32*C32 -> 1656.9589 | G33: =G32*C32 -> 2485.4384 | H33: =H32*C32 -> 2485.4384 | I33: =I32*C32 -> 1656.9589 | J33: =J32*C32 -> 0 | Q33: =SUM(E33:J33) -> 8284.7946 | R33: =C32-Q33 -> 0
A34: 1.12 | B34: ='[2]Orçamento Sintético'!D66 -> FORROS | C34: ='Orçamento Sintético'!I56 -> 4465.7955 | D34: % Período: | H34: 0.3 | I34: 0.3 | J34: 0.4 | Q34: =SUM(E34:J34) -> 1 | R34: =C33-Q34 -> -1
F35: =F34*C34 -> 0 | G35: =G34*C34 -> 0 | H35: =H34*C34 -> 1339.7386 | I35: =I34*C34 -> 1339.7386 | J35: =J34*C34 -> 1786.3182 | Q35: =SUM(E35:J35) -> 4465.7955 | R35: =C34-Q35 -> 0
A36: 1.13 | B36: ='[2]Orçamento Sintético'!D68 -> PINTURA | C36: ='Orçamento Sintético'!I58 -> 5986.8968 | D36: % Período: | H36: 0.3 | I36: 0.3 | J36: 0.4 | Q36: =SUM(E36:J36) -> 1 | R36: =C35-Q36 -> -1
F37: =F36*C36 -> 0 | G37: =G36*C36 -> 0 | H37: =H36*C36 -> 1796.069 | I37: =I36*C36 -> 1796.069 | J37: =J36*C36 -> 2394.7587 | Q37: =SUM(E37:J37) -> 5986.8968 | R37: =C36-Q37 -> 0
A38: 1.14 | B38: ='[2]Orçamento Sintético'!D80 -> PISO | C38: ='Orçamento Sintético'!I67 -> 10060.505 | D38: % Período: | F38: 0.2 | G38: 0.2 | H38: 0.2 | I38: 0.2 | J38: 0.2 | Q38: =SUM(E38:J38) -> 1 | R38: =C37-Q38 -> -1
F39: =F38*C38 -> 2012.101 | G39: =G38*C38 -> 2012.101 | H39: =H38*C38 -> 2012.101 | I39: =I38*C38 -> 2012.101 | J39: =J38*C38 -> 2012.101 | Q39: =SUM(E39:J39) -> 10060.505 | R39: =C38-Q39 -> 0
A40: 1.15 | B40: ='[2]Orçamento Sintético'!D89 -> ELÉTRICAS / TELEFÔNICAS | C40: ='Orçamento Sintético'!I74 -> 6641.6888 | D40: % Período: | F40: 0.2 | G40: 0.3 | H40: 0.3 | I40: 0.2 | Q40: =SUM(E40:J40) -> 1 | R40: =C39-Q40 -> -1
F41: =F40*C40 -> 1328.3378 | G41: =G40*C40 -> 1992.5066 | H41: =H40*C40 -> 1992.5066 | I41: =I40*C40 -> 1328.3378 | J41: =J40*C40 -> 0 | Q41: =SUM(E41:J41) -> 6641.6888 | R41: =C40-Q41 -> 0
A42: 1.16 | B42: ='[2]Orçamento Sintético'!D119 -> HIDRÁULICAS / GÁS / INCÊNCIO | C42: ='Orçamento Sintético'!I95 -> 2325.355 | D42: % Período: | F42: 0.2 | G42: 0.3 | H42: 0.3 | I42: 0.2 | Q42: =SUM(E42:J42) -> 1 | R42: =C41-Q42 -> -1
F43: =F42*C42 -> 465.071 | G43: =G42*C42 -> 697.6065 | H43: =H42*C42 -> 697.6065 | I43: =I42*C42 -> 465.071 | J43: =J42*C42 -> 0 | Q43: =SUM(E43:J43) -> 2325.355 | R43: =C42-Q43 -> 0
A44: 1.17 | B44: ='[2]Orçamento Sintético'!D151 -> SANITÁRIAS / PLUVIAL | C44: ='Orçamento Sintético'!I115 -> 3178.27 | D44: % Período: | F44: 0.2 | G44: 0.3 | H44: 0.3 | I44: 0.2 | Q44: =SUM(E44:J44) -> 1 | R44: =C43-Q44 -> -1
F45: =F44*C44 -> 635.654 | G45: =G44*C44 -> 953.481 | H45: =H44*C44 -> 953.481 | I45: =I44*C44 -> 635.654 | J45: =J44*C44 -> 0 | Q45: =SUM(E45:J45) -> 3178.27 | R45: =C44-Q45 -> 0
A46: 1.18 | B46: ='[2]Orçamento Sintético'!D171 -> APARELHOS, METAIS E BANCADAS | C46: ='Orçamento Sintético'!I127 -> 1236.1125 | D46: % Período: | H46: 0.3 | I46: 0.4 | J46: 0.3 | Q46: =SUM(E46:J46) -> 1 | R46: =C45-Q46 -> -1
F47: =F46*C46 -> 0 | G47: =G46*C46 -> 0 | H47: =H46*C46 -> 370.83375 | I47: =I46*C46 -> 494.445 | J47: =J46*C46 -> 370.83375 | Q47: =SUM(E47:J47) -> 1236.1125 | R47: =C46-Q47 -> 0
A48: =C11 -> 119599.47 | B48: Período: | C48: %: | E48: =E52/A48 -> 0.034437861 | F48: =F52/A48 -> 0.22610035 | G48: =G52/A48 -> 0.30185892 | H48: =H52/A48 -> 0.28069538 | I48: =I52/A48 -> 0.10023071 | J48: =J52/A48 -> 0.05667677 | K48: =K52/A48 -> 0 | L48: =L52/A48 -> 0 | M48: =M52/A48 -> #REF! | Q48: =SUM(E48:J48) -> 0.99999999
C49: Repasse: | E49: =(C12*E12)+(C14*E14)+(C16*E16)+(C18*E18)+(C20*E20)+(C22*E22)+(E24*C24)+(E26*C26=(E28*C28+(E30*C30+(E32*C32)+(E34*C34)+(E36*C36)+(E38*C38)+(E40*C40)+(E42*C42)+(E44*C44)+(E46*C46))))-1 -> 4118.75 | F49: =(C12*F12)+(C14*F14)+(C16*F16)+(C18*F18)+(C20*F20)+(C22*F22)+(C24*F24)+(F26*C26)+(F28*C28)+(F30*C30)+(F32*C32)+(F34*C34)+(F36*C36)+(F38*C38)+(F40*C40)+(F42*C42)+(F44*C44)+(F46*C46) -> 27041.482 | G49: =(G14*C14)+(G16*C16)+(G18*C18)+(G20*C20)+(C12*G12)+(C22*G22)+(C24*G24)+(G26*C26)+(G28*C28)+(G30*C30)+(G32*C32)+(G34*C34)+(G36*C36)*(G38*C38)+(G40*C40)+(G42*C42)+(G44*C44)+(G46*C46)+2012.1 -> 36102.167 | H49: =(C12*H12)+(H14*C14)+(H16*C16)+(H18*C18)+(H20*C20)+(H22*C22)+(H24*C24)+(C26*H26)+(C28*H28)+(C30*H30)+(H32*C32)+(H34*C34)+(H36*C36)+(H38*C38)+(H40*C40)+(H42*C42)+(H44*C44)+(H46*C46) -> 33571.019 | I49: =(C12*I12)+(C30*I30)+(C42*I42)+(C44*I44)+(I32*C32)+(I34*C34)+(I36*C36)+(I38*C38)+(I40*C40)+(I46*C46) -> 11987.54 | J49: =(C12*J12)+(C32*J32)+(C34*J34)+(C40*J40)+(J36*C36)+(J38*C38)+(J46*C46) -> 6778.5117 | K49: =(C12*K12)+(C38*K38)-K50 -> 0 | L49: =(C12*L12)+(C26*L26)-L50 -> 0 | M49: =(C12*M12)+(C36*M36)+(C46*M46)+(#REF!*#REF!)-M50 -> #REF!
Q50: =4.83+22.1+29.96+28.59+9.49+3.9 -> 98.87
C51: Outros: | E51: - | F51: -
C52: Investimento: | E52: =E49+E50 -> 4118.75 | F52: =F49+F50 -> 27041.482 | G52: =G50+G49 -> 36102.167 | H52: =H49+H50 -> 33571.019 | I52: =I50+I49 -> 11987.54 | J52: =J50+J49 -> 6778.5117 | K52: =K50+K49 -> 0 | L52: =L50+L49 -> 0 | M52: =M50+M49 -> #REF!
B53: Acumulado: | C53: %: | E53: =E48 -> 0.034437861 | F53: =E53+F48 -> 0.26053821 | G53: =F53+G48 -> 0.56239713 | H53: =G53+H48 -> 0.84309251 | I53: =H53+I48 -> 0.94332322 | J53: =I53+J48 -> 0.99999999 | K53: =J53+K48 -> 0.99999999 | L53: =K53+L48 -> 0.99999999 | M53: =L53+M48 -> #REF!
C54: Repasse: | E54: =E49 -> 4118.75 | F54: =E54+F49 -> 31160.232 | G54: =F54+G49 -> 67262.399 | H54: =G54+H49 -> 100833.42 | I54: =H54+I49 -> 112820.96 | J54: =I54+J49 -> 119599.47 | K54: =J54+K49 -> 119599.47 | L54: =K54+L49 -> 119599.47 | M54: =L54+M49 -> #REF!
C55: Contrapartida: | E55: =E50 -> 0 | F55: =E55+F50 -> 0 | G55: =F55+G50 -> 0 | H55: =G55+H50 -> 0 | I55: =H55+I50 -> 0 | J55: =I55+J50 -> 0 | K55: =J55+K50 -> 0 | L55: =K55+L50 -> 0 | M55: =L55+M50 -> 0
C56: Outros: | E56: - | F56: -
C57: Investimento: | E57: =E52 -> 4118.75 | F57: =E57+F52 -> 31160.232 | G57: =F57+G52 -> 67262.399 | H57: =G57+H52 -> 100833.42 | I57: =H57+I52 -> 112820.96 | J57: =I57+J52 -> 119599.47 | K57: =J57+K52 -> 119599.47 | L57: =K57+L52 -> 119599.47 | M57: =L57+M52 -> #REF!
E59: =SUM(E13+E15+E17+E19+E21+E23+E25+E27+E29+E31+E33+E35+E37+E39+E41+E43+E45+E47+#REF!) -> #REF! | F59: =SUM(F13+F15+F17+F19+F21+F23+F25+F27+F29+F31+F33+F35+F37+F39+F41+F43+F45+F47+#REF!) -> #REF! | G59: =SUM(G13+G15+G17+G19+G21+G23+G25+G27+G29+G31+G33+G35+G37+G39+G41+G43+G45+G47+#REF!) -> #REF! | H59: =SUM(H13+H15+H17+H19+H21+H23+H25+H27+H29+H31+H33+H35+H37+H39+H41+H43+H45+H47+#REF!) -> #VALUE! | I59: =SUM(I13+I15+I17+I19+I21+I23+I25+I27+I29+I31+I33+I35+I37+I39+I41+I43+I45+I47+#REF!) -> #REF! | J59: =SUM(J13+J15+J17+J19+J21+J23+J25+J27+J29+J31+J33+J35+J37+J39+J41+J43+J45+J47+#REF!) -> #REF! | K59: =SUM(K13+K15+K17+K19+K21+K23+K25+K27+K29+K31+K33+K35+K37+K39+K41+K43+K45+K47+#REF!) -> #REF! | L59: =SUM(L13+L15+L17+L19+L21+L23+L25+L27+L29+L31+L33+L35+L37+L39+L41+L43+L45+L47+#REF!) -> #REF! | ... P59: =SUM(P13+P15+P17+P19+P21+P23+P25+P27+P29+P31+P33+P35+P37+P39+P41+P43+P45+P47+#REF!) -> #REF!
E60: =E49-E59 -> #REF! | F60: =F49-F59 -> #REF! | G60: =G49-G59 -> #REF! | H60: =H49-H59 -> #VALUE! | I60: =I49-I59 -> #REF! | J60: =J49-J59 -> #REF!
A62: =A48/25 -> 4783.9788 | G62: =119599.47-117587.37 -> 2012.1

Sheet 1ª MED
C1: BM - BOLETIM DE MEDIÇÃO | L1: Grau de Sigilo #PUBLICO
A3: PROPONENTE/TOMADOR | C3: MUNICIPIO/UF | F3: LOCALIDADE / ENDEREÇO | J3: OBJETO
A4: PREFEITURA MUNICIPAL DE SANTA ROSA DO TOCANTINS | C4: SANTA ROSA DO TOCANTINS/TO. | F4: SETOR SÃO JERÔNIMO | J4: CONSTRUÇÃO DE 25 CASAS POPULARES
A6: EMPRESA EXECUTORA | C6: CNPJ | F6: Nº CTEF | G6: OBJETO DO CTEF | K6: ÍNICIO DA OBRA
A7: K L CONSTRUTORA LTDA | C7: 27.331.448/0001-44 | G7: =J4 -> CONSTRUÇÃO DE 25 CASAS POPULARES | K7: 46104
E9: % Realizado Acum.: | F9: =I192 -> #REF! | G9: Período: | H9: até 10/04/2026 | J9: Medição: | K9: 1
A11: ORÇAMENTO CONTRATADO | G11: =F192 -> #REF! | J11: Evolução Financeira (R$)
A12: Item | B12: Discriminação | C12: Unid. | D12: Qtde. | E12: Preço com BDI (R$) | F12: Preço Total (R$) | G12: Acum. Anterior | H12: Período | I12: Acum. Incluindo Período | J12: Acum. Anterior | K12: Período | L12: Acum. Incluindo Período
A13: ='Orçamento Sintético'!A5 -> 1 | B13: ='Orçamento Sintético'!D5 -> AMPLIAÇÃO DA UBS DE ITAPIRATINS
A14: ='Orçamento Sintético'!A6 -> 1.1 | B14: ='Orçamento Sintético'!D6 -> ADMINISTRAÇÃO LOCAL DA OBRA
A15: ='Orçamento Sintético'!A7 -> 1.1.1 | B15: ='Orçamento Sintético'!D7 -> ADMINISTRAÇÃO LOCAL | C15: ='Orçamento Sintético'!E7 -> und | D15: ='Orçamento Sintético'!F7 -> 1 | E15: ='Orçamento Sintético'!H7 -> 5500 | F15: =ROUND(E15*D15,2) -> 5500 | G15: 0 | H15: =K15/F15 -> 0.20567818 | I15: =H15+G15 -> 0.20567818 | J15: 0 | K15: 1131.23 | L15: =K15+J15 -> 1131.23 | M15: =F15 -> 5500 | N15: =M15/25 -> 220
A16: ='Orçamento Sintético'!A8 -> 1.2 | B16: ='Orçamento Sintético'!D8 -> SERVIÇOS PRELIMINARES
A17: ='Orçamento Sintético'!A9 -> 1.2.0.1. | B17: ='Orçamento Sintético'!D9 -> FORNECIMENTO E INSTALAÇÃO DE PLACA DE OBRA COM CHAPA GALVANIZADA E ESTRUTURA DE MADEIRA. AF_03/2022_PS | C17: ='Orçamento Sintético'!E9 -> m² | D17: ='Orçamento Sintético'!F9 -> 2 | E17: ='Orçamento Sintético'!H9 -> 622.875 | F17: =ROUND(E17*D17,2) -> 1245.75 | G17: 0 | H17: =D17 -> 2 | I17: =H17+G17 -> 2 | J17: 0 | K17: =ROUND(E17*H17,2)-0 -> 1245.75 | L17: =K17+J17 -> 1245.75
A18: ='Orçamento Sintético'!#REF! -> #REF! | B18: ='Orçamento Sintético'!#REF! -> #REF! | C18: ='Orçamento Sintético'!#REF! -> #REF! | D18: ='Orçamento Sintético'!#REF! -> #REF! | E18: ='Orçamento Sintético'!#REF! -> #REF! | F18: =ROUND(E18*D18,2) -> #REF! | G18: 0 | H18: =D18 -> #REF! | I18: =H18+G18 -> #REF! | J18: 0 | K18: =ROUND(E18*H18,2)-0 -> #REF! | L18: =K18+J18 -> #REF!
A19: ='Orçamento Sintético'!#REF! -> #REF! | B19: ='Orçamento Sintético'!#REF! -> #REF! | C19: ='Orçamento Sintético'!#REF! -> #REF! | D19: ='Orçamento Sintético'!#REF! -> #REF! | E19: ='Orçamento Sintético'!#REF! -> #REF! | F19: =ROUND(E19*D19,2) -> #REF! | G19: 0 | H19: =D19 -> #REF! | I19: =H19+G19 -> #REF! | J19: 0 | K19: =ROUND(E19*H19,2)-0 -> #REF! | L19: =K19+J19 -> #REF!
A20: ='Orçamento Sintético'!#REF! -> #REF! | B20: ='Orçamento Sintético'!#REF! -> #REF! | C20: ='Orçamento Sintético'!#REF! -> #REF! | D20: ='Orçamento Sintético'!#REF! -> #REF! | E20: ='Orçamento Sintético'!#REF! -> #REF! | F20: =ROUND(E20*D20,2) -> #REF! | G20: 0 | H20: 0 | I20: =H20+G20 -> 0 | J20: 0 | K20: =ROUND(E20*H20,2)-0 -> #REF! | L20: =K20+J20 -> #REF! | M20: =SUM(F17:F20) -> #REF! | N20: =M20/25 -> #REF!
A21: ='Orçamento Sintético'!A10 -> 1.3 | B21: ='Orçamento Sintético'!D10 -> FUNDAÇÃO
A22: ='Orçamento Sintético'!A11 -> 1.3.0.1. | B22: ='Orçamento Sintético'!D11 -> ESTACA BROCA DE CONCRETO, DIÂMETRO DE 30CM, ESCAVAÇÃO MANUAL COM TRADO CONCHA, COM ARMADURA DE ARRANQUE. AF_05/2020 | C22: ='Orçamento Sintético'!E11 -> M | D22: ='Orçamento Sintético'!F11 -> 14 | E22: ='Orçamento Sintético'!H11 -> 162.9125 | F22: =ROUND(E22*D22,2) -> 2280.78 | G22: 0 | H22: =D22 -> 14 | I22: =H22+G22 -> 14 | J22: 0 | K22: =ROUND(E22*H22,2)-0 -> 2280.78 | L22: =K22+J22 -> 2280.78
A23: ='Orçamento Sintético'!A12 -> 1.4 | B23: ='Orçamento Sintético'!D12 -> BALDRAMES
A24: ='Orçamento Sintético'!A13 -> 1.4.0.1. | B24: ='Orçamento Sintético'!D13 -> ESCAVAÇÃO MANUAL PARA VIGA BALDRAME OU SAPATA CORRIDA (INCLUINDO ESCAVAÇÃO PARA COLOCAÇÃO DE FÔRMAS). AF_01/2024 | C24: ='Orçamento Sintético'!E13 -> m³ | D24: ='Orçamento Sintético'!F13 -> 9.331 | E24: ='Orçamento Sintético'!H13 -> 138.9 | F24: =ROUND(E24*D24,2) -> 1296.08 | G24: 0 | H24: =D24 -> 9.331 | I24: =H24+G24 -> 9.331 | J24: 0 | K24: =ROUND(E24*H24,2)-0 -> 1296.08 | L24: =K24+J24 -> 1296.08
A25: ='Orçamento Sintético'!A14 -> 1.4.0.2. | B25: ='Orçamento Sintético'!D14 -> LASTRO DE CONCRETO MAGRO, APLICADO EM BLOCOS DE COROAMENTO OU SAPATAS, ESPESSURA DE 5 CM. AF_01/2024 | C25: ='Orçamento Sintético'!E14 -> m² | D25: ='Orçamento Sintético'!F14 -> 11.374 | E25: ='Orçamento Sintético'!H14 -> 60.025 | F25: =ROUND(E25*D25,2) -> 682.72 | G25: 0 | H25: =D25 -> 11.374 | I25: =H25+G25 -> 11.374 | J25: 0 | K25: =ROUND(E25*H25,2)-0 -> 682.72 | L25: =K25+J25 -> 682.72
A26: ='Orçamento Sintético'!A15 -> 1.4.0.3. | B26: ='Orçamento Sintético'!D15 -> ALVENARIA DE VEDAÇÃO DE BLOCOS CERÂMICOS FURADOS NA HORIZONTAL DE 14X9X19 CM (ESPESSURA 14 CM, BLOCO DEITADO) E ARGAMASSA DE ASSENTAMENTO COM PREPARO EM BETONEIRA. AF_12/2021 | C26: ='Orçamento Sintético'!E15 -> m² | D26: ='Orçamento Sintético'!F15 -> 8.9905 | E26: ='Orçamento Sintético'!H15 -> 203.2125 | F26: =ROUND(E26*D26,2) -> 1826.98 | G26: 0 | H26: =D26 -> 8.9905 | I26: =H26+G26 -> 8.9905 | J26: 0 | K26: =ROUND(E26*H26,2)-0 -> 1826.98 | L26: =K26+J26 -> 1826.98
A27: ='Orçamento Sintético'!A16 -> 1.4.0.4. | B27: ='Orçamento Sintético'!D16 -> FABRICAÇÃO, MONTAGEM E DESMONTAGEM DE FÔRMA PARA VIGA BALDRAME, EM MADEIRA SERRADA, E=25 MM, 4 UTILIZAÇÕES. AF_01/2024 | C27: ='Orçamento Sintético'!E16 -> m² | D27: ='Orçamento Sintético'!F16 -> 13.19 | E27: ='Orçamento Sintético'!H16 -> 94.5 | F27: =ROUND(E27*D27,2) -> 1246.46 | G27: 0 | H27: =D27 -> 13.19 | I27: =H27+G27 -> 13.19 | J27: 0 | K27: =ROUND(E27*H27,2)-0 -> 1246.46 | L27: =K27+J27 -> 1246.46
A28: ='Orçamento Sintético'!A17 -> 1.4.0.5. | B28: ='Orçamento Sintético'!D17 -> ARMAÇÃO DE SAPATA ISOLADA, VIGA BALDRAME E SAPATA CORRIDA UTILIZANDO AÇO CA-50 DE 10 MM -MONTAGEM. AF_01/2024 | C28: ='Orçamento Sintético'!E17 -> KG | D28: ='Orçamento Sintético'!F17 -> 65.919663 | E28: ='Orçamento Sintético'!H17 -> 14.9 | F28: =ROUND(E28*D28,2) -> 982.2 | G28: 0 | H28: =D28 -> 65.919663 | I28: =H28+G28 -> 65.919663 | J28: 0 | K28: =ROUND(E28*H28,2)-0 -> 982.2 | L28: =K28+J28 -> 982.2
A29: ='Orçamento Sintético'!A18 -> 1.4.0.6. | B29: ='Orçamento Sintético'!D18 -> ARMAÇÃO DE SAPATA ISOLADA, VIGA BALDRAME E SAPATA CORRIDA UTILIZANDO AÇO CA-50 DE 6,3 MM - MONTAGEM. AF_01/2024 | C29: ='Orçamento Sintético'!E18 -> KG | D29: ='Orçamento Sintético'!F18 -> 13.249355 | E29: ='Orçamento Sintético'!H18 -> 18.45 | F29: =ROUND(E29*D29,2) -> 244.45 | G29: 0 | H29: =D29 -> 13.249355 | I29: =H29+G29 -> 13.249355 | J29: 0 | K29: =ROUND(E29*H29,2)-0 -> 244.45 | L29: =K29+J29 -> 244.45
A30: ='Orçamento Sintético'!A19 -> 1.4.0.7. | B30: ='Orçamento Sintético'!D19 -> ARMAÇÃO DE SAPATA ISOLADA, VIGA BALDRAME E SAPATA CORRIDA UTILIZANDO AÇO CA-60 DE 5 MM - MONTAGEM. AF_01/2024 | C30: ='Orçamento Sintético'!E19 -> KG | D30: ='Orçamento Sintético'!F19 -> 21.666773 | E30: ='Orçamento Sintético'!H19 -> 20.325 | F30: =ROUND(E30*D30,2) -> 440.38 | G30: 0 | H30: =D30 -> 21.666773 | I30: =H30+G30 -> 21.666773 | J30: 0 | K30: =ROUND(E30*H30,2)-0 -> 440.38 | L30: =K30+J30 -> 440.38
A31: ='Orçamento Sintético'!A20 -> 1.4.0.8. | B31: ='Orçamento Sintético'!D20 -> CONCRETAGEM DE VIGA BALDRAME, FCK 20 MPA, COM USO DE JERICA - LANÇAMENTO, ADENSAMENTO E ACABAMENTO. AF_01/2024 | C31: ='Orçamento Sintético'!E20 -> M³ | D31: ='Orçamento Sintético'!F20 -> 0.98925 | E31: ='Orçamento Sintético'!H20 -> 951.9375 | F31: =ROUND(E31*D31,2) -> 941.7 | G31: 0 | H31: =D31 -> 0.98925 | I31: =H31+G31 -> 0.98925 | J31: 0 | K31: =ROUND(E31*H31,2)-0 -> 941.7 | L31: =K31+J31 -> 941.7 | M31: =SUM(F24:F31) -> 7660.97 | N31: =M31/25 -> 306.4388
A32: ='Orçamento Sintético'!A21 -> 1.5 | B32: ='Orçamento Sintético'!D21 -> IMPERMEABILIZAÇÃO
A33: ='Orçamento Sintético'!A22 -> 1.5.0.1. | B33: ='Orçamento Sintético'!D22 -> CHAPISCO APLICADO EM ALVENARIAS E ESTRUTURAS DE CONCRETO INTERNAS, COM COLHER DE PEDREIRO. ARGAMASSA TRAÇO 1:3 COM PREPARO MANUAL. AF_10/2022 | C33: ='Orçamento Sintético'!E22 -> m² | D33: ='Orçamento Sintético'!F22 -> 13.19 | E33: ='Orçamento Sintético'!H22 -> 6.975 | F33: =ROUND(E33*D33,2) -> 92 | G33: 0 | H33: 0 | I33: =H33+G33 -> 0 | J33: 0 | K33: =ROUND(E33*H33,2)-0 -> 0 | L33: =K33+J33 -> 0
A34: ='Orçamento Sintético'!A23 -> 1.5.0.2. | B34: ='Orçamento Sintético'!D23 -> IMPERMEABILIZAÇÃO DE SUPERFÍCIE COM ARGAMASSA DE CIMENTO E AREIA, COM ADITIVO IMPERMEABILIZANTE, E = 1,5CM. AF_09/2023 | C34: ='Orçamento Sintético'!E23 -> m² | D34: ='Orçamento Sintético'!F23 -> 13.19 | E34: ='Orçamento Sintético'!H23 -> 69.3375 | F34: =ROUND(E34*D34,2) -> 914.56 | G34: 0 | H34: 0 | I34: =H34+G34 -> 0 | J34: 0 | K34: =ROUND(E34*H34,2)-0 -> 0 | L34: =K34+J34 -> 0
A35: ='Orçamento Sintético'!A24 -> 1.5.0.3. | B35: ='Orçamento Sintético'!D24 -> IMPERMEABILIZAÇÃO DE SUPERFÍCIE COM EMULSÃO ASFÁLTICA, 2 DEMÃOS. AF_09/2023 | C35: ='Orçamento Sintético'!E24 -> m² | D35: ='Orçamento Sintético'!F24 -> 13.19 | E35: ='Orçamento Sintético'!H24 -> 49.25 | F35: =ROUND(E35*D35,2) -> 649.61 | G35: 0 | H35: 0 | I35: =H35+G35 -> 0 | J35: 0 | K35: =ROUND(E35*H35,2)-0 -> 0 | L35: =K35+J35 -> 0 | M35: =SUM(F33:F35) -> 1656.17 | N35: =M35/25 -> 66.2468
A36: ='Orçamento Sintético'!A25 -> 1.6 | B36: ='Orçamento Sintético'!D25 -> PILARES, VIGAS E LAJES
A37: ='Orçamento Sintético'!A26 -> 1.6.0.1. | B37: ='Orçamento Sintético'!D26 -> MONTAGEM E DESMONTAGEM DE FÔRMA DE PILARES RETANGULARES E ESTRUTURAS SIMILARES, PÉ-DIREITO SIMPLES, EM CHAPA DE MADEIRA COMPENSADA RESINADA, 8 UTILIZAÇÕES. AF_09/2020 | C37: ='Orçamento Sintético'!E26 -> m² | D37: ='Orçamento Sintético'!F26 -> 23.19 | E37: ='Orçamento Sintético'!H26 -> 89.9375 | F37: =ROUND(E37*D37,2) -> 2085.65 | G37: 0 | H37: 0 | I37: =H37+G37 -> 0 | J37: 0 | K37: =ROUND(E37*H37,2)-0 -> 0 | L37: =K37+J37 -> 0
A38: ='Orçamento Sintético'!A27 -> 1.6.0.2. | B38: ='Orçamento Sintético'!D27 -> MONTAGEM E DESMONTAGEM DE FÔRMA DE VIGA, SEM ESCORAMENTO, PÉ-DIREITO SIMPLES, EM CHAPA DE MADEIRA RESINADA, 8 UTILIZAÇÕES | C38: ='Orçamento Sintético'!E27 -> M² | D38: ='Orçamento Sintético'!F27 -> 29.768 | E38: ='Orçamento Sintético'!H27 -> 81.9625 | F38: =ROUND(E38*D38,2) -> 2439.86 | G38: 0 | H38: 0 | I38: =H38+G38 -> 0 | J38: 0 | K38: =ROUND(E38*H38,2)-0 -> 0 | L38: =K38+J38 -> 0
A39: ='Orçamento Sintético'!A28 -> 1.6.0.3. | B39: ='Orçamento Sintético'!D28 -> MONTAGEM E DESMONTAGEM DE FÔRMA DE VIGA, ESCORAMENTO COM GARFO DE MADEIRA, PÉ-DIREITO SIMPLES, EM CHAPA DE MADEIRA RESINADA, 8 UTILIZAÇÕES. AF_09/2020 | C39: ='Orçamento Sintético'!E28 -> m² | D39: ='Orçamento Sintético'!F28 -> 2.27 | E39: ='Orçamento Sintético'!H28 -> 166.1625 | F39: =ROUND(E39*D39,2) -> 377.19 | G39: 0 | H39: 0 | I39: =H39+G39 -> 0 | J39: 0 | K39: =ROUND(E39*H39,2)-0 -> 0 | L39: =K39+J39 -> 0
A40: ='Orçamento Sintético'!A29 -> 1.6.0.4. | B40: ='Orçamento Sintético'!D29 -> ARMAÇÃO DE PILAR OU VIGA DE ESTRUTURA CONVENCIONAL DE CONCRETO ARMADO UTILIZANDO AÇO CA-60 DE 5,0 MM - MONTAGEM. AF_06/2022 | C40: ='Orçamento Sintético'!E29 -> KG | D40: ='Orçamento Sintético'!F29 -> 98.280541 | E40: ='Orçamento Sintético'!H29 -> 16.725 | F40: =ROUND(E40*D40,2) -> 1643.74 | G40: 0 | H40: 0 | I40: =H40+G40 -> 0 | J40: 0 | K40: =ROUND(E40*H40,2)-0 -> 0 | L40: =K40+J40 -> 0
A41: ='Orçamento Sintético'!#REF! -> #REF! | B41: ='Orçamento Sintético'!#REF! -> #REF! | C41: ='Orçamento Sintético'!#REF! -> #REF! | D41: ='Orçamento Sintético'!#REF! -> #REF! | E41: ='Orçamento Sintético'!#REF! -> #REF! | F41: =ROUND(E41*D41,2) -> #REF! | G41: 0 | H41: 0 | I41: =H41+G41 -> 0 | J41: 0 | K41: =ROUND(E41*H41,2)-0 -> #REF! | L41: =K41+J41 -> #REF!
A42: ='Orçamento Sintético'!#REF! -> #REF! | B42: ='Orçamento Sintético'!#REF! -> #REF! | C42: ='Orçamento Sintético'!#REF! -> #REF! | D42: ='Orçamento Sintético'!#REF! -> #REF! | E42: ='Orçamento Sintético'!#REF! -> #REF! | F42: =ROUND(E42*D42,2) -> #REF! | G42: 0 | H42: 0 | I42: =H42+G42 -> 0 | J42: 0 | K42: =ROUND(E42*H42,2)-0 -> #REF! | L42: =K42+J42 -> #REF!
A43: ='Orçamento Sintético'!A30 -> 1.6.0.7. | B43: ='Orçamento Sintético'!D30 -> ARMAÇÃO DE PILAR OU VIGA DE ESTRUTURA CONVENCIONAL DE CONCRETO ARMADO UTILIZANDO AÇO CA-50 DE 10,0 MM - MONTAGEM. AF_06/2022 | C43: ='Orçamento Sintético'!E30 -> KG | D43: ='Orçamento Sintético'!F30 -> 108.94986 | E43: ='Orçamento Sintético'!H30 -> 12.5375 | F43: =ROUND(E43*D43,2) -> 1365.96 | G43: 0 | H43: 0 | I43: =H43+G43 -> 0 | J43: 0 | K43: =ROUND(E43*H43,2)-0 -> 0 | L43: =K43+J43 -> 0
A44: ='Orçamento Sintético'!#REF! -> #REF! | B44: ='Orçamento Sintético'!#REF! -> #REF! | C44: ='Orçamento Sintético'!#REF! -> #REF! | D44: ='Orçamento Sintético'!#REF! -> #REF! | E44: ='Orçamento Sintético'!#REF! -> #REF! | F44: =ROUND(E44*D44,2) -> #REF! | G44: 0 | H44: 0 | I44: =H44+G44 -> 0 | J44: 0 | K44: =ROUND(E44*H44,2)-0 -> #REF! | L44: =K44+J44 -> #REF!
A45: ='Orçamento Sintético'!A31 -> 1.6.0.9. | B45: ='Orçamento Sintético'!D31 -> CONCRETAGEM DE PILARES, FCK = 20 MPA, COM USO DE BALDES - LANÇAMENTO, ADENSAMENTO E ACABAMENTO. AF_02/2022 | C45: ='Orçamento Sintético'!E31 -> M³ | D45: ='Orçamento Sintético'!F31 -> 1.962 | E45: ='Orçamento Sintético'!H31 -> 1231.9 | F45: =ROUND(E45*D45,2) -> 2416.99 | G45: 0 | H45: 0 | I45: =H45+G45 -> 0 | J45: 0 | K45: =ROUND(E45*H45,2)-0 -> 0 | L45: =K45+J45 -> 0
A46: ='Orçamento Sintético'!A32 -> 1.6.0.10. | B46: ='Orçamento Sintético'!D32 -> CONCRETAGEM DE VIGAS E LAJES, FCK=20 MPA, PARA QUALQUER TIPO DE LAJE COM BALDES EM EDIFICAÇÃO TÉRREA - LANÇAMENTO, ADENSAMENTO E ACABAMENTO. AF_02/2022 | C46: ='Orçamento Sintético'!E32 -> M³ | D46: ='Orçamento Sintético'!F32 -> 1.92228 | E46: ='Orçamento Sintético'!H32 -> 1253.9375 | F46: =ROUND(E46*D46,2) -> 2410.42 | G46: 0 | H46: 0 | I46: =H46+G46 -> 0 | J46: 0 | K46: =ROUND(E46*H46,2)-0 -> 0 | L46: =K46+J46 -> 0
A47: ='Orçamento Sintético'!A33 -> 1.7 | B47: ='Orçamento Sintético'!D33 -> ALVENARIA/FECHAMENTOS
A48: ='Orçamento Sintético'!A34 -> 1.7.0.1. | B48: ='Orçamento Sintético'!D34 -> ALVENARIA DE VEDAÇÃO DE BLOCOS CERÂMICOS FURADOS NA HORIZONTAL DE 9X19X19 CM (ESPESSURA 9 CM) E ARGAMASSA DE ASSENTAMENTO COM PREPARO EM BETONEIRA. AF_12/2021 | C48: ='Orçamento Sintético'!E34 -> m² | D48: ='Orçamento Sintético'!F34 -> 112.3608 | E48: ='Orçamento Sintético'!H34 -> 132.0875 | F48: =ROUND(E48*D48,2) -> 14841.46 | G48: 0 | H48: 0 | I48: =H48+G48 -> 0 | J48: 0 | K48: =ROUND(E48*H48,2)-0 -> 0 | L48: =K48+J48 -> 0
A49: ='Orçamento Sintético'!A35 -> 1.7.0.2. | B49: ='Orçamento Sintético'!D35 -> VERGA MOLDADA IN LOCO EM CONCRETO, ESPESSURA DE *10* CM. AF_03/2024 | C49: ='Orçamento Sintético'!E35 -> M | D49: ='Orçamento Sintético'!F35 -> 6.9 | E49: ='Orçamento Sintético'!H35 -> 70.125 | F49: =ROUND(E49*D49,2) -> 483.86 | G49: 0 | H49: 0 | I49: =H49+G49 -> 0 | J49: 0 | K49: =ROUND(E49*H49,2)-0 -> 0 | L49: =K49+J49 -> 0
A50: ='Orçamento Sintético'!A36 -> 1.7.0.3. | B50: ='Orçamento Sintético'!D36 -> CONTRAVERGA MOLDADA IN LOCO EM CONCRETO, ESPESSURA DE *10* CM. AF_03/2024 | C50: ='Orçamento Sintético'!E36 -> M | D50: ='Orçamento Sintético'!F36 -> 3.5 | E50: ='Orçamento Sintético'!H36 -> 54.45 | F50: =ROUND(E50*D50,2) -> 190.58 | G50: 0 | H50: 0 | I50: =H50+G50 -> 0 | J50: 0 | K50: =ROUND(E50*H50,2)-0 -> 0 | L50: =K50+J50 -> 0
A51: ='Orçamento Sintético'!A37 -> 1.8 | B51: ='Orçamento Sintético'!D37 -> ESQUADRIAS METÁLICAS
A52: ='Orçamento Sintético'!A38 -> 1.8.0.1. | B52: ='Orçamento Sintético'!D38 -> ESQUADRIAS DE VIDRO TEMPERADO FUMÊ, DE CORRER, ESP. 8MM, INCLUSIVE ACESSÓRIOS DE FIXAÇÃO | C52: ='Orçamento Sintético'!E38 -> M² | D52: ='Orçamento Sintético'!F38 -> 2.3 | E52: ='Orçamento Sintético'!H38 -> 990.3875 | F52: =ROUND(E52*D52,2) -> 2277.89 | G52: 0 | H52: 0 | I52: =H52+G52 -> 0 | J52: 0 | K52: =ROUND(E52*H52,2)-0 -> 0 | L52: =K52+J52 -> 0
A53: ='Orçamento Sintético'!A39 -> 1.8.0.2. | B53: ='Orçamento Sintético'!D39 -> PORTA DE FERRO, DE ABRIR, TIPO GRADE COM CHAPA, COM GUARNIÇÕES. AF_12/2019 | C53: ='Orçamento Sintético'!E39 -> m² | D53: ='Orçamento Sintético'!F39 -> 5.46 | E53: ='Orçamento Sintético'!H39 -> 858.6 | F53: =ROUND(E53*D53,2) -> 4687.96 | G53: 0 | H53: 0 | I53: =H53+G53 -> 0 | J53: 0 | K53: =ROUND(E53*H53,2)-0 -> 0 | L53: =K53+J53 -> 0
A54: ='Orçamento Sintético'!#REF! -> #REF! | B54: ='Orçamento Sintético'!#REF! -> #REF! | C54: ='Orçamento Sintético'!#REF! -> #REF! | D54: ='Orçamento Sintético'!#REF! -> #REF! | E54: ='Orçamento Sintético'!#REF! -> #REF! | F54: =ROUND(E54*D54,2) -> #REF! | G54: 0 | H54: 0 | I54: =H54+G54 -> 0 | J54: 0 | K54: =ROUND(E54*H54,2)-0 -> #REF! | L54: =K54+J54 -> #REF!
A55: ='Orçamento Sintético'!A40 -> 1.8.0.4. | B55: ='Orçamento Sintético'!D40 -> FECHADURA ESPELHO PARA PORTA EXTERNA, EM ACO INOX (MAQUINA, TESTA E CONTRA-TESTA) E EM ZAMAC (MACANETA, LINGUETA E TRINCOS) COM ACABAMENTO CROMADO, MAQUINA DE 40 MM, INCLUINDO CHAVE TIPO CILINDRO | C55: ='Orçamento Sintético'!E40 -> CJ | D55: ='Orçamento Sintético'!F40 -> 3 | E55: ='Orçamento Sintético'!H40 -> 93.1 | F55: =ROUND(E55*D55,2) -> 279.3 | G55: 0 | H55: 0 | I55: =H55+G55 -> 0 | J55: 0 | K55: =ROUND(E55*H55,2)-0 -> 0 | L55: =K55+J55 -> 0
A56: ='Orçamento Sintético'!A41 -> 1.8.0.5. | B56: ='Orçamento Sintético'!D41 -> SOLEIRA EM MÁRMORE, LARGURA 15 CM, ESPESSURA 2,0 CM. AF_09/2020 | C56: ='Orçamento Sintético'!E41 -> M | D56: ='Orçamento Sintético'!F41 -> 4.1 | E56: ='Orçamento Sintético'!H41 -> 173.9375 | F56: =ROUND(E56*D56,2) -> 713.14 | G56: 0 | H56: 0 | I56: =H56+G56 -> 0 | J56: 0 | K56: =ROUND(E56*H56,2)-0 -> 0 | L56: =K56+J56 -> 0
A57: ='Orçamento Sintético'!A42 -> 1.9 | B57: ='Orçamento Sintético'!D42 -> COBERTURA
A58: ='Orçamento Sintético'!A43 -> 1.9.0.1. | B58: ='Orçamento Sintético'!D43 -> TRAMA DE AÇO COMPOSTA POR RIPAS E CAIBROS PARA TELHADOS DE ATÉ 2 ÁGUAS PARA TELHA CERÂMICA CAPA-CANAL, INCLUSO TRANSPORTE VERTICAL. AF_07/2019 | C58: ='Orçamento Sintético'!E43 -> m² | D58: ='Orçamento Sintético'!F43 -> 22.64 | E58: ='Orçamento Sintético'!H43 -> 79.5625 | F58: =ROUND(E58*D58,2) -> 1801.3 | G58: 0 | H58: 0 | I58: =H58+G58 -> 0 | J58: 0 | K58: =ROUND(E58*H58,2)-0 -> 0 | L58: =K58+J58 -> 0
A59: ='Orçamento Sintético'!A45 -> 1.9.0.2. | B59: ='Orçamento Sintético'!D45 -> TELHAMENTO COM TELHA CERÂMICA CAPA-CANAL, TIPO PAULISTA, COM ATÉ 2 ÁGUAS, INCLUSO TRANSPORTE VERTICAL. AF_07/2019 | C59: ='Orçamento Sintético'!E45 -> m² | D59: ='Orçamento Sintético'!F45 -> 22.64 | E59: ='Orçamento Sintético'!H45 -> 77.1625 | F59: =ROUND(E59*D59,2) -> 1746.96 | G59: 0 | H59: 0 | I59: =H59+G59 -> 0 | J59: 0 | K59: =ROUND(E59*H59,2)-0 -> 0 | L59: =K59+J59 -> 0
A60: ='Orçamento Sintético'!A47 -> 1.9.0.3. | B60: ='Orçamento Sintético'!D47 -> PINTURA COM TINTA ALQUÍDICA DE FUNDO (TIPO ZARCÃO) PULVERIZADA SOBRE PERFIL METÁLICO EXECUTADO EM FÁBRICA (POR DEMÃO). AF_01/2020_PE | C60: ='Orçamento Sintético'!E47 -> m² | D60: ='Orçamento Sintético'!F47 -> 45.28 | E60: ='Orçamento Sintético'!H47 -> 12.5375 | F60: =ROUND(E60*D60,2) -> 567.7 | G60: 0 | H60: 0 | I60: =H60+G60 -> 0 | J60: 0 | K60: =ROUND(E60*H60,2)-0 -> 0 | L60: =K60+J60 -> 0
A61: ='Orçamento Sintético'!#REF! -> #REF! | B61: ='Orçamento Sintético'!#REF! -> #REF! | C61: ='Orçamento Sintético'!#REF! -> #REF! | D61: ='Orçamento Sintético'!#REF! -> #REF! | E61: ='Orçamento Sintético'!#REF! -> #REF! | F61: =ROUND(E61*D61,2) -> #REF! | G61: 0 | H61: 0 | I61: =H61+G61 -> 0 | J61: 0 | K61: =ROUND(E61*H61,2)-0 -> #REF! | L61: =K61+J61 -> #REF!
A62: ='Orçamento Sintético'!#REF! -> #REF! | B62: ='Orçamento Sintético'!#REF! -> #REF! | C62: ='Orçamento Sintético'!#REF! -> #REF! | D62: ='Orçamento Sintético'!#REF! -> #REF! | E62: ='Orçamento Sintético'!#REF! -> #REF! | F62: =ROUND(E62*D62,2) -> #REF! | G62: 0 | H62: 0 | I62: =H62+G62 -> 0 | J62: 0 | K62: =ROUND(E62*H62,2)-0 -> #REF! | L62: =K62+J62 -> #REF!
A63: ='Orçamento Sintético'!A48 -> 1.10 | B63: ='Orçamento Sintético'!D48 -> REVESTIMENTOS INTERNOS
A64: ='Orçamento Sintético'!A49 -> 1.10.0.1. | B64: ='Orçamento Sintético'!D49 -> CHAPISCO APLICADO EM ALVENARIAS E ESTRUTURAS DE CONCRETO INTERNAS, COM COLHER DE PEDREIRO. ARGAMASSA TRAÇO 1:3 COM PREPARO EM BETONEIRA 400L. AF_10/2022 | C64: ='Orçamento Sintético'!E49 -> m² | D64: ='Orçamento Sintético'!F49 -> 166.22 | E64: ='Orçamento Sintético'!H49 -> 6.2625 | F64: =ROUND(E64*D64,2) -> 1040.95 | G64: 0 | H64: 0 | I64: =H64+G64 -> 0 | J64: 0 | K64: =ROUND(E64*H64,2)-0 -> 0 | L64: =K64+J64 -> 0
A65: ='Orçamento Sintético'!#REF! -> #REF! | B65: ='Orçamento Sintético'!#REF! -> #REF! | C65: ='Orçamento Sintético'!#REF! -> #REF! | D65: ='Orçamento Sintético'!#REF! -> #REF! | E65: ='Orçamento Sintético'!#REF! -> #REF! | F65: =ROUND(E65*D65,2) -> #REF! | G65: 0 | H65: 0 | I65: =H65+G65 -> 0 | J65: 0 | K65: =ROUND(E65*H65,2)-0 -> #REF! | L65: =K65+J65 -> #REF!
A66: ='Orçamento Sintético'!A50 -> 1.10.0.3. | B66: ='Orçamento Sintético'!D50 -> EMBOÇO, EM ARGAMASSA TRAÇO 1:2:8, PREPARO MECÂNICO, APLICADO MANUALMENTE EM PAREDES INTERNAS DE AMBIENTES COM ÁREA ENTRE 5M² E 10M², E = 10MM, COM TALISCAS. AF_03/2024 | C66: ='Orçamento Sintético'!E50 -> m² | D66: ='Orçamento Sintético'!F50 -> 20.677 | E66: ='Orçamento Sintético'!H50 -> 35.2375 | F66: =ROUND(E66*D66,2) -> 728.61 | G66: 0 | H66: 0 | I66: =H66+G66 -> 0 | J66: 0 | K66: =ROUND(E66*H66,2)-0 -> 0 | L66: =K66+J66 -> 0
A67: ='Orçamento Sintético'!A51 -> 1.10.0.4. | B67: ='Orçamento Sintético'!D51 -> MASSA ÚNICA, EM ARGAMASSA TRAÇO 1:2:8 PREPARO MECÂNICO, APLICADA MANUALMENTE EM PAREDES INTERNAS DE AMBIENTES COM ÁREA MAIOR QUE 10M², E = 10MM, COM TALISCAS. AF_03/2024 | C67: ='Orçamento Sintético'!E51 -> m² | D67: ='Orçamento Sintético'!F51 -> 145.543 | E67: ='Orçamento Sintético'!H51 -> 32.7125 | F67: =ROUND(E67*D67,2) -> 4761.08 | G67: 0 | H67: 0 | I67: =H67+G67 -> 0 | J67: 0 | K67: =ROUND(E67*H67,2)-0 -> 0 | L67: =K67+J67 -> 0
A68: ='Orçamento Sintético'!#REF! -> #REF! | B68: ='Orçamento Sintético'!#REF! -> #REF! | C68: ='Orçamento Sintético'!#REF! -> #REF! | D68: ='Orçamento Sintético'!#REF! -> #REF! | E68: ='Orçamento Sintético'!#REF! -> #REF! | F68: =ROUND(E68*D68,2) -> #REF! | G68: 0 | H68: 0 | I68: =H68+G68 -> 0 | J68: 0 | K68: =ROUND(E68*H68,2)-0 -> #REF! | L68: =K68+J68 -> #REF!
A69: ='Orçamento Sintético'!A52 -> 1.10.0.6. | B69: ='Orçamento Sintético'!D52 -> REVESTIMENTO CERÂMICO PARA PAREDES INTERNAS COM PLACAS TIPO ESMALTADA DE DIMENSÕES 20X20 CM APLICADAS A MEIA ALTURA DAS PAREDES. AF_02/2023_PE | C69: ='Orçamento Sintético'!E52 -> m² | D69: ='Orçamento Sintético'!F52 -> 25.162 | E69: ='Orçamento Sintético'!H52 -> 85.6625 | F69: =ROUND(E69*D69,2) -> 2155.44 | G69: 0 | H69: 0 | I69: =H69+G69 -> 0 | J69: 0 | K69: =ROUND(E69*H69,2)-0 -> 0 | L69: =K69+J69 -> 0
A70: ='Orçamento Sintético'!#REF! -> #REF! | B70: ='Orçamento Sintético'!#REF! -> #REF! | C70: ='Orçamento Sintético'!#REF! -> #REF! | D70: ='Orçamento Sintético'!#REF! -> #REF! | E70: ='Orçamento Sintético'!#REF! -> #REF! | F70: =ROUND(E70*D70,2) -> #REF! | G70: 0 | H70: 0 | I70: =H70+G70 -> 0 | J70: 0 | K70: =ROUND(E70*H70,2)-0 -> #REF! | L70: =K70+J70 -> #REF!
A71: ='Orçamento Sintético'!A53 -> 1.11 | B71: ='Orçamento Sintético'!D53 -> REVESTIMENTOS EXTERNOS
A72: ='Orçamento Sintético'!A54 -> 1.11.0.1. | B72: ='Orçamento Sintético'!D54 -> CHAPISCO APLICADO EM ALVENARIA (COM PRESENÇA DE VÃOS) E ESTRUTURAS DE CONCRETO DE FACHADA, COM COLHER DE PEDREIRO. ARGAMASSA TRAÇO 1:3 COM PREPARO EM BETONEIRA 400L. AF_10/2022 | C72: ='Orçamento Sintético'!E54 -> m² | D72: ='Orçamento Sintético'!F54 -> 95.695 | E72: ='Orçamento Sintético'!H54 -> 10.975 | F72: =ROUND(E72*D72,2) -> 1050.25 | G72: 0 | H72: 0 | I72: =H72+G72 -> 0 | J72: 0 | K72: =ROUND(E72*H72,2)-0 -> 0 | L72: =K72+J72 -> 0
A73: ='Orçamento Sintético'!A55 -> 1.11.0.2. | B73: ='Orçamento Sintético'!D55 -> EMBOÇO OU MASSA ÚNICA EM ARGAMASSA TRAÇO 1:2:8, PREPARO MECÂNICO COM BETONEIRA 400 L, APLICADA MANUALMENTE EM PANOS DE FACHADA COM PRESENÇA DE VÃOS, ESPESSURA DE 25 MM. AF_08/2022 | C73: ='Orçamento Sintético'!E55 -> m² | D73: ='Orçamento Sintético'!F55 -> 95.695 | E73: ='Orçamento Sintético'!H55 -> 75.6 | F73: =ROUND(E73*D73,2) -> 7234.54 | G73: 0 | H73: 0 | I73: =H73+G73 -> 0 | J73: 0 | K73: =ROUND(E73*H73,2)-0 -> 0 | L73: =K73+J73 -> 0
A74: ='Orçamento Sintético'!A56 -> 1.12 | B74: ='Orçamento Sintético'!D56 -> FORROS
A75: ='Orçamento Sintético'!A57 -> 1.12.0.1. | B75: ='Orçamento Sintético'!D57 -> FORRO EM RÉGUAS DE PVC, FRISADO, PARA AMBIENTES RESIDENCIAIS, INCLUSIVE ESTRUTURA UNIDIRECIONAL DE FIXAÇÃO. AF_08/2023_PS | C75: ='Orçamento Sintético'!E57 -> m² | D75: ='Orçamento Sintético'!F57 -> 61.47 | E75: ='Orçamento Sintético'!H57 -> 72.65 | F75: =ROUND(E75*D75,2) -> 4465.8 | G75: 0 | H75: 0 | I75: =H75+G75 -> 0 | J75: 0 | K75: =ROUND(E75*H75,2)-0 -> 0 | L75: =K75+J75 -> 0
A76: ='Orçamento Sintético'!A58 -> 1.13 | B76: ='Orçamento Sintético'!D58 -> PINTURA
A77: ='Orçamento Sintético'!A59 -> 1.13.1 | B77: ='Orçamento Sintético'!D59 -> PINTURAS INTERNAS
A78: ='Orçamento Sintético'!A60 -> 1.13.1.1. | B78: ='Orçamento Sintético'!D60 -> FUNDO SELADOR ACRÍLICO, APLICAÇÃO MANUAL EM PAREDE, UMA DEMÃO. AF_04/2023 | C78: ='Orçamento Sintético'!E60 -> m² | D78: ='Orçamento Sintético'!F60 -> 145.543 | E78: ='Orçamento Sintético'!H60 -> 5.925 | F78: =ROUND(E78*D78,2) -> 862.34 | G78: 0 | H78: 0 | I78: =H78+G78 -> 0 | J78: 0 | K78: =ROUND(E78*H78,2)-0 -> 0 | L78: =K78+J78 -> 0
A79: ='Orçamento Sintético'!#REF! -> #REF! | B79: ='Orçamento Sintético'!#REF! -> #REF! | C79: ='Orçamento Sintético'!#REF! -> #REF! | D79: ='Orçamento Sintético'!#REF! -> #REF! | E79: ='Orçamento Sintético'!#REF! -> #REF! | F79: =ROUND(E79*D79,2) -> #REF! | G79: 0 | H79: 0 | I79: =H79+G79 -> 0 | J79: 0 | K79: =ROUND(E79*H79,2)-0 -> #REF! | L79: =K79+J79 -> #REF!
A80: ='Orçamento Sintético'!A61 -> 1.13.1.3. | B80: ='Orçamento Sintético'!D61 -> PINTURA LÁTEX ACRÍLICA ECONÔMICA, APLICAÇÃO MANUAL EM PAREDES, DUAS DEMÃOS. AF_04/2023 | C80: ='Orçamento Sintético'!E61 -> m² | D80: ='Orçamento Sintético'!F61 -> 145.543 | E80: ='Orçamento Sintético'!H61 -> 13.8 | F80: =ROUND(E80*D80,2) -> 2008.49 | G80: 0 | H80: 0 | I80: =H80+G80 -> 0 | J80: 0 | K80: =ROUND(E80*H80,2)-0 -> 0 | L80: =K80+J80 -> 0
A81: ='Orçamento Sintético'!#REF! -> #REF! | B81: ='Orçamento Sintético'!#REF! -> #REF! | C81: ='Orçamento Sintético'!#REF! -> #REF! | D81: ='Orçamento Sintético'!#REF! -> #REF! | E81: ='Orçamento Sintético'!#REF! -> #REF! | F81: =ROUND(E81*D81,2) -> #REF! | G81: 0 | H81: 0 | I81: =H81+G81 -> 0 | J81: 0 | K81: =ROUND(E81*H81,2)-0 -> #REF! | L81: =K81+J81 -> #REF!
A82: ='Orçamento Sintético'!A62 -> 1.13.2 | B82: ='Orçamento Sintético'!D62 -> PINTURAS EXTERNAS
A83: ='Orçamento Sintético'!A63 -> 1.13.2.1. | B83: ='Orçamento Sintético'!D63 -> APLICAÇÃO MANUAL DE FUNDO SELADOR ACRÍLICO EM PAREDES EXTERNAS DE CASAS. AF_03/2024 | C83: ='Orçamento Sintético'!E63 -> m² | D83: ='Orçamento Sintético'!F63 -> 112.039 | E83: ='Orçamento Sintético'!H63 -> 7.0375 | F83: =ROUND(E83*D83,2) -> 788.47 | G83: 0 | H83: 0 | I83: =H83+G83 -> 0 | J83: 0 | K83: =ROUND(E83*H83,2)-0 -> 0 | L83: =K83+J83 -> 0
A84: ='Orçamento Sintético'!A64 -> 1.13.2.2. | B84: ='Orçamento Sintético'!D64 -> PINTURA LÁTEX ACRÍLICA STANDARD, APLICAÇÃO MANUAL EM PAREDES, DUAS DEMÃOS. AF_04/2023 | C84: ='Orçamento Sintético'!E64 -> m² | D84: ='Orçamento Sintético'!F64 -> 112.039 | E84: ='Orçamento Sintético'!H64 -> 15.8625 | F84: =ROUND(E84*D84,2) -> 1777.22 | G84: 0 | H84: 0 | I84: =H84+G84 -> 0 | J84: 0 | K84: =ROUND(E84*H84,2)-0 -> 0 | L84: =K84+J84 -> 0
A85: ='Orçamento Sintético'!A65 -> 1.13.3 | B85: ='Orçamento Sintético'!D65 -> PINTURA ESQUADRIAS
A86: ='Orçamento Sintético'!A66 -> 1.13.3.1. | B86: ='Orçamento Sintético'!D66 -> PINTURA COM TINTA ALQUÍDICA DE FUNDO (TIPO ZARCÃO) PULVERIZADA SOBRE SUPERFÍCIES METÁLICAS (EXCETO PERFIL) EXECUTADO EM OBRA (POR DEMÃO). AF_01/2020_PE | C86: ='Orçamento Sintético'!E66 -> m² | D86: ='Orçamento Sintético'!F66 -> 16.38 | E86: ='Orçamento Sintético'!H66 -> 33.6 | F86: =ROUND(E86*D86,2) -> 550.37 | G86: 0 | H86: 0 | I86: =H86+G86 -> 0 | J86: 0 | K86: =ROUND(E86*H86,2)-0 -> 0 | L86: =K86+J86 -> 0
A87: ='Orçamento Sintético'!#REF! -> #REF! | B87: ='Orçamento Sintético'!#REF! -> #REF! | C87: ='Orçamento Sintético'!#REF! -> #REF! | D87: ='Orçamento Sintético'!#REF! -> #REF! | E87: ='Orçamento Sintético'!#REF! -> #REF! | F87: =ROUND(E87*D87,2) -> #REF! | G87: 0 | H87: 0 | I87: =H87+G87 -> 0 | J87: 0 | K87: =ROUND(E87*H87,2)-0 -> #REF! | L87: =K87+J87 -> #REF!
A88: ='Orçamento Sintético'!A67 -> 1.14 | B88: ='Orçamento Sintético'!D67 -> PISO
A89: ='Orçamento Sintético'!A68 -> 1.14.0.1. | B89: ='Orçamento Sintético'!D68 -> COMPACTAÇÃO MECÂNICA DE SOLO PARA EXECUÇÃO DE RADIER, PISO DE CONCRETO OU LAJE SOBRE SOLO, COM COMPACTADOR DE SOLOS TIPO PLACA VIBRATÓRIA. AF_09/2021 | C89: ='Orçamento Sintético'!E68 -> m² | D89: ='Orçamento Sintético'!F68 -> 69.67 | E89: ='Orçamento Sintético'!H68 -> 0.9375 | F89: =ROUND(E89*D89,2) -> 65.32 | G89: 0 | H89: 0 | I89: =H89+G89 -> 0 | J89: 0 | K89: =ROUND(E89*H89,2)-0 -> 0 | L89: =K89+J89 -> 0
A90: ='Orçamento Sintético'!A69 -> 1.14.0.2. | B90: ='Orçamento Sintético'!D69 -> CAMADA SEPARADORA PARA EXECUÇÃO DE RADIER, PISO DE CONCRETO OU LAJE SOBRE SOLO, EM LONA PLÁSTICA. AF_09/2021 | C90: ='Orçamento Sintético'!E69 -> m² | D90: ='Orçamento Sintético'!F69 -> 61.47 | E90: ='Orçamento Sintético'!H69 -> 3.5125 | F90: =ROUND(E90*D90,2) -> 215.91 | G90: 0 | H90: 0 | I90: =H90+G90 -> 0 | J90: 0 | K90: =ROUND(E90*H90,2)-0 -> 0 | L90: =K90+J90 -> 0
A91: ='Orçamento Sintético'!A70 -> 1.14.0.3. | B91: ='Orçamento Sintético'!D70 -> LASTRO DE CONCRETO MAGRO, APLICADO EM PISOS, LAJES SOBRE SOLO OU RADIERS, ESPESSURA DE 5 CM. AF_01/2024 | C91: ='Orçamento Sintético'!E70 -> m² | D91: ='Orçamento Sintético'!F70 -> 61.47 | E91: ='Orçamento Sintético'!H70 -> 56.05 | F91: =ROUND(E91*D91,2) -> 3445.39 | G91: 0 | H91: 0 | I91: =H91+G91 -> 0 | J91: 0 | K91: =ROUND(E91*H91,2)-0 -> 0 | L91: =K91+J91 -> 0
A92: ='Orçamento Sintético'!#REF! -> #REF! | B92: ='Orçamento Sintético'!#REF! -> #REF! | C92: ='Orçamento Sintético'!#REF! -> #REF! | D92: ='Orçamento Sintético'!#REF! -> #REF! | E92: ='Orçamento Sintético'!#REF! -> #REF! | F92: =ROUND(E92*D92,2) -> #REF! | G92: 0 | H92: 0 | I92: =H92+G92 -> 0 | J92: 0 | K92: =ROUND(E92*H92,2)-0 -> #REF! | L92: =K92+J92 -> #REF!
A93: ='Orçamento Sintético'!#REF! -> #REF! | B93: ='Orçamento Sintético'!#REF! -> #REF! | C93: ='Orçamento Sintético'!#REF! -> #REF! | D93: ='Orçamento Sintético'!#REF! -> #REF! | E93: ='Orçamento Sintético'!#REF! -> #REF! | F93: =ROUND(E93*D93,2) -> #REF! | G93: 0 | H93: 0 | I93: =H93+G93 -> 0 | J93: 0 | K93: =ROUND(E93*H93,2)-0 -> #REF! | L93: =K93+J93 -> #REF!
A94: ='Orçamento Sintético'!A71 -> 1.14.0.6. | B94: ='Orçamento Sintético'!D71 -> REVESTIMENTO CERÂMICO PARA PISO COM PLACAS TIPO ESMALTADA DE DIMENSÕES 35X35 CM APLICADA EM AMBIENTES DE ÁREA MAIOR QUE 10 M2. AF_02/2023_PE | C94: ='Orçamento Sintético'!E71 -> m² | D94: ='Orçamento Sintético'!F71 -> 61.47 | E94: ='Orçamento Sintético'!H71 -> 70.9625 | F94: =ROUND(E94*D94,2) -> 4362.06 | G94: 0 | H94: 0 | I94: =H94+G94 -> 0 | J94: 0 | K94: =ROUND(E94*H94,2)-0 -> 0 | L94: =K94+J94 -> 0
A95: ='Orçamento Sintético'!A72 -> 1.14.0.7. | B95: ='Orçamento Sintético'!D72 -> EXECUÇÃO DE PASSEIO (CALÇADA) OU PISO DE CONCRETO COM CONCRETO MOLDADO IN LOCO, FEITO EM OBRA, ACABAMENTO CONVENCIONAL, NÃO ARMADO. AF_08/2022 | C95: ='Orçamento Sintético'!E72 -> m³ | D95: ='Orçamento Sintético'!F72 -> 1.19588 | E95: ='Orçamento Sintético'!H72 -> 1197.6875 | F95: =ROUND(E95*D95,2) -> 1432.29 | G95: 0 | H95: 0 | I95: =H95+G95 -> 0 | J95: 0 | K95: =ROUND(E95*H95,2)-0 -> 0 | L95: =K95+J95 -> 0
A96: ='Orçamento Sintético'!A73 -> 1.14.0.8. | B96: ='Orçamento Sintético'!D73 -> RODAPÉ CERÂMICO DE 7CM DE ALTURA COM PLACAS TIPO ESMALTADA DE DIMENSÕES 35X35CM. AF_02/2023 | C96: ='Orçamento Sintético'!E73 -> M | D96: ='Orçamento Sintético'!F73 -> 53.09 | E96: ='Orçamento Sintético'!H73 -> 10.1625 | F96: =ROUND(E96*D96,2) -> 539.53 | G96: 0 | H96: 0 | I96: =H96+G96 -> 0 | J96: 0 | K96: =ROUND(E96*H96,2)-0 -> 0 | L96: =K96+J96 -> 0
A97: ='Orçamento Sintético'!A74 -> 1.15 | B97: ='Orçamento Sintético'!D74 -> ELÉTRICAS / TELEFÔNICAS
A98: ='Orçamento Sintético'!A75 -> 1.15.0.1. | B98: ='Orçamento Sintético'!D75 -> DISJUNTOR MONOPOLAR TIPO DIN, CORRENTE NOMINAL DE 10A - FORNECIMENTO E INSTALAÇÃO. AF_10/2020 | C98: ='Orçamento Sintético'!E75 -> UN | D98: ='Orçamento Sintético'!F75 -> 2 | E98: ='Orçamento Sintético'!H75 -> 14.95 | F98: =ROUND(E98*D98,2) -> 29.9 | G98: 0 | H98: 0 | I98: =H98+G98 -> 0 | J98: 0 | K98: =ROUND(E98*H98,2)-0 -> 0 | L98: =K98+J98 -> 0
A99: ='Orçamento Sintético'!A76 -> 1.15.0.2. | B99: ='Orçamento Sintético'!D76 -> DISJUNTOR MONOPOLAR TIPO DIN, CORRENTE NOMINAL DE 16A - FORNECIMENTO E INSTALAÇÃO. AF_10/2020 | C99: ='Orçamento Sintético'!E76 -> UN | D99: ='Orçamento Sintético'!F76 -> 5 | E99: ='Orçamento Sintético'!H76 -> 14.95 | F99: =ROUND(E99*D99,2) -> 74.75 | G99: 0 | H99: 0 | I99: =H99+G99 -> 0 | J99: 0 | K99: =ROUND(E99*H99,2)-0 -> 0 | L99: =K99+J99 -> 0
A100: ='Orçamento Sintético'!A77 -> 1.15.0.3. | B100: ='Orçamento Sintético'!D77 -> DISJUNTOR MONOPOLAR TIPO DIN, CORRENTE NOMINAL DE 25A - FORNECIMENTO E INSTALAÇÃO. AF_10/2020 | C100: ='Orçamento Sintético'!E77 -> UN | D100: ='Orçamento Sintético'!F77 -> 2 | E100: ='Orçamento Sintético'!H77 -> 17.65 | F100: =ROUND(E100*D100,2) -> 35.3 | G100: 0 | H100: 0 | I100: =H100+G100 -> 0 | J100: 0 | K100: =ROUND(E100*H100,2)-0 -> 0 | L100: =K100+J100 -> 0
A101: ='Orçamento Sintético'!A78 -> 1.15.0.4. | B101: ='Orçamento Sintético'!D78 -> DISJUNTOR MONOPOLAR TIPO DIN, CORRENTE NOMINAL DE 50A - FORNECIMENTO E INSTALAÇÃO. AF_10/2020 | C101: ='Orçamento Sintético'!E78 -> UN | D101: ='Orçamento Sintético'!F78 -> 1 | E101: ='Orçamento Sintético'!H78 -> 32.5875 | F101: =ROUND(E101*D101,2) -> 32.59 | G101: 0 | H101: 0 | I101: =H101+G101 -> 0 | J101: 0 | K101: =ROUND(E101*H101,2)-0 -> 0 | L101: =K101+J101 -> 0
A102: ='Orçamento Sintético'!#REF! -> #REF! | B102: ='Orçamento Sintético'!#REF! -> #REF! | C102: ='Orçamento Sintético'!#REF! -> #REF! | D102: ='Orçamento Sintético'!#REF! -> #REF! | E102: ='Orçamento Sintético'!#REF! -> #REF! | F102: =ROUND(E102*D102,2) -> #REF! | G102: 0 | H102: 0 | I102: =H102+G102 -> 0 | J102: 0 | K102: =ROUND(E102*H102,2)-0 -> #REF! | L102: =K102+J102 -> #REF!
A103: ='Orçamento Sintético'!A79 -> 1.15.0.6. | B103: ='Orçamento Sintético'!D79 -> QUADRO DE DISTRIBUIÇÃO DE LUZ EM PVC PARA 12 DISJUNTORES - FORNECIMENTO E INSTALAÇÃO. AF_10/2020 | C103: ='Orçamento Sintético'!E79 -> UN | D103: ='Orçamento Sintético'!F79 -> 1 | E103: ='Orçamento Sintético'!H79 -> 126.2875 | F103: =ROUND(E103*D103,2) -> 126.29 | G103: 0 | H103: 0 | I103: =H103+G103 -> 0 | J103: 0 | K103: =ROUND(E103*H103,2)-0 -> 0 | L103: =K103+J103 -> 0
A104: ='Orçamento Sintético'!#REF! -> #REF! | B104: ='Orçamento Sintético'!#REF! -> #REF! | C104: ='Orçamento Sintético'!#REF! -> #REF! | D104: ='Orçamento Sintético'!#REF! -> #REF! | E104: ='Orçamento Sintético'!#REF! -> #REF! | F104: =ROUND(E104*D104,2) -> #REF! | G104: 0 | H104: 0 | I104: =H104+G104 -> 0 | J104: 0 | K104: =ROUND(E104*H104,2)-0 -> #REF! | L104: =K104+J104 -> #REF!
...
